Workbook

Sheet MENU
B2: TANZANIA MAINLAND : SUPPLY AND USE TABLES, 2019
B4: Click selection below to navigate - Click yellow Menu indicator to return here.
C6: SUPPLY AND USE TABLES (Product X Industry) (67 X 67)
B7: 1 | C7: Table 1. Supply table, 2019 (at basic prices, including a transformation into purchasers' prices)
B8: 2 | C8: Table 2. Use table, 2019 (at purchasers' prices)
B9: 3 | C9: Table 3. Trade margins, 2019
B10: 4 | C10: Table 4. Transportation margins, 2019
B11: 5 | C11: Table 5. Taxes less subsidies on products, 2019
B12: 6 | C12: Table 6. Use table, 2019 (at basic prices)
B13: 7 | C13: Table 7. Use table for imports, 2019 (at c.i.f. values)
B14: 8 | C14: Table 8. Use table for domestic production, 2019 (at basic prices)
C16: GDP by Approaches
B17: 9 | C17: Table 9. Gross Domestic Product (GDP), 2019

Sheet P1 sup 
A1: MENU
C3: Table 1: Supply table, 2019 (at basic prices, including a transformation into purchasers' prices)
CB4: (Million Tsh)
E5: OUTPUT OF INDUSTRIES (ISIC REV.4) | BT5: Domestic Supply at basic prices | BU5: Imports, cif | BV5: Cif/fob Adjustment | BW5: Total imports, cif | BX5: Total supply at basic prices | BY5: VALUATION | CB5: Total supply at purchasers' prices
D6: INDUSTRIES (ISIC Rev.4) | E6: Crop and animal production, hunting and related service activities | F6: Forestry and logging | G6: Fishing and aquaculture | H6: Mining of coal and lignite | I6: Extraction of crude petroleum and natural gas | J6: Mining of metal ores | K6: Other mining and quarrying | L6: Manufacture of food products | M6: Manufacture of beverages | N6: Manufacture of tobacco products | O6: Manufacture of textiles | P6: Manufacture of wearing apparel | Q6: Manufacture of leather and related products | R6: Manufacture of wood and of products of wood and cork | S6: Manufacture of paper and paper products | T6: Printing and reproduction of recorded media | U6: Manufacture of coke and refined petroleum products | V6: Manufacture of chemicals and chemical products | W6: Manufacture of basic pharmaceutical products | X6: Manufacture of rubber and plastics products | Y6: Manufacture of other non-metallic mineral products | Z6: Manufacture of basic metals | AA6: Manufacture of fabricated metal products, except mach.&equip. | AB6: Manufacture of computer electronic and optical products | AC6: Manufacture of electrical equipment | AD6: Manufacture of machinery and equipment n.e.c. | AE6: Manufacture of motor vehicles, trailers and semi-trailers | AF6: Manufacture of other transport equipment | AG6: Manufacture of furniture | AH6: Other manufacturing n.e.c. | AI6: Repair and installation services of machinery and equipment | AJ6: Electricity, gas, steam and air conditioning | AK6: Natural water; water treatment and supply services | AL6: Sewerage services; waste collection, treatment and disposal services | AM6: Construction | AN6: Wholesale and retail trade, and repair services of motor vehicles and motorcycles | AO6: Wholesale trade services, except of motor vehicles and motorcycles | AP6: Retail trade services, except of motor vehicles and motorcycles | AQ6: Land transport and transport via pipelines | AR6: Water transport | AS6: Air transport | AT6: Warehousing and support activities for transportation | AU6: Postal and courier activities | AV6: Accommodation services | AW6: Food and beverage serving services | AX6: Publishing services | AY6: Motion picture, video and television programme production services, sound recording and music publishing | AZ6: Programming and broadcasting services | BA6: Telecommunications | BB6: Computer programming, data proccessing and information services | BC6: Financial services (including FISIM), except insurance and pension funding | BD6: Insurance, reinsurance and pension funding services, except compulsory social security | BE6: Services auxiliary to financial services and insurance services | BF6: Real estate services and imputed rents of owner-occupied dwellings | BG6: Professional, scientific, technical and veterinary services | BH6: Rental, leasing and employment services | BI6: Travel agency, tour operator and other reservation services and related services | BJ6: Other administartive and support services | BK6: Public administration and defence services; compulsory social security services | BL6: Education services | BM6: Human health services | BN6: Social work services | BO6: Arts, entertainment and recreation services | BP6: Services furnished by membership organisations | BQ6: Repair of computers and personal and household goods | BR6: Other personal services | BS6: Domestic services | BY6: Trade margins | BZ6: Transport margins | CA6: Taxes less subsidies on products
C7: Code | D7: PRODUCTS (CPA Rev.2) | E7: A01 | F7: A02 | G7: A03 | H7: B05 | I7: B06 | J7: B07 | K7: B08-B09 | L7: C10 | M7: C11 | N7: C12 | O7: C13 | P7: C14 | Q7: C15 | R7: C16 | S7: C17 | T7: C18 | U7: C19 | V7: C20 | W7: C21 | X7: C22 | Y7: C23 | Z7: C24 | AA7: C25 | AB7: C26 | AC7: C27 | AD7: C28 | AE7: C29 | AF7: C30 | AG7: C31 | AH7: C32 | AI7: C33 | AJ7: D35 | AK7: E36 | AL7: E37-E39 | AM7: F41-43 | AN7: G45 | AO7: G46 | AP7: G47 | AQ7: H49 | AR7: H50 | AS7: H51 | AT7: H52 | AU7: H53 | AV7: I55 | AW7: I56 | AX7: J58 | AY7: J59 | AZ7: J60 | BA7: J61 | BB7: J62 | BC7: K64 | BD7: K65 | BE7: K66 | BF7: L68 | BG7: M69-M75 | BH7: N77-N78 | BI7: N79 | BJ7: N80-N82 | BK7: O84 | BL7: P85 | BM7: Q86 | BN7: Q87-Q88 | BO7: R90-R93 | BP7: S94 | BQ7: S95 | BR7: S96 | BS7: T97 | BT7: Domsup | BU7: imp | BV7: ciffobadjust | BW7: totimp | BX7: Totsupbasic | BY7: trademarg | BZ7: transmarg | CA7: nettaxes | CB7: Totsuppurch
B8: No | E8: 01 | F8: 02 | G8: 03 | H8: 04 | I8: 05 | J8: 06 | K8: 07 | L8: 08 | M8: 09 | N8: 10 | O8: 11 | P8: 12 | Q8: 13 | R8: 14 | S8: 15 | T8: 16 | U8: 17 | V8: 18 | W8: 19 | X8: 20 | Y8: 21 | Z8: 22 | AA8: 23 | AB8: 24 | AC8: 25 | AD8: 26 | AE8: 27 | AF8: 28 | AG8: 29 | AH8: 30 | AI8: 31 | AJ8: 32 | AK8: 33 | AL8: 34 | AM8: 35 | AN8: 36 | AO8: 37 | AP8: 38 | AQ8: 39 | AR8: 40 | AS8: 41 | AT8: 42 | AU8: 43 | AV8: 44 | AW8: 45 | AX8: 46 | AY8: 47 | AZ8: 48 | BA8: 49 | BB8: 50 | BC8: 51 | BD8: 52 | BE8: 53 | BF8: 54 | BG8: 55 | BH8: 56 | BI8: 57 | BJ8: 58 | BK8: 59 | BL8: 60 | BM8: 61 | BN8: 62 | BO8: 63 | BP8: 64 | BQ8: 65 | BR8: 66 | BS8: 67 | BT8: 68 | BU8: 69 | BV8: 70 | BW8: 71 | BX8: 72 | BY8: 73 | BZ8: 74 | CA8: 75 | CB8: 76
B9: 01 | C9: A01 | D9: Products of agriculture, hunting and related services | E9: 34227760 | F9: 0 | G9: 0 | H9: 0 | I9: 0 | J9: 0 | K9: 0 | L9: 1380.5476 | M9: 0 | N9: 0 | O9: 0 | P9: 0 | Q9: 0 | R9: 0 | S9: 0 | T9: 0 | U9: 0 | V9: 0 | W9: 0 | X9: 0 | Y9: 0 | Z9: 0 | AA9: 0 | AB9: 0 | AC9: 0 | AD9: 0 | AE9: 0 | AF9: 0 | AG9: 0 | AH9: 0 | AI9: 0 | AJ9: 0 | AK9: 0 | AL9: 0 | AM9: 0 | AN9: 0 | AO9: 0 | AP9: 0 | AQ9: 0 | AR9: 0 | AS9: 0 | AT9: 0 | AU9: 0 | AV9: 0 | AW9: 0 | AX9: 0 | AY9: 0 | AZ9: 0 | BA9: 0 | BB9: 0 | BC9: 0 | BD9: 0 | BE9: 0 | BF9: 0 | BG9: 0 | BH9: 0 | BI9: 0 | BJ9: 14306.926 | BK9: 0 | BL9: 0 | BM9: 0 | BN9: 0 | BO9: 0 | BP9: 0 | BQ9: 0 | BR9: 0 | BS9: 0 | BT9: 34243447 | BU9: 652830.73 | BV9: 0 | BW9: 652830.73 | BX9: 34896278 | BY9: 3950954.3 | BZ9: 651428.02 | CA9: 411440.04 | CB9: 39910100
B10: 02 | C10: A02 | D10: Products of forestry, logging and related services | E10: 0 | F10: 4583692 | G10: 0 | H10: 0 | I10: 0 | J10: 0 | K10: 0 | L10: 0 | M10: 0 | N10: 0 | O10: 0 | P10: 0 | Q10: 0 | R10: 0 | S10: 0 | T10: 0 | U10: 0 | V10: 0 | W10: 0 | X10: 0 | Y10: 0 | Z10: 0 | AA10: 0 | AB10: 0 | AC10: 0 | AD10: 0 | AE10: 0 | AF10: 0 | AG10: 0 | AH10: 0 | AI10: 0 | AJ10: 0 | AK10: 0 | AL10: 0 | AM10: 0 | AN10: 0 | AO10: 0 | AP10: 0 | AQ10: 0 | AR10: 0 | AS10: 0 | AT10: 0 | AU10: 0 | AV10: 0 | AW10: 0 | AX10: 0 | AY10: 0 | AZ10: 0 | BA10: 0 | BB10: 0 | BC10: 0 | BD10: 0 | BE10: 0 | BF10: 0 | BG10: 0 | BH10: 0 | BI10: 0 | BJ10: 0 | BK10: 0 | BL10: 0 | BM10: 0 | BN10: 0 | BO10: 0 | BP10: 0 | BQ10: 0 | BR10: 0 | BS10: 0 | BT10: 4583692 | BU10: 1368.931 | BV10: 0 | BW10: 1368.931 | BX10: 4585060.9 | BY10: 596041.08 | BZ10: 104029.53 | CA10: 72251.382 | CB10: 5357382.9
B11: 03 | C11: A03 | D11: Fish and other fishing products; aquaculture products; support services to fishing | E11: 0 | F11: 0 | G11: 2409453.4 | H11: 0 | I11: 0 | J11: 0 | K11: 0 | L11: 0 | M11: 0 | N11: 0 | O11: 0 | P11: 0 | Q11: 0 | R11: 0 | S11: 0 | T11: 0 | U11: 0 | V11: 0 | W11: 0 | X11: 0 | Y11: 0 | Z11: 0 | AA11: 0 | AB11: 0 | AC11: 0 | AD11: 0 | AE11: 0 | AF11: 0 | AG11: 0 | AH11: 0 | AI11: 0 | AJ11: 0 | AK11: 0 | AL11: 0 | AM11: 0 | AN11: 0 | AO11: 0 | AP11: 0 | AQ11: 0 | AR11: 0 | AS11: 0 | AT11: 0 | AU11: 0 | AV11: 0 | AW11: 0 | AX11: 0 | AY11: 0 | AZ11: 0 | BA11: 0 | BB11: 0 | BC11: 0 | BD11: 0 | BE11: 0 | BF11: 0 | BG11: 0 | BH11: 0 | BI11: 0 | BJ11: 0 | BK11: 0 | BL11: 0 | BM11: 0 | BN11: 0 | BO11: 0 | BP11: 0 | BQ11: 0 | BR11: 0 | BS11: 0 | BT11: 2409453.4 | BU11: 78.742028 | BV11: 0 | BW11: 78.742028 | BX11: 2409532.1 | BY11: 362165.05 | BZ11: 62313.443 | CA11: 139959.82 | CB11: 2973970.5
B12: 04 | C12: B05 | D12: Coal and lignite | E12: 0 | F12: 0 | G12: 0 | H12: 157425.84 | I12: 0 | J12: 0 | K12: 0 | L12: 0 | M12: 0 | N12: 0 | O12: 0 | P12: 0 | Q12: 0 | R12: 0 | S12: 0 | T12: 0 | U12: 0 | V12: 0 | W12: 0 | X12: 0 | Y12: 0 | Z12: 0 | AA12: 0 | AB12: 0 | AC12: 0 | AD12: 0 | AE12: 0 | AF12: 0 | AG12: 0 | AH12: 0 | AI12: 0 | AJ12: 0 | AK12: 0 | AL12: 0 | AM12: 0 | AN12: 0 | AO12: 0 | AP12: 0 | AQ12: 0 | AR12: 0 | AS12: 0 | AT12: 0 | AU12: 0 | AV12: 0 | AW12: 0 | AX12: 0 | AY12: 0 | AZ12: 0 | BA12: 0 | BB12: 0 | BC12: 0 | BD12: 0 | BE12: 0 | BF12: 0 | BG12: 0 | BH12: 0 | BI12: 0 | BJ12: 0 | BK12: 0 | BL12: 0 | BM12: 0 | BN12: 0 | BO12: 0 | BP12: 0 | BQ12: 0 | BR12: 0 | BS12: 0 | BT12: 157425.84 | BU12: 139.65028 | BV12: 0 | BW12: 139.65028 | BX12: 157565.49 | BY12: 21541.654 | BZ12: 4072.6789 | CA12: 19.913615 | CB12: 183199.74
B13: 05 | C13: B06 | D13: Crude petroleum and natural gas | E13: 0 | F13: 0 | G13: 0 | H13: 0 | I13: 442253.94 | J13: 0 | K13: 0 | L13: 0 | M13: 0 | N13: 0 | O13: 0 | P13: 0 | Q13: 0 | R13: 0 | S13: 0 | T13: 0 | U13: 0 | V13: 0 | W13: 0 | X13: 0 | Y13: 0 | Z13: 0 | AA13: 0 | AB13: 0 | AC13: 0 | AD13: 0 | AE13: 0 | AF13: 0 | AG13: 0 | AH13: 0 | AI13: 0 | AJ13: 0 | AK13: 0 | AL13: 0 | AM13: 0 | AN13: 0 | AO13: 0 | AP13: 0 | AQ13: 0 | AR13: 0 | AS13: 0 | AT13: 0 | AU13: 0 | AV13: 0 | AW13: 0 | AX13: 0 | AY13: 0 | AZ13: 0 | BA13: 0 | BB13: 0 | BC13: 0 | BD13: 0 | BE13: 0 | BF13: 0 | BG13: 0 | BH13: 0 | BI13: 0 | BJ13: 0 | BK13: 0 | BL13: 0 | BM13: 0 | BN13: 0 | BO13: 0 | BP13: 0 | BQ13: 0 | BR13: 0 | BS13: 0 | BT13: 442253.94 | BU13: 3.8800296 | BV13: 0 | BW13: 3.8800296 | BX13: 442257.82 | BY13: 29045.093 | BZ13: 8712.3877 | CA13: 16042.984 | CB13: 496058.28
B14: 06 | C14: B07 | D14: Metal ores | E14: 0 | F14: 0 | G14: 0 | H14: 0 | I14: 0 | J14: 7025326.7 | K14: 381231.45 | L14: 0 | M14: 0 | N14: 0 | O14: 0 | P14: 0 | Q14: 0 | R14: 0 | S14: 0 | T14: 0 | U14: 0 | V14: 0 | W14: 0 | X14: 0 | Y14: 0 | Z14: 0 | AA14: 0 | AB14: 0 | AC14: 0 | AD14: 0 | AE14: 0 | AF14: 0 | AG14: 0 | AH14: 0 | AI14: 0 | AJ14: 0 | AK14: 0 | AL14: 0 | AM14: 0 | AN14: 0 | AO14: 0 | AP14: 0 | AQ14: 0 | AR14: 0 | AS14: 0 | AT14: 0 | AU14: 0 | AV14: 0 | AW14: 0 | AX14: 0 | AY14: 0 | AZ14: 0 | BA14: 0 | BB14: 0 | BC14: 0 | BD14: 0 | BE14: 0 | BF14: 0 | BG14: 0 | BH14: 0 | BI14: 0 | BJ14: 0 | BK14: 0 | BL14: 0 | BM14: 0 | BN14: 0 | BO14: 0 | BP14: 0 | BQ14: 0 | BR14: 0 | BS14: 0 | BT14: 7406558.2 | BU14: 1963.8609 | BV14: 0 | BW14: 1963.8609 | BX14: 7408522 | BY14: 753829.09 | BZ14: 128857.68 | CA14: 37.11553 | CB14: 8291245.9
B15: 07 | C15: B08-B09 | D15: Other mining and quarrying products | E15: 0 | F15: 0 | G15: 0 | H15: 0 | I15: 0 | J15: 115742.28 | K15: 1705807.3 | L15: 0 | M15: 0 | N15: 0 | O15: 0 | P15: 0 | Q15: 0 | R15: 0 | S15: 0 | T15: 0 | U15: 0 | V15: 0 | W15: 0 | X15: 0 | Y15: 0 | Z15: 0 | AA15: 0 | AB15: 0 | AC15: 0 | AD15: 0 | AE15: 0 | AF15: 0 | AG15: 0 | AH15: 0 | AI15: 0 | AJ15: 0 | AK15: 0 | AL15: 0 | AM15: 242452.69 | AN15: 0 | AO15: 0 | AP15: 0 | AQ15: 0 | AR15: 0 | AS15: 0 | AT15: 0 | AU15: 0 | AV15: 0 | AW15: 0 | AX15: 0 | AY15: 0 | AZ15: 0 | BA15: 0 | BB15: 0 | BC15: 0 | BD15: 0 | BE15: 0 | BF15: 0 | BG15: 0 | BH15: 0 | BI15: 0 | BJ15: 0 | BK15: 0 | BL15: 0 | BM15: 0 | BN15: 0 | BO15: 0 | BP15: 0 | BQ15: 0 | BR15: 0 | BS15: 0 | BT15: 2064002.3 | BU15: 47970.991 | BV15: 0 | BW15: 47970.991 | BX15: 2111973.3 | BY15: 270136.48 | BZ15: 45162.922 | CA15: 4422.2985 | CB15: 2431695
B16: 08 | C16: C10 | D16: Manufacture of food products | E16: 2076.2177 | F16: 0 | G16: 515942.38 | H16: 0 | I16: 0 | J16: 0 | K16: 0 | L16: 10876716 | M16: 0 | N16: 0 | O16: 0 | P16: 0 | Q16: 0 | R16: 0 | S16: 0 | T16: 0 | U16: 0 | V16: 294881.34 | W16: 0 | X16: 0 | Y16: 0 | Z16: 0 | AA16: 0 | AB16: 0 | AC16: 0 | AD16: 0 | AE16: 0 | AF16: 0 | AG16: 0 | AH16: 0 | AI16: 0 | AJ16: 0 | AK16: 0 | AL16: 0 | AM16: 0 | AN16: 0 | AO16: 0 | AP16: 0 | AQ16: 0 | AR16: 0 | AS16: 0 | AT16: 0 | AU16: 0 | AV16: 0 | AW16: 0 | AX16: 0 | AY16: 0 | AZ16: 0 | BA16: 0 | BB16: 0 | BC16: 0 | BD16: 0 | BE16: 0 | BF16: 0 | BG16: 0 | BH16: 0 | BI16: 0 | BJ16: 0 | BK16: 0 | BL16: 0 | BM16: 0 | BN16: 0 | BO16: 0 | BP16: 0 | BQ16: 0 | BR16: 0 | BS16: 0 | BT16: 11689616 | BU16: 845879.01 | BV16: 0 | BW16: 845879.01 | BX16: 12535495 | BY16: 2028898.1 | BZ16: 352353.24 | CA16: 1510551.1 | CB16: 16427298
B17: 09 | C17: C11 | D17: Manufacture of beverages | E17: 0 | F17: 0 | G17: 0 | H17: 0 | I17: 0 | J17: 0 | K17: 0 | L17: 0 | M17: 3592657.5 | N17: 0 | O17: 0 | P17: 0 | Q17: 0 | R17: 0 | S17: 0 | T17: 0 | U17: 0 | V17: 0 | W17: 0 | X17: 0 | Y17: 0 | Z17: 0 | AA17: 0 | AB17: 0 | AC17: 0 | AD17: 0 | AE17: 0 | AF17: 0 | AG17: 0 | AH17: 0 | AI17: 0 | AJ17: 0 | AK17: 0 | AL17: 0 | AM17: 0 | AN17: 0 | AO17: 0 | AP17: 0 | AQ17: 0 | AR17: 0 | AS17: 0 | AT17: 0 | AU17: 0 | AV17: 0 | AW17: 0 | AX17: 0 | AY17: 0 | AZ17: 0 | BA17: 0 | BB17: 0 | BC17: 0 | BD17: 0 | BE17: 0 | BF17: 0 | BG17: 0 | BH17: 0 | BI17: 0 | BJ17: 0 | BK17: 0 | BL17: 0 | BM17: 0 | BN17: 0 | BO17: 0 | BP17: 0 | BQ17: 0 | BR17: 0 | BS17: 0 | BT17: 3592657.5 | BU17: 133862.08 | BV17: 0 | BW17: 133862.08 | BX17: 3726519.5 | BY17: 901869.29 | BZ17: 144227.52 | CA17: 1100993.2 | CB17: 5873609.5
B18: 10 | C18: C12 | D18: Manufacture of tobacco products | E18: 0 | F18: 0 | G18: 0 | H18: 0 | I18: 0 | J18: 0 | K18: 0 | L18: 0 | M18: 0 | N18: 753513.41 | O18: 0 | P18: 0 | Q18: 0 | R18: 0 | S18: 0 | T18: 0 | U18: 0 | V18: 0 | W18: 0 | X18: 0 | Y18: 0 | Z18: 0 | AA18: 0 | AB18: 0 | AC18: 0 | AD18: 0 | AE18: 0 | AF18: 0 | AG18: 0 | AH18: 0 | AI18: 0 | AJ18: 0 | AK18: 0 | AL18: 0 | AM18: 0 | AN18: 0 | AO18: 0 | AP18: 0 | AQ18: 0 | AR18: 0 | AS18: 0 | AT18: 0 | AU18: 0 | AV18: 0 | AW18: 0 | AX18: 0 | AY18: 0 | AZ18: 0 | BA18: 0 | BB18: 0 | BC18: 0 | BD18: 0 | BE18: 0 | BF18: 0 | BG18: 0 | BH18: 0 | BI18: 0 | BJ18: 0 | BK18: 0 | BL18: 0 | BM18: 0 | BN18: 0 | BO18: 0 | BP18: 0 | BQ18: 0 | BR18: 0 | BS18: 0 | BT18: 753513.41 | BU18: 7750.2917 | BV18: 0 | BW18: 7750.2917 | BX18: 761263.7 | BY18: 140389.24 | BZ18: 24386.864 | CA18: 263355.19 | CB18: 1189395
B19: 11 | C19: C13 | D19: Manufacture of textiles | E19: 0 | F19: 0 | G19: 0 | H19: 0 | I19: 0 | J19: 0 | K19: 0 | L19: 0 | M19: 0 | N19: 0 | O19: 655542.78 | P19: 334125.36 | Q19: 0 | R19: 0 | S19: 0 | T19: 0 | U19: 0 | V19: 0 | W19: 0 | X19: 0 | Y19: 0 | Z19: 0 | AA19: 0 | AB19: 0 | AC19: 0 | AD19: 0 | AE19: 0 | AF19: 0 | AG19: 0 | AH19: 0 | AI19: 0 | AJ19: 0 | AK19: 0 | AL19: 0 | AM19: 0 | AN19: 0 | AO19: 0 | AP19: 0 | AQ19: 0 | AR19: 0 | AS19: 0 | AT19: 0 | AU19: 0 | AV19: 0 | AW19: 0 | AX19: 0 | AY19: 0 | AZ19: 0 | BA19: 0 | BB19: 0 | BC19: 0 | BD19: 0 | BE19: 0 | BF19: 0 | BG19: 0 | BH19: 0 | BI19: 0 | BJ19: 0 | BK19: 0 | BL19: 0 | BM19: 0 | BN19: 0 | BO19: 0 | BP19: 0 | BQ19: 0 | BR19: 0 | BS19: 0 | BT19: 989668.14 | BU19: 332413.76 | BV19: 0 | BW19: 332413.76 | BX19: 1322081.9 | BY19: 261879.39 | BZ19: 45996.685 | CA19: 108172.1 | CB19: 1738130.1
B20: 12 | C20: C14 | D20: Manufacture of wearing apparel | E20: 0 | F20: 0 | G20: 0 | H20: 0 | I20: 0 | J20: 0 | K20: 0 | L20: 0 | M20: 0 | N20: 0 | O20: 0 | P20: 1319722.4 | Q20: 0 | R20: 0 | S20: 0 | T20: 0 | U20: 0 | V20: 0 | W20: 0 | X20: 0 | Y20: 0 | Z20: 0 | AA20: 0 | AB20: 0 | AC20: 0 | AD20: 0 | AE20: 0 | AF20: 0 | AG20: 0 | AH20: 0 | AI20: 0 | AJ20: 0 | AK20: 0 | AL20: 0 | AM20: 0 | AN20: 0 | AO20: 0 | AP20: 0 | AQ20: 0 | AR20: 0 | AS20: 0 | AT20: 0 | AU20: 0 | AV20: 0 | AW20: 0 | AX20: 0 | AY20: 0 | AZ20: 0 | BA20: 0 | BB20: 0 | BC20: 0 | BD20: 0 | BE20: 0 | BF20: 0 | BG20: 0 | BH20: 0 | BI20: 0 | BJ20: 0 | BK20: 0 | BL20: 0 | BM20: 0 | BN20: 0 | BO20: 0 | BP20: 0 | BQ20: 0 | BR20: 0 | BS20: 0 | BT20: 1319722.4 | BU20: 370542.98 | BV20: 0 | BW20: 370542.98 | BX20: 1690265.3 | BY20: 383194.52 | BZ20: 72663.819 | CA20: 247930.82 | CB20: 2394054.5
... B75: 67 | C75: T97 | D75: Domestic services | E75: 0 | F75: 0 | G75: 0 | H75: 0 | I75: 0 | J75: 0 | K75: 0 | L75: 0 | M75: 0 | N75: 0 | O75: 0 | P75: 0 | Q75: 0 | R75: 0 | S75: 0 | T75: 0 | U75: 0 | V75: 0 | W75: 0 | X75: 0 | Y75: 0 | Z75: 0 | AA75: 0 | AB75: 0 | AC75: 0 | AD75: 0 | AE75: 0 | AF75: 0 | AG75: 0 | AH75: 0 | AI75: 0 | AJ75: 0 | AK75: 0 | AL75: 0 | AM75: 0 | AN75: 0 | AO75: 0 | AP75: 0 | AQ75: 0 | AR75: 0 | AS75: 0 | AT75: 0 | AU75: 0 | AV75: 0 | AW75: 0 | AX75: 0 | AY75: 0 | AZ75: 0 | BA75: 0 | BB75: 0 | BC75: 0 | BD75: 0 | BE75: 0 | BF75: 0 | BG75: 0 | BH75: 0 | BI75: 0 | BJ75: 0 | BK75: 0 | BL75: 0 | BM75: 0 | BN75: 0 | BO75: 0 | BP75: 0 | BQ75: 0 | BR75: 0 | BS75: 315779.91 | BT75: 315779.91 | BU75: 0 | BV75: 0 | BW75: 0 | BX75: 315779.91 | BY75: 0 | BZ75: 0 | CA75: 0 | CB75: 315779.91
B76: 68 | D76: Total | E76: 34884071 | F76: 4583692 | G76: 2925395.8 | H76: 157425.84 | I76: 442253.94 | J76: 7141069 | K76: 2087038.7 | L76: 10878097 | M76: 3592657.5 | N76: 753513.41 | O76: 655542.78 | P76: 1653847.7 | Q76: 330227 | R76: 362203.61 | S76: 243790.52 | T76: 574766.87 | U76: 196611.58 | V76: 2129163.2 | W76: 110773.42 | X76: 749721.52 | Y76: 1938375 | Z76: 1363429.4 | AA76: 896842.35 | AB76: 28581.883 | AC76: 309730.09 | AD76: 239402.9 | AE76: 137257.45 | AF76: 281679.31 | AG76: 1759296.5 | AH76: 1142669.8 | AI76: 1175231.5 | AJ76: 2024131.3 | AK76: 1027984.6 | AL76: 51365.141 | AM76: 43248444 | AN76: 2383473.4 | AO76: 6505867.4 | AP76: 9976397.6 | AQ76: 15888034 | AR76: 766641.13 | AS76: 549027.8 | AT76: 2899523.8 | AU76: 231564.06 | AV76: 3862027.4 | AW76: 4740429.6 | AX76: 97084.355 | AY76: 205734.57 | AZ76: 214514.33 | BA76: 2955679.1 | BB76: 383878.49 | BC76: 4401404.5 | BD76: 629781.51 | BE76: 1500031 | BF76: 4494939 | BG76: 989005.28 | BH76: 660043.04 | BI76: 1939962.9 | BJ76: 2749866.3 | BK76: 9476740.6 | BL76: 5186637.1 | BM76: 3370148.1 | BN76: 630778.5 | BO76: 665013.99 | BP76: 502071.5 | BQ76: 801915.09 | BR76: 1369484 | BS76: 315779.91 | BT76: 2.2141976e+08 | BU76: 23309877 | BV76: -1445494.1 | BW76: 21864383 | BX76: 2.4328415e+08 | BY76: 5.4315024e-09 | BZ76: 2.0691004e-10 | CA76: 10767426 | CB76: 2.5405157e+08
B77: 69 | D77: C.i.f./f.o.b. adjustments on imports | E77: 0 | F77: 0 | G77: 0 | H77: 0 | I77: 0 | J77: 0 | K77: 0 | L77: 0 | M77: 0 | N77: 0 | O77: 0 | P77: 0 | Q77: 0 | R77: 0 | S77: 0 | T77: 0 | U77: 0 | V77: 0 | W77: 0 | X77: 0 | Y77: 0 | Z77: 0 | AA77: 0 | AB77: 0 | AC77: 0 | AD77: 0 | AE77: 0 | AF77: 0 | AG77: 0 | AH77: 0 | AI77: 0 | AJ77: 0 | AK77: 0 | AL77: 0 | AM77: 0 | AN77: 0 | AO77: 0 | AP77: 0 | AQ77: 0 | AR77: 0 | AS77: 0 | AT77: 0 | AU77: 0 | AV77: 0 | AW77: 0 | AX77: 0 | AY77: 0 | AZ77: 0 | BA77: 0 | BB77: 0 | BC77: 0 | BD77: 0 | BE77: 0 | BF77: 0 | BG77: 0 | BH77: 0 | BI77: 0 | BJ77: 0 | BK77: 0 | BL77: 0 | BM77: 0 | BN77: 0 | BO77: 0 | BP77: 0 | BQ77: 0 | BR77: 0 | BS77: 0 | BT77: 0 | BU77: -1445494.1 | BV77: 1445494.1 | BW77: 0 | BX77: 0 | BY77: 0 | BZ77: 0 | CA77: 0 | CB77: 0
B78: 70 | D78: Direct purchases abroad by residents | E78: 0 | F78: 0 | G78: 0 | H78: 0 | I78: 0 | J78: 0 | K78: 0 | L78: 0 | M78: 0 | N78: 0 | O78: 0 | P78: 0 | Q78: 0 | R78: 0 | S78: 0 | T78: 0 | U78: 0 | V78: 0 | W78: 0 | X78: 0 | Y78: 0 | Z78: 0 | AA78: 0 | AB78: 0 | AC78: 0 | AD78: 0 | AE78: 0 | AF78: 0 | AG78: 0 | AH78: 0 | AI78: 0 | AJ78: 0 | AK78: 0 | AL78: 0 | AM78: 0 | AN78: 0 | AO78: 0 | AP78: 0 | AQ78: 0 | AR78: 0 | AS78: 0 | AT78: 0 | AU78: 0 | AV78: 0 | AW78: 0 | AX78: 0 | AY78: 0 | AZ78: 0 | BA78: 0 | BB78: 0 | BC78: 0 | BD78: 0 | BE78: 0 | BF78: 0 | BG78: 0 | BH78: 0 | BI78: 0 | BJ78: 0 | BK78: 0 | BL78: 0 | BM78: 0 | BN78: 0 | BO78: 0 | BP78: 0 | BQ78: 0 | BR78: 0 | BS78: 0 | BT78: 0 | BU78: 1392414.2 | BV78: 0 | BW78: 1392414.2 | BX78: 1392414.2 | BY78: 0 | BZ78: 0 | CA78: 0 | CB78: 1392414.2
B79: 71 | D79: Total output | E79: 34884071 | F79: 4583692 | G79: 2925395.8 | H79: 157425.84 | I79: 442253.94 | J79: 7141069 | K79: 2087038.7 | L79: 10878097 | M79: 3592657.5 | N79: 753513.41 | O79: 655542.78 | P79: 1653847.7 | Q79: 330227 | R79: 362203.61 | S79: 243790.52 | T79: 574766.87 | U79: 196611.58 | V79: 2129163.2 | W79: 110773.42 | X79: 749721.52 | Y79: 1938375 | Z79: 1363429.4 | AA79: 896842.35 | AB79: 28581.883 | AC79: 309730.09 | AD79: 239402.9 | AE79: 137257.45 | AF79: 281679.31 | AG79: 1759296.5 | AH79: 1142669.8 | AI79: 1175231.5 | AJ79: 2024131.3 | AK79: 1027984.6 | AL79: 51365.141 | AM79: 43248444 | AN79: 2383473.4 | AO79: 6505867.4 | AP79: 9976397.6 | AQ79: 15888034 | AR79: 766641.13 | AS79: 549027.8 | AT79: 2899523.8 | AU79: 231564.06 | AV79: 3862027.4 | AW79: 4740429.6 | AX79: 97084.355 | AY79: 205734.57 | AZ79: 214514.33 | BA79: 2955679.1 | BB79: 383878.49 | BC79: 4401404.5 | BD79: 629781.51 | BE79: 1500031 | BF79: 4494939 | BG79: 989005.28 | BH79: 660043.04 | BI79: 1939962.9 | BJ79: 2749866.3 | BK79: 9476740.6 | BL79: 5186637.1 | BM79: 3370148.1 | BN79: 630778.5 | BO79: 665013.99 | BP79: 502071.5 | BQ79: 801915.09 | BR79: 1369484 | BS79: 315779.91 | BT79: 2.2141976e+08 | BU79: 23256797 | BV79: 0 | BW79: 23256797 | BX79: 2.4467656e+08 | BY79: 5.4315024e-09 | BZ79: 2.0691004e-10 | CA79: 10767426 | CB79: 2.5544399e+08
B80: 72 | D80: Market output
B81: 73 | D81: For own final use output
B82: 74 | D82: Other non-market output

Sheet P2 use purch
A1: MENU
C3: Table 2: Use table, 2019 (at purchasers' prices)
CD4: (Million Tsh)
E5: INPUT OF INDUSTRIES (ISIC REV.4) | BT5: Total intermediate consumption | BU5: FINAL USES | CD5: Total use at purchasers' prices
D6: INDUSTRIES (ISIC Rev.4) | E6: Crop and animal production, hunting and related service activities | F6: Forestry and logging | G6: Fishing and aquaculture | H6: Mining of coal and lignite | I6: Extraction of crude petroleum and natural gas | J6: Mining of metal ores | K6: Other mining and quarrying | L6: Manufacture of food products | M6: Manufacture of beverages | N6: Manufacture of tobacco products | O6: Manufacture of textiles | P6: Manufacture of wearing apparel | Q6: Manufacture of leather and related products | R6: Manufacture of wood and of products of wood and cork | S6: Manufacture of paper and paper products | T6: Printing and reproduction of recorded media | U6: Manufacture of coke and refined petroleum products | V6: Manufacture of chemicals and chemical products | W6: Manufacture of basic pharmaceutical products | X6: Manufacture of rubber and plastics products | Y6: Manufacture of other non-metallic mineral products | Z6: Manufacture of basic metals | AA6: Manufacture of fabricated metal products, except mach.&equip. | AB6: Manufacture of computer electronic and optical products | AC6: Manufacture of electrical equipment | AD6: Manufacture of machinery and equipment n.e.c. | AE6: Manufacture of motor vehicles, trailers and semi-trailers | AF6: Manufacture of other transport equipment | AG6: Manufacture of furniture | AH6: Other manufacturing n.e.c. | AI6: Repair and installation services of machinery and equipment | AJ6: Electricity, gas, steam and air conditioning | AK6: Natural water; water treatment and supply services | AL6: Sewerage services; waste collection, treatment and disposal services | AM6: Construction | AN6: Wholesale and retail trade, and repair services of motor vehicles and motorcycles | AO6: Wholesale trade services, except of motor vehicles and motorcycles | AP6: Retail trade services, except of motor vehicles and motorcycles | AQ6: Land transport and transport via pipelines | AR6: Water transport | AS6: Air transport | AT6: Warehousing and support activities for transportation | AU6: Postal and courier activities | AV6: Accommodation services | AW6: Food and beverage serving services | AX6: Publishing services | AY6: Motion picture, video and television programme production services, sound recording and music publishing | AZ6: Programming and broadcasting services | BA6: Telecommunications | BB6: Computer programming, data proccessing and information services | BC6: Financial services (including FISIM), except insurance and pension funding | BD6: Insurance, reinsurance and pension funding services, except compulsory social security | BE6: Services auxiliary to financial services and insurance services | BF6: Real estate services and imputed rents of owner-occupied dwellings | BG6: Professional, scientific, technical and veterinary services | BH6: Rental, leasing and employment services | BI6: Travel agency, tour operator and other reservation services and related services | BJ6: Other administartive and support services | BK6: Public administration and defence services; compulsory social security services | BL6: Education services | BM6: Human health services | BN6: Social work services | BO6: Arts, entertainment and recreation services | BP6: Services furnished by membership organisations | BQ6: Repair of computers and personal and household goods | BR6: Other personal services | BS6: Domestic services | BU6: Final consumption expenditure by households | BV6: Final consumption expenditure by non-profit organisations serving households (NPISH) | BW6: Final consumption expenditure by government | BX6: Final consumption expenditure | BY6: Gross Fixed Capital Formation | BZ6: Changes in valuables | CA6: Changes in inventories | CB6: Exports | CC6: Final uses
C7: Code | D7: PRODUCTS (CPA Rev.2) | E7: A01 | F7: A02 | G7: A03 | H7: B05 | I7: B06 | J7: B07 | K7: B08-B09 | L7: C10 | M7: C11 | N7: C12 | O7: C13 | P7: C14 | Q7: C15 | R7: C16 | S7: C17 | T7: C18 | U7: C19 | V7: C20 | W7: C21 | X7: C22 | Y7: C23 | Z7: C24 | AA7: C25 | AB7: C26 | AC7: C27 | AD7: C28 | AE7: C29 | AF7: C30 | AG7: C31 | AH7: C32 | AI7: C33 | AJ7: D35 | AK7: E36 | AL7: E37-E39 | AM7: F41-43 | AN7: G45 | AO7: G46 | AP7: G47 | AQ7: H49 | AR7: H50 | AS7: H51 | AT7: H52 | AU7: H53 | AV7: I55 | AW7: I56 | AX7: J58 | AY7: J59 | AZ7: J60 | BA7: J61 | BB7: J62 | BC7: K64 | BD7: K65 | BE7: K66 | BF7: L68 | BG7: M69-M75 | BH7: N77-N78 | BI7: N79 | BJ7: N80-N82 | BK7: O84 | BL7: P85 | BM7: Q86 | BN7: Q87-Q88 | BO7: R90-R93 | BP7: S94 | BQ7: S95 | BR7: S96 | BS7: T97 | BU7: Hhcons | BV7: NPIHS | BW7: Govcons | BY7: GFCF | BZ7: Chval | CA7: Chinv | CB7: Exp
B8: No | E8: 01 | F8: 02 | G8: 03 | H8: 04 | I8: 05 | J8: 06 | K8: 07 | L8: 08 | M8: 09 | N8: 10 | O8: 11 | P8: 12 | Q8: 13 | R8: 14 | S8: 15 | T8: 16 | U8: 17 | V8: 18 | W8: 19 | X8: 20 | Y8: 21 | Z8: 22 | AA8: 23 | AB8: 24 | AC8: 25 | AD8: 26 | AE8: 27 | AF8: 28 | AG8: 29 | AH8: 30 | AI8: 31 | AJ8: 32 | AK8: 33 | AL8: 34 | AM8: 35 | AN8: 36 | AO8: 37 | AP8: 38 | AQ8: 39 | AR8: 40 | AS8: 41 | AT8: 42 | AU8: 43 | AV8: 44 | AW8: 45 | AX8: 46 | AY8: 47 | AZ8: 48 | BA8: 49 | BB8: 50 | BC8: 51 | BD8: 52 | BE8: 53 | BF8: 54 | BG8: 55 | BH8: 56 | BI8: 57 | BJ8: 58 | BK8: 59 | BL8: 60 | BM8: 61 | BN8: 62 | BO8: 63 | BP8: 64 | BQ8: 65 | BR8: 66 | BS8: 67 | BT8: 68 | BU8: 69 | BV8: 70 | BW8: 71 | BX8: 72 | BY8: 73 | BZ8: 74 | CA8: 75 | CB8: 76 | CC8: 77 | CD8: 78
B9: 01 | C9: A01 | D9: Products of agriculture, hunting and related services | E9: 2993554.6 | F9: 175.39052 | G9: 20.385396 | H9: 1.1503681 | I9: 0 | J9: 576.18262 | K9: 107.11978 | L9: 5481465.2 | M9: 584521.21 | N9: 301221.99 | O9: 429959.12 | P9: 75199.239 | Q9: 76074.052 | R9: 0 | S9: 901.68089 | T9: 903.58398 | U9: 0 | V9: 143595.9 | W9: 995.46419 | X9: 0 | Y9: 0 | Z9: 0 | AA9: 0 | AB9: 0 | AC9: 0 | AD9: 0 | AE9: 0 | AF9: 0 | AG9: 0 | AH9: 8597.4565 | AI9: 0 | AJ9: 0 | AK9: 0 | AL9: 0 | AM9: 22.228117 | AN9: 262.40971 | AO9: 684.53984 | AP9: 1127.4344 | AQ9: 534.44679 | AR9: 0 | AS9: 0 | AT9: 0 | AU9: 0 | AV9: 467803.76 | AW9: 868850.31 | AX9: 0 | AY9: 0 | AZ9: 0 | BA9: 275.49009 | BB9: 0 | BC9: 141.87094 | BD9: 7.8426578 | BE9: 0 | BF9: 6679.5922 | BG9: 116.73 | BH9: 45.813144 | BI9: 76.977266 | BJ9: 461.21392 | BK9: 837.66599 | BL9: 579.50016 | BM9: 78.139596 | BN9: 0 | BO9: 0 | BP9: 0 | BQ9: 0 | BR9: 123212.39 | BS9: 0 | BT9: 11569668 | BU9: 24843789 | BV9: 0 | BW9: 0 | BX9: 24843789 | BY9: 679137.32 | BZ9: 0 | CA9: 101999.53 | CB9: 2715506.7 | CC9: 28340432 | CD9: 39910100
B10: 02 | C10: A02 | D10: Products of forestry, logging and related services | E10: 27668.159 | F10: 127774.18 | G10: 41274.007 | H10: 2651.706 | I10: 1282.5933 | J10: 76286.548 | K10: 24027.529 | L10: 44426.51 | M10: 1939.9714 | N10: 334.59958 | O10: 11.82127 | P10: 637.05078 | Q10: 46.280893 | R10: 65649.464 | S10: 4432.307 | T10: 16.053352 | U10: 0 | V10: 4178.745 | W10: 0 | X10: 1269.5106 | Y10: 4.8619571 | Z10: 0 | AA10: 0 | AB10: 0 | AC10: 0 | AD10: 0 | AE10: 0 | AF10: 0 | AG10: 90144.994 | AH10: 6.8534177 | AI10: 3.452893 | AJ10: 0 | AK10: 0 | AL10: 0 | AM10: 1085790.7 | AN10: 1830.04 | AO10: 2524.8436 | AP10: 4158.1386 | AQ10: 0 | AR10: 0 | AS10: 0 | AT10: 0 | AU10: 368.64777 | AV10: 120943.99 | AW10: 437332.57 | AX10: 0 | AY10: 0 | AZ10: 0 | BA10: 0 | BB10: 0 | BC10: 0 | BD10: 0 | BE10: 0 | BF10: 0 | BG10: 0 | BH10: 0 | BI10: 0 | BJ10: 22814.597 | BK10: 9050.5221 | BL10: 26067.378 | BM10: 10852.452 | BN10: 825.95405 | BO10: 714.01766 | BP10: 518.36321 | BQ10: 0 | BR10: 539.55245 | BS10: 0 | BT10: 2238399 | BU10: 3105773.2 | BV10: 0 | BW10: 0 | BX10: 3105773.2 | BY10: 0 | BZ10: 0 | CA10: 0 | CB10: 13210.739 | CC10: 3118983.9 | CD10: 5357382.9
B11: 03 | C11: A03 | D11: Fish and other fishing products; aquaculture products; support services to fishing | E11: 0 | F11: 0 | G11: 0 | H11: 0 | I11: 0 | J11: 0 | K11: 0 | L11: 272340.19 | M11: 0 | N11: 0 | O11: 0 | P11: 0 | Q11: 0 | R11: 0 | S11: 0 | T11: 0 | U11: 0 | V11: 0 | W11: 0 | X11: 0 | Y11: 0 | Z11: 0 | AA11: 0 | AB11: 0 | AC11: 0 | AD11: 0 | AE11: 0 | AF11: 0 | AG11: 0 | AH11: 0 | AI11: 0 | AJ11: 0 | AK11: 0 | AL11: 0 | AM11: 0 | AN11: 0 | AO11: 0 | AP11: 0 | AQ11: 0 | AR11: 0 | AS11: 0 | AT11: 0 | AU11: 0 | AV11: 81818.674 | AW11: 76632.67 | AX11: 0 | AY11: 0 | AZ11: 0 | BA11: 0 | BB11: 0 | BC11: 0 | BD11: 0 | BE11: 0 | BF11: 0 | BG11: 0 | BH11: 0 | BI11: 0 | BJ11: 0 | BK11: 0 | BL11: 0 | BM11: 0 | BN11: 0 | BO11: 0 | BP11: 0 | BQ11: 0 | BR11: 0 | BS11: 0 | BT11: 430791.53 | BU11: 2538276.2 | BV11: 0 | BW11: 0 | BX11: 2538276.2 | BY11: 0 | BZ11: 0 | CA11: 0 | CB11: 4902.7086 | CC11: 2543178.9 | CD11: 2973970.5
B12: 04 | C12: B05 | D12: Coal and lignite | E12: 0 | F12: 0 | G12: 0 | H12: 0 | I12: 0 | J12: 0 | K12: 0 | L12: 0.40371183 | M12: 0.38877028 | N12: 0 | O12: 0 | P12: 0 | Q12: 0 | R12: 0 | S12: 0 | T12: 0 | U12: 0 | V12: 0 | W12: 0 | X12: 0 | Y12: 149527.91 | Z12: 7908.9222 | AA12: 3.3756121e-05 | AB12: 0 | AC12: 0.037199473 | AD12: 28.664227 | AE12: 0 | AF12: 0 | AG12: 0 | AH12: 0 | AI12: 0 | AJ12: 0 | AK12: 0 | AL12: 0 | AM12: 0 | AN12: 0 | AO12: 0 | AP12: 0 | AQ12: 208.19954 | AR12: 0 | AS12: 0 | AT12: 0 | AU12: 0 | AV12: 98.547095 | AW12: 0 | AX12: 0 | AY12: 0 | AZ12: 0 | BA12: 0 | BB12: 0 | BC12: 0 | BD12: 0 | BE12: 0 | BF12: 0 | BG12: 0 | BH12: 0 | BI12: 0 | BJ12: 0 | BK12: 0 | BL12: 0 | BM12: 0 | BN12: 0 | BO12: 0 | BP12: 0 | BQ12: 0 | BR12: 0 | BS12: 0 | BT12: 157773.08 | BU12: 548.90633 | BV12: 0 | BW12: 0 | BX12: 548.90633 | BY12: 0 | BZ12: 0 | CA12: 10052.241 | CB12: 14825.515 | CC12: 25426.663 | CD12: 183199.74
B13: 05 | C13: B06 | D13: Crude petroleum and natural gas | E13: 0 | F13: 0 | G13: 0 | H13: 0 | I13: 0 | J13: 0 | K13: 0 | L13: 0 | M13: 0 | N13: 0 | O13: 0 | P13: 0 | Q13: 0 | R13: 0 | S13: 0 | T13: 0 | U13: 84923.86 | V13: 0 | W13: 0 | X13: 0 | Y13: 31240.707 | Z13: 0 | AA13: 0 | AB13: 0 | AC13: 0 | AD13: 0 | AE13: 0 | AF13: 0 | AG13: 0 | AH13: 0 | AI13: 0 | AJ13: 369162.69 | AK13: 0 | AL13: 0 | AM13: 0 | AN13: 0 | AO13: 0 | AP13: 0 | AQ13: 0 | AR13: 0 | AS13: 0 | AT13: 0 | AU13: 0 | AV13: 0 | AW13: 0 | AX13: 0 | AY13: 0 | AZ13: 0 | BA13: 0 | BB13: 0 | BC13: 0 | BD13: 0 | BE13: 0 | BF13: 0 | BG13: 0 | BH13: 0 | BI13: 0 | BJ13: 0 | BK13: 0 | BL13: 0 | BM13: 0 | BN13: 0 | BO13: 0 | BP13: 0 | BQ13: 0 | BR13: 0 | BS13: 0 | BT13: 485327.26 | BU13: 0 | BV13: 0 | BW13: 0 | BX13: 0 | BY13: 0 | BZ13: 0 | CA13: -1874.0955 | CB13: 12605.122 | CC13: 10731.026 | CD13: 496058.28
B14: 06 | C14: B07 | D14: Metal ores | E14: 0 | F14: 0 | G14: 0 | H14: 0 | I14: 0 | J14: 0 | K14: 0 | L14: 0 | M14: 0 | N14: 0 | O14: 0 | P14: 0 | Q14: 0 | R14: 0 | S14: 0 | T14: 0 | U14: 0 | V14: 41569.327 | W14: 0 | X14: 0 | Y14: 0 | Z14: 1065722.3 | AA14: 676021.95 | AB14: 0 | AC14: 0 | AD14: 0 | AE14: 0 | AF14: 0 | AG14: 0 | AH14: 807764.36 | AI14: 0 | AJ14: 0 | AK14: 0 | AL14: 0 | AM14: 0 | AN14: 0 | AO14: 0 | AP14: 0 | AQ14: 0 | AR14: 0 | AS14: 0 | AT14: 0 | AU14: 0 | AV14: 0 | AW14: 0 | AX14: 0 | AY14: 0 | AZ14: 0 | BA14: 0 | BB14: 0 | BC14: 0 | BD14: 0 | BE14: 0 | BF14: 0 | BG14: 0 | BH14: 0 | BI14: 0 | BJ14: 0 | BK14: 0 | BL14: 0 | BM14: 0 | BN14: 0 | BO14: 0 | BP14: 0 | BQ14: 0 | BR14: 0 | BS14: 0 | BT14: 2591077.9 | BU14: 0 | BV14: 0 | BW14: 0 | BX14: 0 | BY14: 0 | BZ14: 228991.31 | CA14: 16722.957 | CB14: 5454453.7 | CC14: 5700168 | CD14: 8291245.9
B15: 07 | C15: B08-B09 | D15: Other mining and quarrying products | E15: 0 | F15: 0 | G15: 0 | H15: 0 | I15: 1904.6058 | J15: 48849.435 | K15: 14378.827 | L15: 32.445722 | M15: 46.18773 | N15: 0 | O15: 0 | P15: 0 | Q15: 74.878391 | R15: 0 | S15: 0 | T15: 0 | U15: 0 | V15: 2527.5706 | W15: 6.9232157 | X15: 1.457762 | Y15: 454576.2 | Z15: 63.549381 | AA15: 6.6709767 | AB15: 0 | AC15: 0 | AD15: 0 | AE15: 0 | AF15: 64.721302 | AG15: 4799.8675 | AH15: 124.22752 | AI15: 0 | AJ15: 0 | AK15: 2076.5434 | AL15: 0 | AM15: 1486195.5 | AN15: 0 | AO15: 0 | AP15: 0 | AQ15: 0 | AR15: 0 | AS15: 0 | AT15: 0 | AU15: 0 | AV15: 0 | AW15: 0 | AX15: 0 | AY15: 0 | AZ15: 0 | BA15: 0 | BB15: 0 | BC15: 0 | BD15: 0 | BE15: 0 | BF15: 0 | BG15: 0 | BH15: 0 | BI15: 0 | BJ15: 0 | BK15: 0 | BL15: 0 | BM15: 0 | BN15: 0 | BO15: 0 | BP15: 0 | BQ15: 0 | BR15: 0 | BS15: 0 | BT15: 2015729.6 | BU15: 0 | BV15: 0 | BW15: 0 | BX15: 0 | BY15: 0 | BZ15: 0 | CA15: 70827.392 | CB15: 345137.95 | CC15: 415965.35 | CD15: 2431695
B16: 08 | C16: C10 | D16: Manufacture of food products | E16: 248805.73 | F16: 0 | G16: 102706.27 | H16: 0 | I16: 0 | J16: 0 | K16: 0 | L16: 633128.08 | M16: 855552.82 | N16: 0 | O16: 1607.8388 | P16: 42238.407 | Q16: 36890.093 | R16: 0 | S16: 0 | T16: 0 | U16: 0 | V16: 89090.989 | W16: 1086.0137 | X16: 0 | Y16: 0 | Z16: 0 | AA16: 0 | AB16: 0 | AC16: 0 | AD16: 0 | AE16: 0 | AF16: 0 | AG16: 0 | AH16: 5917.0515 | AI16: 22428.351 | AJ16: 0 | AK16: 0 | AL16: 0 | AM16: 0 | AN16: 0 | AO16: 0 | AP16: 0 | AQ16: 0 | AR16: 0 | AS16: 0 | AT16: 0 | AU16: 0 | AV16: 694840.21 | AW16: 1000120.5 | AX16: 234.0449 | AY16: 0 | AZ16: 0 | BA16: 0 | BB16: 0 | BC16: 0 | BD16: 0 | BE16: 0 | BF16: 0 | BG16: 393.41659 | BH16: 0 | BI16: 0 | BJ16: 0 | BK16: 145581.47 | BL16: 108505.27 | BM16: 129368.44 | BN16: 13047.596 | BO16: 0 | BP16: 0 | BQ16: 0 | BR16: 0 | BS16: 0 | BT16: 4131542.6 | BU16: 11474562 | BV16: 0 | BW16: 0 | BX16: 11474562 | BY16: 0 | BZ16: 0 | CA16: -9117.8902 | CB16: 830310.93 | CC16: 12295755 | CD16: 16427298
B17: 09 | C17: C11 | D17: Manufacture of beverages | E17: 0 | F17: 0 | G17: 0 | H17: 0 | I17: 0 | J17: 0 | K17: 0 | L17: 0 | M17: 58839.803 | N17: 0 | O17: 0 | P17: 0 | Q17: 0 | R17: 0 | S17: 0 | T17: 0 | U17: 0 | V17: 0 | W17: 0 | X17: 0 | Y17: 0 | Z17: 0 | AA17: 0 | AB17: 0 | AC17: 0 | AD17: 0 | AE17: 0 | AF17: 0 | AG17: 0 | AH17: 0 | AI17: 0 | AJ17: 0 | AK17: 0 | AL17: 0 | AM17: 0 | AN17: 3697.9213 | AO17: 416.26887 | AP17: 685.71767 | AQ17: 2677.6891 | AR17: 4819.4971 | AS17: 307.98245 | AT17: 28902.989 | AU17: 179.86238 | AV17: 212644.59 | AW17: 281030.52 | AX17: 463.56246 | AY17: 0 | AZ17: 0 | BA17: 928.08225 | BB17: 265.89141 | BC17: 2164.9261 | BD17: 207.21704 | BE17: 528.36098 | BF17: 154.39651 | BG17: 2230.1014 | BH17: 674.84247 | BI17: 20207.632 | BJ17: 10270.657 | BK17: 16965.261 | BL17: 8565.9925 | BM17: 8628.7021 | BN17: 980.34463 | BO17: 1220.7702 | BP17: 212.39742 | BQ17: 0 | BR17: 540.75757 | BS17: 0 | BT17: 669412.74 | BU17: 5190014.6 | BV17: 0 | BW17: 0 | BX17: 5190014.6 | BY17: 0 | BZ17: 0 | CA17: -60577.712 | CB17: 74759.907 | CC17: 5204196.8 | CD17: 5873609.5
B18: 10 | C18: C12 | D18: Manufacture of tobacco products | E18: 0 | F18: 0 | G18: 0 | H18: 0 | I18: 0 | J18: 0 | K18: 0 | L18: 0 | M18: 0 | N18: 21023.537 | O18: 0 | P18: 0 | Q18: 0 | R18: 0 | S18: 0 | T18: 0 | U18: 0 | V18: 0 | W18: 0 | X18: 0 | Y18: 0 | Z18: 0 | AA18: 0 | AB18: 0 | AC18: 0 | AD18: 0 | AE18: 0 | AF18: 0 | AG18: 0 | AH18: 0 | AI18: 0 | AJ18: 0 | AK18: 0 | AL18: 0 | AM18: 0 | AN18: 0 | AO18: 0 | AP18: 0 | AQ18: 0 | AR18: 0 | AS18: 0 | AT18: 0 | AU18: 0 | AV18: 0 | AW18: 0 | AX18: 0 | AY18: 0 | AZ18: 0 | BA18: 0 | BB18: 0 | BC18: 0 | BD18: 0 | BE18: 0 | BF18: 0 | BG18: 0 | BH18: 0 | BI18: 0 | BJ18: 0 | BK18: 0 | BL18: 0 | BM18: 0 | BN18: 0 | BO18: 0 | BP18: 0 | BQ18: 0 | BR18: 0 | BS18: 0 | BT18: 21023.537 | BU18: 786767.76 | BV18: 0 | BW18: 0 | BX18: 786767.76 | BY18: 0 | BZ18: 0 | CA18: -40457.672 | CB18: 422061.36 | CC18: 1168371.5 | CD18: 1189395
B19: 11 | C19: C13 | D19: Manufacture of textiles | E19: 57689.164 | F19: 0 | G19: 52644.88 | H19: 0 | I19: 0 | J19: 0 | K19: 0 | L19: 28719.089 | M19: 246.43653 | N19: 0 | O19: 2806.1102 | P19: 590386.34 | Q19: 17964.375 | R19: 14850.909 | S19: 5112.6178 | T19: 3203.7503 | U19: 0 | V19: 0 | W19: 17471.608 | X19: 55341.065 | Y19: 0 | Z19: 0 | AA19: 0 | AB19: 0 | AC19: 0 | AD19: 0 | AE19: 10115.519 | AF19: 61234.535 | AG19: 31398.681 | AH19: 13795.849 | AI19: 15045.298 | AJ19: 0 | AK19: 1434.9952 | AL19: 0 | AM19: 0 | AN19: 0 | AO19: 0 | AP19: 0 | AQ19: 0 | AR19: 0 | AS19: 0 | AT19: 0 | AU19: 0 | AV19: 0 | AW19: 0 | AX19: 0 | AY19: 0 | AZ19: 0 | BA19: 0 | BB19: 0 | BC19: 0 | BD19: 0 | BE19: 0 | BF19: 0 | BG19: 0 | BH19: 0 | BI19: 0 | BJ19: 0 | BK19: 35998.481 | BL19: 180.56009 | BM19: 108247.53 | BN19: 1735.1323 | BO19: 387.06396 | BP19: 0 | BQ19: 27348.552 | BR19: 0 | BS19: 0 | BT19: 1153358.5 | BU19: 218854.41 | BV19: 0 | BW19: 0 | BX19: 218854.41 | BY19: 0 | BZ19: 0 | CA19: 10733.382 | CB19: 355183.74 | CC19: 584771.53 | CD19: 1738130.1
B20: 12 | C20: C14 | D20: Manufacture of wearing apparel | E20: 6964.1243 | F20: 76321.54 | G20: 3737.6987 | H20: 3013.3148 | I20: 1689.146 | J20: 0 | K20: 0 | L20: 20597.943 | M20: 0 | N20: 0 | O20: 671.75753 | P20: 16660.16 | Q20: 0 | R20: 0 | S20: 0 | T20: 119.16292 | U20: 0 | V20: 0 | W20: 0 | X20: 0 | Y20: 0 | Z20: 0 | AA20: 0 | AB20: 0 | AC20: 0 | AD20: 0 | AE20: 0 | AF20: 0 | AG20: 0 | AH20: 0 | AI20: 0 | AJ20: 0 | AK20: 0 | AL20: 0 | AM20: 68490.374 | AN20: 4780.7439 | AO20: 0 | AP20: 0 | AQ20: 20592.394 | AR20: 708.39814 | AS20: 146.54374 | AT20: 13118.83 | AU20: 1742.8748 | AV20: 234780.37 | AW20: 237.92869 | AX20: 47.307855 | AY20: 105.25717 | AZ20: 67.282607 | BA20: 3039.0801 | BB20: 129.81388 | BC20: 4322.1439 | BD20: 0 | BE20: 0 | BF20: 0 | BG20: 117.94203 | BH20: 0 | BI20: 0 | BJ20: 0 | BK20: 103956.49 | BL20: 2359.4021 | BM20: 39593.119 | BN20: 1820.7178 | BO20: 3075.5397 | BP20: 0 | BQ20: 0 | BR20: 5379.8069 | BS20: 0 | BT20: 638387.21 | BU20: 1656301.6 | BV20: 0 | BW20: 0 | BX20: 1656301.6 | BY20: 0 | BZ20: 0 | CA20: 16496.559 | CB20: 82869.123 | CC20: 1755667.3 | CD20: 2394054.5
... B75: 67 | C75: T97 | D75: Domestic services | E75: 0 | F75: 0 | G75: 0 | H75: 0 | I75: 0 | J75: 0 | K75: 0 | L75: 0 | M75: 0 | N75: 0 | O75: 0 | P75: 0 | Q75: 0 | R75: 0 | S75: 0 | T75: 0 | U75: 0 | V75: 0 | W75: 0 | X75: 0 | Y75: 0 | Z75: 0 | AA75: 0 | AB75: 0 | AC75: 0 | AD75: 0 | AE75: 0 | AF75: 0 | AG75: 0 | AH75: 0 | AI75: 0 | AJ75: 0 | AK75: 0 | AL75: 0 | AM75: 0 | AN75: 0 | AO75: 0 | AP75: 0 | AQ75: 0 | AR75: 0 | AS75: 0 | AT75: 0 | AU75: 0 | AV75: 0 | AW75: 0 | AX75: 0 | AY75: 0 | AZ75: 0 | BA75: 0 | BB75: 0 | BC75: 0 | BD75: 0 | BE75: 0 | BF75: 0 | BG75: 0 | BH75: 0 | BI75: 0 | BJ75: 0 | BK75: 0 | BL75: 0 | BM75: 0 | BN75: 0 | BO75: 0 | BP75: 0 | BQ75: 0 | BR75: 0 | BS75: 0 | BT75: 0 | BU75: 315779.91 | BV75: 0 | BW75: 0 | BX75: 315779.91 | BY75: 0 | BZ75: 0 | CA75: 0 | CB75: 0 | CC75: 315779.91 | CD75: 315779.91
B76: 68 | D76: Total | E76: 6920279.3 | F76: 603602.12 | G76: 337528.7 | H76: 37436.627 | I76: 118699.8 | J76: 1675352.4 | K76: 613327.61 | L76: 7630630.3 | M76: 2693915.5 | N76: 547803.52 | O76: 453887.63 | P76: 817723.43 | Q76: 233437.6 | R76: 211964.71 | S76: 175988.32 | T76: 362889.64 | U76: 157869.69 | V76: 1381461.9 | W76: 66279.53 | X76: 450473.53 | Y76: 1252622.8 | Z76: 1097911.1 | AA76: 730157.78 | AB76: 21075.399 | AC76: 244289.26 | AD76: 144236.9 | AE76: 85535.048 | AF76: 177491.3 | AG76: 1082768.7 | AH76: 862717.25 | AI76: 496639.59 | AJ76: 1482400.3 | AK76: 375269.11 | AL76: 23424.671 | AM76: 24355797 | AN76: 1227471.2 | AO76: 2184620.8 | AP76: 3191819 | AQ76: 7407075.5 | AR76: 313910.45 | AS76: 227547.05 | AT76: 1709191.8 | AU76: 107490.78 | AV76: 2257984.6 | AW76: 2735991.2 | AX76: 33781.083 | AY76: 73704.944 | AZ76: 61639.138 | BA76: 1259442.7 | BB76: 261859.65 | BC76: 934783.89 | BD76: 159919.05 | BE76: 361331.82 | BF76: 532763.89 | BG76: 412830.6 | BH76: 244900.68 | BI76: 775317.86 | BJ76: 1096144.3 | BK76: 3289837.3 | BL76: 1587362.4 | BM76: 1340782.1 | BN76: 250159.03 | BO76: 166977.64 | BP76: 185453.63 | BQ76: 204775.25 | BR76: 532220.57 | BS76: 0 | BT76: 93051978 | BU76: 81523891 | BV76: 226557.51 | BW76: 13229874 | BX76: 94980322 | BY76: 49173777 | BZ76: 228991.31 | CA76: 244393.7 | CB76: 16372110 | CC76: 1.609996e+08 | CD76: 2.5405157e+08
B77: 69 | D77: C.i.f./f.o.b. adjustments on imports | E77: 0 | F77: 0 | G77: 0 | H77: 0 | I77: 0 | J77: 0 | K77: 0 | L77: 0 | M77: 0 | N77: 0 | O77: 0 | P77: 0 | Q77: 0 | R77: 0 | S77: 0 | T77: 0 | U77: 0 | V77: 0 | W77: 0 | X77: 0 | Y77: 0 | Z77: 0 | AA77: 0 | AB77: 0 | AC77: 0 | AD77: 0 | AE77: 0 | AF77: 0 | AG77: 0 | AH77: 0 | AI77: 0 | AJ77: 0 | AK77: 0 | AL77: 0 | AM77: 0 | AN77: 0 | AO77: 0 | AP77: 0 | AQ77: 0 | AR77: 0 | AS77: 0 | AT77: 0 | AU77: 0 | AV77: 0 | AW77: 0 | AX77: 0 | AY77: 0 | AZ77: 0 | BA77: 0 | BB77: 0 | BC77: 0 | BD77: 0 | BE77: 0 | BF77: 0 | BG77: 0 | BH77: 0 | BI77: 0 | BJ77: 0 | BK77: 0 | BL77: 0 | BM77: 0 | BN77: 0 | BO77: 0 | BP77: 0 | BQ77: 0 | BR77: 0 | BS77: 0 | BT77: 0 | BU77: 0 | BV77: 0 | BW77: 0 | BX77: 0 | BY77: 0 | BZ77: 0 | CA77: 0 | CB77: 0 | CC77: 0 | CD77: 0
B78: 70 | D78: Direct purchases abroad by residents | E78: 0 | F78: 0 | G78: 0 | H78: 0 | I78: 0 | J78: 0 | K78: 0 | L78: 0 | M78: 0 | N78: 0 | O78: 0 | P78: 0 | Q78: 0 | R78: 0 | S78: 0 | T78: 0 | U78: 0 | V78: 0 | W78: 0 | X78: 0 | Y78: 0 | Z78: 0 | AA78: 0 | AB78: 0 | AC78: 0 | AD78: 0 | AE78: 0 | AF78: 0 | AG78: 0 | AH78: 0 | AI78: 0 | AJ78: 0 | AK78: 0 | AL78: 0 | AM78: 0 | AN78: 0 | AO78: 0 | AP78: 0 | AQ78: 0 | AR78: 0 | AS78: 0 | AT78: 0 | AU78: 0 | AV78: 0 | AW78: 0 | AX78: 0 | AY78: 0 | AZ78: 0 | BA78: 0 | BB78: 0 | BC78: 0 | BD78: 0 | BE78: 0 | BF78: 0 | BG78: 0 | BH78: 0 | BI78: 0 | BJ78: 0 | BK78: 0 | BL78: 0 | BM78: 0 | BN78: 0 | BO78: 0 | BP78: 0 | BQ78: 0 | BR78: 0 | BS78: 0 | BT78: 0 | BU78: 1392414.2 | BV78: 0 | BW78: 0 | BX78: 1392414.2 | BY78: 0 | BZ78: 0 | CA78: 0 | CB78: 0 | CC78: 1392414.2 | CD78: 1392414.2
B79: 71 | D79: Direct purchases in domestic markets by non-residents | E79: 0 | F79: 0 | G79: 0 | H79: 0 | I79: 0 | J79: 0 | K79: 0 | L79: 0 | M79: 0 | N79: 0 | O79: 0 | P79: 0 | Q79: 0 | R79: 0 | S79: 0 | T79: 0 | U79: 0 | V79: 0 | W79: 0 | X79: 0 | Y79: 0 | Z79: 0 | AA79: 0 | AB79: 0 | AC79: 0 | AD79: 0 | AE79: 0 | AF79: 0 | AG79: 0 | AH79: 0 | AI79: 0 | AJ79: 0 | AK79: 0 | AL79: 0 | AM79: 0 | AN79: 0 | AO79: 0 | AP79: 0 | AQ79: 0 | AR79: 0 | AS79: 0 | AT79: 0 | AU79: 0 | AV79: 0 | AW79: 0 | AX79: 0 | AY79: 0 | AZ79: 0 | BA79: 0 | BB79: 0 | BC79: 0 | BD79: 0 | BE79: 0 | BF79: 0 | BG79: 0 | BH79: 0 | BI79: 0 | BJ79: 0 | BK79: 0 | BL79: 0 | BM79: 0 | BN79: 0 | BO79: 0 | BP79: 0 | BQ79: 0 | BR79: 0 | BS79: 0 | BT79: 0 | BU79: -5660573.5 | BV79: 0 | BW79: 0 | BX79: -5660573.5 | BY79: 0 | BZ79: 0 | CA79: 0 | CB79: 5660573.5 | CC79: 0 | CD79: 0
B80: 72 | D80: Total intermediate consumption/final consumption at basic prices | E80: 6920279.3 | F80: 603602.12 | G80: 337528.7 | H80: 37436.627 | I80: 118699.8 | J80: 1675352.4 | K80: 613327.61 | L80: 7630630.3 | M80: 2693915.5 | N80: 547803.52 | O80: 453887.63 | P80: 817723.43 | Q80: 233437.6 | R80: 211964.71 | S80: 175988.32 | T80: 362889.64 | U80: 157869.69 | V80: 1381461.9 | W80: 66279.53 | X80: 450473.53 | Y80: 1252622.8 | Z80: 1097911.1 | AA80: 730157.78 | AB80: 21075.399 | AC80: 244289.26 | AD80: 144236.9 | AE80: 85535.048 | AF80: 177491.3 | AG80: 1082768.7 | AH80: 862717.25 | AI80: 496639.59 | AJ80: 1482400.3 | AK80: 375269.11 | AL80: 23424.671 | AM80: 24355797 | AN80: 1227471.2 | AO80: 2184620.8 | AP80: 3191819 | AQ80: 7407075.5 | AR80: 313910.45 | AS80: 227547.05 | AT80: 1709191.8 | AU80: 107490.78 | AV80: 2257984.6 | AW80: 2735991.2 | AX80: 33781.083 | AY80: 73704.944 | AZ80: 61639.138 | BA80: 1259442.7 | BB80: 261859.65 | BC80: 934783.89 | BD80: 159919.05 | BE80: 361331.82 | BF80: 532763.89 | BG80: 412830.6 | BH80: 244900.68 | BI80: 775317.86 | BJ80: 1096144.3 | BK80: 3289837.3 | BL80: 1587362.4 | BM80: 1340782.1 | BN80: 250159.03 | BO80: 166977.64 | BP80: 185453.63 | BQ80: 204775.25 | BR80: 532220.57 | BS80: 0 | BT80: 93051978 | BU80: 77255732 | BV80: 226557.51 | BW80: 13229874 | BX80: 90712163 | BY80: 49173777 | BZ80: 228991.31 | CA80: 244393.7 | CB80: 22032684 | CC80: 1.6239201e+08 | CD80: 2.5544399e+08
B81: 73 | D81: Compensation of employees | E81: 6689109.3 | F81: 1109722.4 | G81: 530764.77 | H81: 19118.489 | I81: 40476.045 | J81: 657989.14 | K81: 198868.93 | L81: 715533.2 | M81: 273085.96 | N81: 97261.925 | O81: 86673.6 | P81: 342113.52 | Q81: 37986.301 | R81: 55489.977 | S81: 16690.311 | T81: 66117.041 | U81: 5731.1722 | V81: 210935.46 | W81: 14419.92 | X81: 84295.194 | Y81: 233114.96 | Z81: 113011.62 | AA81: 70918.349 | AB81: 3300.1511 | AC81: 27788.551 | AD81: 43418.863 | AE81: 26774.455 | AF81: 20295.994 | AG81: 271442.51 | AH81: 132235.96 | AI81: 261328.95 | AJ81: 227409.72 | AK81: 191520.64 | AL81: 8564.0379 | AM81: 4303802.8 | AN81: 188826.37 | AO81: 805411.58 | AP81: 1508194.7 | AQ81: 2397659 | AR81: 39757.894 | AS81: 50293.607 | AT81: 268969.55 | AU81: 18546.269 | AV81: 232405.83 | AW81: 254092.08 | AX81: 8156.515 | AY81: 15260.014 | AZ81: 31037.432 | BA81: 209940.41 | BB81: 15619.327 | BC81: 1140022.1 | BD81: 142451.12 | BE81: 345924.61 | BF81: 457151.82 | BG81: 140290.66 | BH81: 20737.005 | BI81: 131295.28 | BJ81: 214063.11 | BK81: 4383354.1 | BL81: 2527097.9 | BM81: 1263957.9 | BN81: 68776.435 | BO81: 82429.804 | BP81: 97901.815 | BQ81: 187405.41 | BR81: 260536.39 | BS81: 315779.91 | BT81: 35010656 | BU81: 0 | BV81: 0 | BW81: 0 | BX81: 0 | BY81: 0 | BZ81: 0 | CA81: 0 | CB81: 0 | CC81: 0 | CD81: 0
B82: 74 | D82: Other taxes on production | E82: 1468.9562 | F82: 3686.6405 | G82: 4256.421 | H82: 7032.2095 | I82: 3979.903 | J82: 8839.6708 | K82: 9084.2891 | L82: 85132.133 | M82: 19556.556 | N82: 1956.7666 | O82: 3213.2918 | P82: 8648.7086 | Q82: 4482.1123 | R82: 15854.02 | S82: 4054.6887 | T82: 4354.2598 | U82: 3868.8991 | V82: 20616.393 | W82: 721.61466 | X82: 629.46597 | Y82: 3354.9201 | Z82: 4456.3498 | AA82: 5234.2628 | AB82: 213.01509 | AC82: 1191.767 | AD82: 838.94002 | AE82: 996.72455 | AF82: 1620.0515 | AG82: 22738.588 | AH82: 2495.5565 | AI82: 270.50828 | AJ82: 11848.316 | AK82: 3198.6499 | AL82: 318.80635 | AM82: 7278.5312 | AN82: 737.40094 | AO82: 1929.2439 | AP82: 4236.1286 | AQ82: 88028.969 | AR82: 3855.4486 | AS82: 3101.0182 | AT82: 11618.717 | AU82: 461.18627 | AV82: 4225.8713 | AW82: 2667.4454 | AX82: 2608.6874 | AY82: 672.4916 | AZ82: 723.42315 | BA82: 3242.9856 | BB82: 966.56086 | BC82: 19983.735 | BD82: 13607.021 | BE82: 588.22628 | BF82: 8250.2423 | BG82: 4753.1493 | BH82: 1075.8867 | BI82: 596.38287 | BJ82: 20621.292 | BK82: 53976.3 | BL82: 22629.003 | BM82: 19458.066 | BN82: 3301.6276 | BO82: 1750.2225 | BP82: 463.10022 | BQ82: 2047.3363 | BR82: 6222.4171 | BS82: 0 | BT82: 585891.57 | BU82: 0 | BV82: 0 | BW82: 0 | BX82: 0 | BY82: 0 | BZ82: 0 | CA82: 0 | CB82: 0 | CC82: 0 | CD82: 0
B83: 75 | D83: Other subsidies on production | E83: 0 | F83: 0 | G83: 0 | H83: 0 | I83: 0 | J83: 0 | K83: 0 | L83: 0 | M83: 0 | N83: 0 | O83: 0 | P83: 0 | Q83: 0 | R83: 0 | S83: 0 | T83: 0 | U83: 0 | V83: 0 | W83: 0 | X83: 0 | Y83: 0 | Z83: 0 | AA83: 0 | AB83: 0 | AC83: 0 | AD83: 0 | AE83: 0 | AF83: 0 | AG83: 0 | AH83: 0 | AI83: 0 | AJ83: -1020350.4 | AK83: 0 | AL83: 0 | AM83: 0 | AN83: 0 | AO83: 0 | AP83: 0 | AQ83: -23123.325 | AR83: -22874.221 | AS83: -3886.68 | AT83: 0 | AU83: 0 | AV83: 0 | AW83: 0 | AX83: 0 | AY83: 0 | AZ83: 0 | BA83: -16081.325 | BB83: 0 | BC83: -16276.94 | BD83: 0 | BE83: 0 | BF83: 0 | BG83: 0 | BH83: 0 | BI83: 0 | BJ83: 0 | BK83: 0 | BL83: 0 | BM83: -42203.624 | BN83: 0 | BO83: 0 | BP83: 0 | BQ83: 0 | BR83: 0 | BS83: 0 | BT83: -1144796.5 | BU83: 0 | BV83: 0 | BW83: 0 | BX83: 0 | BY83: 0 | BZ83: 0 | CA83: 0 | CB83: 0 | CC83: 0 | CD83: 0
B84: 76 | D84: Consumption of fixed capital | E84: 282277.64 | F84: 167449.97 | G84: 87450.997 | H84: 28048.329 | I84: 106548.03 | J84: 711568.93 | K84: 451720.25 | L84: 130264.11 | M84: 142809.75 | N84: 28529.152 | O84: 53207.197 | P84: 75875.765 | Q84: 16725.647 | R84: 28160.511 | S84: 3476.653 | T84: 21297.07 | U84: 494.46516 | V84: 74497.522 | W84: 11072.126 | X84: 15324.862 | Y84: 24488.805 | Z84: 25481.919 | AA84: 3521.955 | AB84: 678.1867 | AC84: 1558.1068 | AD84: 10274.914 | AE84: 1910.7403 | AF84: 2296.3975 | AG84: 79474.043 | AH84: 34364.047 | AI84: 13849.287 | AJ84: 11385.554 | AK84: 40335.794 | AL84: 0 | AM84: 1762359.7 | AN84: 19149.568 | AO84: 151829.73 | AP84: 125923.36 | AQ84: 1273167.5 | AR84: 6647.7529 | AS84: 17342.145 | AT84: 115948.88 | AU84: 2398.9533 | AV84: 2298.4372 | AW84: 50013.258 | AX84: 4771.9706 | AY84: 7449.7325 | AZ84: 14175.346 | BA84: 224270.03 | BB84: 8195.683 | BC84: 421300.97 | BD84: 80396.867 | BE84: 49818.672 | BF84: 21172.148 | BG84: 67079.299 | BH84: 22254.597 | BI84: 1684.9964 | BJ84: 93251.837 | BK84: 1749572.9 | BL84: 39442.45 | BM84: 223314.77 | BN84: 2175.9146 | BO84: 2139.4338 | BP84: 22328.651 | BQ84: 19670.571 | BR84: 27826.742 | BS84: 0 | BT84: 9315791.6 | BU84: 0 | BV84: 0 | BW84: 0 | BX84: 0 | BY84: 0 | BZ84: 0 | CA84: 0 | CB84: 0 | CC84: 0 | CD84: 0
B85: 77 | D85: Operating surplus, net | E85: 20990936 | F85: 2699230.8 | G85: 1965394.9 | H85: 65790.187 | I85: 172550.15 | J85: 4087318.9 | K85: 814037.66 | L85: 2316537.2 | M85: 463289.66 | N85: 77962.047 | O85: 58561.063 | P85: 409486.28 | Q85: 37595.339 | R85: 50734.389 | S85: 43580.546 | T85: 120108.86 | U85: 28647.349 | V85: 441651.88 | W85: 18280.228 | X85: 198998.47 | Y85: 424793.54 | Z85: 122568.42 | AA85: 87009.999 | AB85: 3315.1308 | AC85: 34902.408 | AD85: 40633.277 | AE85: 22040.485 | AF85: 79975.565 | AG85: 302872.59 | AH85: 110856.99 | AI85: 403143.2 | AJ85: 1311437.8 | AK85: 417660.37 | AL85: 19057.626 | AM85: 12819207 | AN85: 947288.82 | AO85: 3362076 | AP85: 5146224.4 | AQ85: 4745226.7 | AR85: 425343.81 | AS85: 254630.66 | AT85: 793794.87 | AU85: 102666.87 | AV85: 1365112.6 | AW85: 1697665.6 | AX85: 47766.099 | AY85: 108647.39 | AZ85: 106938.99 | BA85: 1274864.3 | BB85: 97237.267 | BC85: 1901590.8 | BD85: 233407.44 | BE85: 742367.66 | BF85: 3475600.9 | BG85: 364051.57 | BH85: 371074.87 | BI85: 1031068.3 | BJ85: 1325785.7 | BK85: -0.00070329662 | BL85: 1010105.4 | BM85: 564838.84 | BN85: 306365.49 | BO85: 411716.89 | BP85: 195924.3 | BQ85: 388016.52 | BR85: 542677.84 | BS85: 0 | BT85: 84600243 | BU85: 0 | BV85: 0 | BW85: 0 | BX85: 0 | BY85: 0 | BZ85: 0 | CA85: 0 | CB85: 0 | CC85: 0 | CD85: 0
B86: 78 | D86: Value added at basic prices | E86: 27963792 | F86: 3980089.9 | G86: 2587867.1 | H86: 119989.21 | I86: 323554.13 | J86: 5465716.6 | K86: 1473711.1 | L86: 3247466.7 | M86: 898741.92 | N86: 205709.89 | O86: 201655.15 | P86: 836124.28 | Q86: 96789.399 | R86: 150238.9 | S86: 67802.199 | T86: 211877.23 | U86: 38741.885 | V86: 747701.25 | W86: 44493.889 | X86: 299247.99 | Y86: 685752.23 | Z86: 265518.31 | AA86: 166684.57 | AB86: 7506.4837 | AC86: 65440.832 | AD86: 95165.993 | AE86: 51722.405 | AF86: 104188.01 | AG86: 676527.73 | AH86: 279952.55 | AI86: 678591.94 | AJ86: 541730.99 | AK86: 652715.45 | AL86: 27940.47 | AM86: 18892648 | AN86: 1156002.2 | AO86: 4321246.6 | AP86: 6784578.6 | AQ86: 8480958.9 | AR86: 452730.69 | AS86: 321480.75 | AT86: 1190332 | AU86: 124073.28 | AV86: 1604042.7 | AW86: 2004438.4 | AX86: 63303.272 | AY86: 132029.63 | AZ86: 152875.19 | BA86: 1696236.4 | BB86: 122018.84 | BC86: 3466620.6 | BD86: 469862.46 | BE86: 1138699.2 | BF86: 3962175.1 | BG86: 576174.68 | BH86: 415142.36 | BI86: 1164645 | BJ86: 1653722 | BK86: 6186903.3 | BL86: 3599274.7 | BM86: 2029366 | BN86: 380619.47 | BO86: 498036.35 | BP86: 316617.87 | BQ86: 597139.84 | BR86: 837263.39 | BS86: 315779.91 | BT86: 1.2836779e+08 | BU86: 0 | BV86: 0 | BW86: 0 | BX86: 0 | BY86: 0 | BZ86: 0 | CA86: 0 | CB86: 0 | CC86: 0 | CD86: 0
B87: 79 | D87: Output at basic prices | E87: 34884071 | F87: 4583692 | G87: 2925395.8 | H87: 157425.84 | I87: 442253.94 | J87: 7141069 | K87: 2087038.7 | L87: 10878097 | M87: 3592657.5 | N87: 753513.41 | O87: 655542.78 | P87: 1653847.7 | Q87: 330227 | R87: 362203.61 | S87: 243790.52 | T87: 574766.87 | U87: 196611.58 | V87: 2129163.2 | W87: 110773.42 | X87: 749721.52 | Y87: 1938375 | Z87: 1363429.4 | AA87: 896842.35 | AB87: 28581.883 | AC87: 309730.09 | AD87: 239402.9 | AE87: 137257.45 | AF87: 281679.31 | AG87: 1759296.5 | AH87: 1142669.8 | AI87: 1175231.5 | AJ87: 2024131.3 | AK87: 1027984.6 | AL87: 51365.141 | AM87: 43248444 | AN87: 2383473.4 | AO87: 6505867.4 | AP87: 9976397.6 | AQ87: 15888034 | AR87: 766641.13 | AS87: 549027.8 | AT87: 2899523.8 | AU87: 231564.06 | AV87: 3862027.4 | AW87: 4740429.6 | AX87: 97084.355 | AY87: 205734.57 | AZ87: 214514.33 | BA87: 2955679.1 | BB87: 383878.49 | BC87: 4401404.5 | BD87: 629781.51 | BE87: 1500031 | BF87: 4494939 | BG87: 989005.28 | BH87: 660043.04 | BI87: 1939962.9 | BJ87: 2749866.3 | BK87: 9476740.6 | BL87: 5186637.1 | BM87: 3370148.1 | BN87: 630778.5 | BO87: 665013.99 | BP87: 502071.5 | BQ87: 801915.09 | BR87: 1369484 | BS87: 315779.91 | BT87: 2.2141976e+08 | BU87: 0 | BV87: 0 | BW87: 0 | BX87: 0 | BY87: 0 | BZ87: 0 | CA87: 0 | CB87: 0 | CC87: 0 | CD87: 0

Sheet trademarg
A1: MENU
C3: Table 3: Trade Margins, 2019
CD4: (Million Tsh)
E5: INPUT OF INDUSTRIES (ISIC REV.4) | BT5: Total intermediate consumption | BU5: FINAL USES | CD5: Total uses at basic prices
D6: INDUSTRIES (ISIC Rev.4) | E6: Crop and animal production, hunting and related service activities | F6: Forestry and logging | G6: Fishing and aquaculture | H6: Mining of coal and lignite | I6: Extraction of crude petroleum and natural gas | J6: Mining of metal ores | K6: Other mining and quarrying | L6: Manufacture of food products | M6: Manufacture of beverages | N6: Manufacture of tobacco products | O6: Manufacture of textiles | P6: Manufacture of wearing apparel | Q6: Manufacture of leather and related products | R6: Manufacture of wood and of products of wood and cork | S6: Manufacture of paper and paper products | T6: Printing and reproduction of recorded media | U6: Manufacture of coke and refined petroleum products | V6: Manufacture of chemicals and chemical products | W6: Manufacture of basic pharmaceutical products | X6: Manufacture of rubber and plastics products | Y6: Manufacture of other non-metallic mineral products | Z6: Manufacture of basic metals | AA6: Manufacture of fabricated metal products, except mach.&equip. | AB6: Manufacture of computer electronic and optical products | AC6: Manufacture of electrical equipment | AD6: Manufacture of machinery and equipment n.e.c. | AE6: Manufacture of motor vehicles, trailers and semi-trailers | AF6: Manufacture of other transport equipment | AG6: Manufacture of furniture | AH6: Other manufacturing n.e.c. | AI6: Repair and installation services of machinery and equipment | AJ6: Electricity, gas, steam and air conditioning | AK6: Natural water; water treatment and supply services | AL6: Sewerage services; waste collection, treatment and disposal services | AM6: Construction | AN6: Wholesale and retail trade, and repair services of motor vehicles and motorcycles | AO6: Wholesale trade services, except of motor vehicles and motorcycles | AP6: Retail trade services, except of motor vehicles and motorcycles | AQ6: Land transport and transport via pipelines | AR6: Water transport | AS6: Air transport | AT6: Warehousing and support activities for transportation | AU6: Postal and courier activities | AV6: Accommodation services | AW6: Food and beverage serving services | AX6: Publishing services | AY6: Motion picture, video and television programme production services, sound recording and music publishing | AZ6: Programming and broadcasting services | BA6: Telecommunications | BB6: Computer programming, data proccessing and information services | BC6: Financial services (including FISIM), except insurance and pension funding | BD6: Insurance, reinsurance and pension funding services, except compulsory social security | BE6: Services auxiliary to financial services and insurance services | BF6: Real estate services and imputed rents of owner-occupied dwellings | BG6: Professional, scientific, technical and veterinary services | BH6: Rental, leasing and employment services | BI6: Travel agency, tour operator and other reservation services and related services | BJ6: Other administartive and support services | BK6: Public administration and defence services; compulsory social security services | BL6: Education services | BM6: Human health services | BN6: Social work services | BO6: Arts, entertainment and recreation services | BP6: Services furnished by membership organisations | BQ6: Repair of computers and personal and household goods | BR6: Other personal services | BS6: Domestic services | BU6: Final consumption expenditure by households | BV6: Final consumption expenditure by non-profit organisations serving households (NPISH) | BW6: Final consumption expenditure by government | BX6: Final consumption expenditure | BY6: Gross Fixed Capital Formation | BZ6: Changes in valuables | CA6: Changes in inventories | CB6: Exports | CC6: Final uses
C7: Code | D7: PRODUCTS (CPA Rev.2) | E7: A01 | F7: A02 | G7: A03 | H7: B05 | I7: B06 | J7: B07 | K7: B08-B09 | L7: C10 | M7: C11 | N7: C12 | O7: C13 | P7: C14 | Q7: C15 | R7: C16 | S7: C17 | T7: C18 | U7: C19 | V7: C20 | W7: C21 | X7: C22 | Y7: C23 | Z7: C24 | AA7: C25 | AB7: C26 | AC7: C27 | AD7: C28 | AE7: C29 | AF7: C30 | AG7: C31 | AH7: C32 | AI7: C33 | AJ7: D35 | AK7: E36 | AL7: E37-E39 | AM7: F41-43 | AN7: G45 | AO7: G46 | AP7: G47 | AQ7: H49 | AR7: H50 | AS7: H51 | AT7: H52 | AU7: H53 | AV7: I55 | AW7: I56 | AX7: J58 | AY7: J59 | AZ7: J60 | BA7: J61 | BB7: J62 | BC7: K64 | BD7: K65 | BE7: K66 | BF7: L68 | BG7: M69-M75 | BH7: N77-N78 | BI7: N79 | BJ7: N80-N82 | BK7: O84 | BL7: P85 | BM7: Q86 | BN7: Q87-Q88 | BO7: R90-R93 | BP7: S94 | BQ7: S95 | BR7: S96 | BS7: T97 | BU7: Hhcons | BV7: NPIHS | BW7: Govcons | BY7: GFCF | BZ7: Chval | CA7: Chinv | CB7: Exp
B8: No | E8: 01 | F8: 02 | G8: 03 | H8: 04 | I8: 05 | J8: 06 | K8: 07 | L8: 08 | M8: 09 | N8: 10 | O8: 11 | P8: 12 | Q8: 13 | R8: 14 | S8: 15 | T8: 16 | U8: 17 | V8: 18 | W8: 19 | X8: 20 | Y8: 21 | Z8: 22 | AA8: 23 | AB8: 24 | AC8: 25 | AD8: 26 | AE8: 27 | AF8: 28 | AG8: 29 | AH8: 30 | AI8: 31 | AJ8: 32 | AK8: 33 | AL8: 34 | AM8: 35 | AN8: 36 | AO8: 37 | AP8: 38 | AQ8: 39 | AR8: 40 | AS8: 41 | AT8: 42 | AU8: 43 | AV8: 44 | AW8: 45 | AX8: 46 | AY8: 47 | AZ8: 48 | BA8: 49 | BB8: 50 | BC8: 51 | BD8: 52 | BE8: 53 | BF8: 54 | BG8: 55 | BH8: 56 | BI8: 57 | BJ8: 58 | BK8: 59 | BL8: 60 | BM8: 61 | BN8: 62 | BO8: 63 | BP8: 64 | BQ8: 65 | BR8: 66 | BS8: 67 | BT8: 68 | BU8: 69 | BV8: 70 | BW8: 71 | BX8: 72 | BY8: 73 | BZ8: 74 | CA8: 75 | CB8: 76 | CC8: 77 | CD8: 78
B9: 01 | C9: A01 | D9: Products of agriculture, hunting and related services | E9: 202166.32 | F9: 15.490243 | G9: 1.8004094 | H9: 0.10159889 | I9: 0 | J9: 50.887633 | K9: 9.4606672 | L9: 528921.52 | M9: 43871.462 | N9: 12618.879 | O9: 40100.782 | P9: 7672.8146 | Q9: 7370.6687 | R9: 0 | S9: 79.635181 | T9: 79.803259 | U9: 0 | V9: 13691.32 | W9: 84.384244 | X9: 0 | Y9: 0 | Z9: 0 | AA9: 0 | AB9: 0 | AC9: 0 | AD9: 0 | AE9: 0 | AF9: 0 | AG9: 0 | AH9: 751.2269 | AI9: 0 | AJ9: 0 | AK9: 0 | AL9: 0 | AM9: 1.9631558 | AN9: 23.175654 | AO9: 60.45759 | AP9: 99.573414 | AQ9: 47.201585 | AR9: 0 | AS9: 0 | AT9: 0 | AU9: 0 | AV9: 47397.96 | AW9: 88076.083 | AX9: 0 | AY9: 0 | AZ9: 0 | BA9: 24.330895 | BB9: 0 | BC9: 12.52984 | BD9: 0.69265244 | BE9: 0 | BF9: 589.93213 | BG9: 10.309428 | BH9: 4.0461521 | BI9: 6.7985232 | BJ9: 40.733761 | BK9: 73.981475 | BL9: 51.180634 | BM9: 6.9011786 | BN9: 0 | BO9: 0 | BP9: 0 | BQ9: 0 | BR9: 10881.944 | BS9: 0 | BT9: 1004896.4 | BU9: 2619842 | BV9: 0 | BW9: 0 | BX9: 2619842 | BY9: 66171.239 | BZ9: 0 | CA9: 6157.0045 | CB9: 253887.7 | CC9: 2946058 | CD9: 3950954.3
B10: 02 | C10: A02 | D10: Products of forestry, logging and related services | E10: 2771.2241 | F10: 13555.687 | G10: 4136.3376 | H10: 264.23214 | I10: 128.53704 | J10: 7645.1728 | K10: 2407.9554 | L10: 4473.2804 | M10: 194.41719 | N10: 33.532407 | O10: 1.1846866 | P10: 63.843016 | Q10: 7.5270971 | R10: 7910.7041 | S10: 405.97603 | T10: 1.6088111 | U10: 0 | V10: 500.89116 | W10: 0 | X10: 203.73634 | Y10: 0.48724845 | Z10: 0 | AA10: 0 | AB10: 0 | AC10: 0 | AD10: 0 | AE10: 0 | AF10: 0 | AG10: 8256.8079 | AH10: 0.68682571 | AI10: 0.34603694 | AJ10: 0 | AK10: 0 | AL10: 0 | AM10: 104324.88 | AN10: 183.40025 | AO10: 253.03106 | AP10: 416.71421 | AQ10: 0 | AR10: 0 | AS10: 0 | AT10: 0 | AU10: 36.944599 | AV10: 13051.274 | AW10: 46867.859 | AX10: 0 | AY10: 0 | AZ10: 0 | BA10: 0 | BB10: 0 | BC10: 0 | BD10: 0 | BE10: 0 | BF10: 0 | BG10: 0 | BH10: 0 | BI10: 0 | BJ10: 2286.3997 | BK10: 882.14403 | BL10: 2611.5347 | BM10: 1355.1546 | BN10: 82.774246 | BO10: 71.55637 | BP10: 51.94856 | BQ10: 0 | BR10: 54.072072 | BS10: 0 | BT10: 225493.86 | BU10: 369196.67 | BV10: 0 | BW10: 0 | BX10: 369196.67 | BY10: 0 | BZ10: 0 | CA10: 0 | CB10: 1350.5509 | CC10: 370547.23 | CD10: 596041.08
B11: 03 | C11: A03 | D11: Fish and other fishing products; aquaculture products; support services to fishing | E11: 0 | F11: 0 | G11: 0 | H11: 0 | I11: 0 | J11: 0 | K11: 0 | L11: 31672.431 | M11: 0 | N11: 0 | O11: 0 | P11: 0 | Q11: 0 | R11: 0 | S11: 0 | T11: 0 | U11: 0 | V11: 0 | W11: 0 | X11: 0 | Y11: 0 | Z11: 0 | AA11: 0 | AB11: 0 | AC11: 0 | AD11: 0 | AE11: 0 | AF11: 0 | AG11: 0 | AH11: 0 | AI11: 0 | AJ11: 0 | AK11: 0 | AL11: 0 | AM11: 0 | AN11: 0 | AO11: 0 | AP11: 0 | AQ11: 0 | AR11: 0 | AS11: 0 | AT11: 0 | AU11: 0 | AV11: 9515.2915 | AW11: 8912.1733 | AX11: 0 | AY11: 0 | AZ11: 0 | BA11: 0 | BB11: 0 | BC11: 0 | BD11: 0 | BE11: 0 | BF11: 0 | BG11: 0 | BH11: 0 | BI11: 0 | BJ11: 0 | BK11: 0 | BL11: 0 | BM11: 0 | BN11: 0 | BO11: 0 | BP11: 0 | BQ11: 0 | BR11: 0 | BS11: 0 | BT11: 50099.896 | BU11: 311494.99 | BV11: 0 | BW11: 0 | BX11: 311494.99 | BY11: 0 | BZ11: 0 | CA11: 0 | CB11: 570.17181 | CC11: 312065.16 | CD11: 362165.05
B12: 04 | C12: B05 | D12: Coal and lignite | E12: 0 | F12: 0 | G12: 0 | H12: 0 | I12: 0 | J12: 0 | K12: 0 | L12: 0.047334343 | M12: 0.045582479 | N12: 0 | O12: 0 | P12: 0 | Q12: 0 | R12: 0 | S12: 0 | T12: 0 | U12: 0 | V12: 0 | W12: 0 | X12: 0 | Y12: 17531.826 | Z12: 927.30411 | AA12: 3.9578325e-06 | AB12: 0 | AC12: 0.0043615581 | AD12: 3.3608189 | AE12: 0 | AF12: 0 | AG12: 0 | AH12: 0 | AI12: 0 | AJ12: 0 | AK12: 0 | AL12: 0 | AM12: 0 | AN12: 0 | AO12: 0 | AP12: 0 | AQ12: 24.410948 | AR12: 0 | AS12: 0 | AT12: 0 | AU12: 0 | AV12: 11.554435 | AW12: 0 | AX12: 0 | AY12: 0 | AZ12: 0 | BA12: 0 | BB12: 0 | BC12: 0 | BD12: 0 | BE12: 0 | BF12: 0 | BG12: 0 | BH12: 0 | BI12: 0 | BJ12: 0 | BK12: 0 | BL12: 0 | BM12: 0 | BN12: 0 | BO12: 0 | BP12: 0 | BQ12: 0 | BR12: 0 | BS12: 0 | BT12: 18498.554 | BU12: 64.358087 | BV12: 0 | BW12: 0 | BX12: 64.358087 | BY12: 0 | BZ12: 0 | CA12: 1240.4825 | CB12: 1738.2597 | CC12: 3043.1003 | CD12: 21541.654
B13: 05 | C13: B06 | D13: Crude petroleum and natural gas | E13: 0 | F13: 0 | G13: 0 | H13: 0 | I13: 0 | J13: 0 | K13: 0 | L13: 0 | M13: 0 | N13: 0 | O13: 0 | P13: 0 | Q13: 0 | R13: 0 | S13: 0 | T13: 0 | U13: 4839.1125 | V13: 0 | W13: 0 | X13: 0 | Y13: 2452.1721 | Z13: 0 | AA13: 0 | AB13: 0 | AC13: 0 | AD13: 0 | AE13: 0 | AF13: 0 | AG13: 0 | AH13: 0 | AI13: 0 | AJ13: 21035.546 | AK13: 0 | AL13: 0 | AM13: 0 | AN13: 0 | AO13: 0 | AP13: 0 | AQ13: 0 | AR13: 0 | AS13: 0 | AT13: 0 | AU13: 0 | AV13: 0 | AW13: 0 | AX13: 0 | AY13: 0 | AZ13: 0 | BA13: 0 | BB13: 0 | BC13: 0 | BD13: 0 | BE13: 0 | BF13: 0 | BG13: 0 | BH13: 0 | BI13: 0 | BJ13: 0 | BK13: 0 | BL13: 0 | BM13: 0 | BN13: 0 | BO13: 0 | BP13: 0 | BQ13: 0 | BR13: 0 | BS13: 0 | BT13: 28326.831 | BU13: 0 | BV13: 0 | BW13: 0 | BX13: 0 | BY13: 0 | BZ13: 0 | CA13: 0 | CB13: 718.26223 | CC13: 718.26223 | CD13: 29045.093
B14: 06 | C14: B07 | D14: Metal ores | E14: 0 | F14: 0 | G14: 0 | H14: 0 | I14: 0 | J14: 0 | K14: 0 | L14: 0 | M14: 0 | N14: 0 | O14: 0 | P14: 0 | Q14: 0 | R14: 0 | S14: 0 | T14: 0 | U14: 0 | V14: 567.76537 | W14: 0 | X14: 0 | Y14: 0 | Z14: 84314.131 | AA14: 63075.514 | AB14: 0 | AC14: 0 | AD14: 0 | AE14: 0 | AF14: 0 | AG14: 0 | AH14: 76951.65 | AI14: 0 | AJ14: 0 | AK14: 0 | AL14: 0 | AM14: 0 | AN14: 0 | AO14: 0 | AP14: 0 | AQ14: 0 | AR14: 0 | AS14: 0 | AT14: 0 | AU14: 0 | AV14: 0 | AW14: 0 | AX14: 0 | AY14: 0 | AZ14: 0 | BA14: 0 | BB14: 0 | BC14: 0 | BD14: 0 | BE14: 0 | BF14: 0 | BG14: 0 | BH14: 0 | BI14: 0 | BJ14: 0 | BK14: 0 | BL14: 0 | BM14: 0 | BN14: 0 | BO14: 0 | BP14: 0 | BQ14: 0 | BR14: 0 | BS14: 0 | BT14: 224909.06 | BU14: 0 | BV14: 0 | BW14: 0 | BX14: 0 | BY14: 0 | BZ14: 112.50483 | CA14: 228.40915 | CB14: 528579.12 | CC14: 528920.03 | CD14: 753829.09
B15: 07 | C15: B08-B09 | D15: Other mining and quarrying products | E15: 0 | F15: 0 | G15: 0 | H15: 0 | I15: 153.71968 | J15: 4710.1107 | K15: 1417.0963 | L15: 2.6317847 | M15: 8.6563493 | N15: 0 | O15: 0 | P15: 0 | Q15: 6.0433933 | R15: 0 | S15: 0 | T15: 0 | U15: 0 | V15: 449.66366 | W15: 0.55876889 | X15: 0.27320886 | Y15: 66734.282 | Z15: 5.660861 | AA15: 1.250252 | AB15: 0 | AC15: 0 | AD15: 0 | AE15: 0 | AF15: 5.2236203 | AG15: 387.39463 | AH15: 10.026334 | AI15: 0 | AJ15: 0 | AK15: 382.44096 | AL15: 0 | AM15: 119950.01 | AN15: 0 | AO15: 0 | AP15: 0 | AQ15: 0 | AR15: 0 | AS15: 0 | AT15: 0 | AU15: 0 | AV15: 0 | AW15: 0 | AX15: 0 | AY15: 0 | AZ15: 0 | BA15: 0 | BB15: 0 | BC15: 0 | BD15: 0 | BE15: 0 | BF15: 0 | BG15: 0 | BH15: 0 | BI15: 0 | BJ15: 0 | BK15: 0 | BL15: 0 | BM15: 0 | BN15: 0 | BO15: 0 | BP15: 0 | BQ15: 0 | BR15: 0 | BS15: 0 | BT15: 194225.05 | BU15: 0 | BV15: 0 | BW15: 0 | BX15: 0 | BY15: 0 | BZ15: 0 | CA15: 11226.838 | CB15: 64684.596 | CC15: 75911.434 | CD15: 270136.48
B16: 08 | C16: C10 | D16: Manufacture of food products | E16: 35373.641 | F16: 0 | G16: 10362.574 | H16: 0 | I16: 0 | J16: 0 | K16: 0 | L16: 71691.519 | M16: 101079.3 | N16: 0 | O16: 195.73746 | P16: 5142.0818 | Q16: 2380.9527 | R16: 0 | S16: 0 | T16: 0 | U16: 0 | V16: 10398.893 | W16: 107.33611 | X16: 0 | Y16: 0 | Z16: 0 | AA16: 0 | AB16: 0 | AC16: 0 | AD16: 0 | AE16: 0 | AF16: 0 | AG16: 0 | AH16: 451.80754 | AI16: 2730.4158 | AJ16: 0 | AK16: 0 | AL16: 0 | AM16: 0 | AN16: 0 | AO16: 0 | AP16: 0 | AQ16: 0 | AR16: 0 | AS16: 0 | AT16: 0 | AU16: 0 | AV16: 81271.47 | AW16: 117337.21 | AX16: 24.935691 | AY16: 0 | AZ16: 0 | BA16: 0 | BB16: 0 | BC16: 0 | BD16: 0 | BE16: 0 | BF16: 0 | BG16: 41.915542 | BH16: 0 | BI16: 0 | BJ16: 0 | BK16: 15842.565 | BL16: 13227.741 | BM16: 15771.012 | BN16: 1395.7167 | BO16: 0 | BP16: 0 | BQ16: 0 | BR16: 0 | BS16: 0 | BT16: 484826.82 | BU16: 1443477.6 | BV16: 0 | BW16: 0 | BX16: 1443477.6 | BY16: 0 | BZ16: 0 | CA16: 5583.6741 | CB16: 95009.965 | CC16: 1544071.2 | CD16: 2028898.1
B17: 09 | C17: C11 | D17: Manufacture of beverages | E17: 0 | F17: 0 | G17: 0 | H17: 0 | I17: 0 | J17: 0 | K17: 0 | L17: 0 | M17: 7305.7405 | N17: 0 | O17: 0 | P17: 0 | Q17: 0 | R17: 0 | S17: 0 | T17: 0 | U17: 0 | V17: 0 | W17: 0 | X17: 0 | Y17: 0 | Z17: 0 | AA17: 0 | AB17: 0 | AC17: 0 | AD17: 0 | AE17: 0 | AF17: 0 | AG17: 0 | AH17: 0 | AI17: 0 | AJ17: 0 | AK17: 0 | AL17: 0 | AM17: 0 | AN17: 459.14588 | AO17: 51.685291 | AP17: 85.140926 | AQ17: 332.47055 | AR17: 598.40436 | AS17: 38.240099 | AT17: 3588.6887 | AU17: 22.332296 | AV17: 31590.361 | AW17: 42780.057 | AX17: 57.557416 | AY17: 0 | AZ17: 0 | BA17: 115.2337 | BB17: 33.013938 | BC17: 268.80424 | BD17: 25.728738 | BE17: 65.603011 | BF17: 19.17037 | BG17: 276.89661 | BH17: 83.790626 | BI17: 2509.045 | BJ17: 1275.238 | BK17: 2106.4618 | BL17: 1063.5814 | BM17: 1071.3676 | BN17: 121.72276 | BO17: 151.57478 | BP17: 26.371951 | BQ17: 0 | BR17: 67.14221 | BS17: 0 | BT17: 96190.571 | BU17: 793083.13 | BV17: 0 | BW17: 0 | BX17: 793083.13 | BY17: 0 | BZ17: 0 | CA17: 2318.1805 | CB17: 10277.403 | CC17: 805678.72 | CD17: 901869.29
B18: 10 | C18: C12 | D18: Manufacture of tobacco products | E18: 0 | F18: 0 | G18: 0 | H18: 0 | I18: 0 | J18: 0 | K18: 0 | L18: 0 | M18: 0 | N18: 2318.0488 | O18: 0 | P18: 0 | Q18: 0 | R18: 0 | S18: 0 | T18: 0 | U18: 0 | V18: 0 | W18: 0 | X18: 0 | Y18: 0 | Z18: 0 | AA18: 0 | AB18: 0 | AC18: 0 | AD18: 0 | AE18: 0 | AF18: 0 | AG18: 0 | AH18: 0 | AI18: 0 | AJ18: 0 | AK18: 0 | AL18: 0 | AM18: 0 | AN18: 0 | AO18: 0 | AP18: 0 | AQ18: 0 | AR18: 0 | AS18: 0 | AT18: 0 | AU18: 0 | AV18: 0 | AW18: 0 | AX18: 0 | AY18: 0 | AZ18: 0 | BA18: 0 | BB18: 0 | BC18: 0 | BD18: 0 | BE18: 0 | BF18: 0 | BG18: 0 | BH18: 0 | BI18: 0 | BJ18: 0 | BK18: 0 | BL18: 0 | BM18: 0 | BN18: 0 | BO18: 0 | BP18: 0 | BQ18: 0 | BR18: 0 | BS18: 0 | BT18: 2318.0488 | BU18: 91534.835 | BV18: 0 | BW18: 0 | BX18: 91534.835 | BY18: 0 | BZ18: 0 | CA18: 0 | CB18: 46536.358 | CC18: 138071.19 | CD18: 140389.24
B19: 11 | C19: C13 | D19: Manufacture of textiles | E19: 8633.3177 | F19: 0 | G19: 7878.4289 | H19: 0 | I19: 0 | J19: 0 | K19: 0 | L19: 4297.8786 | M19: 36.8798 | N19: 0 | O19: 419.94093 | P19: 88352.69 | Q19: 2688.4105 | R19: 2222.4731 | S19: 765.11516 | T19: 479.44869 | U19: 0 | V19: 0 | W19: 2614.6668 | X19: 8281.9192 | Y19: 0 | Z19: 0 | AA19: 0 | AB19: 0 | AC19: 0 | AD19: 0 | AE19: 1513.8109 | AF19: 9163.8908 | AG19: 4698.8857 | AH19: 2064.5809 | AI19: 2251.5639 | AJ19: 0 | AK19: 214.75038 | AL19: 0 | AM19: 0 | AN19: 0 | AO19: 0 | AP19: 0 | AQ19: 0 | AR19: 0 | AS19: 0 | AT19: 0 | AU19: 0 | AV19: 0 | AW19: 0 | AX19: 0 | AY19: 0 | AZ19: 0 | BA19: 0 | BB19: 0 | BC19: 0 | BD19: 0 | BE19: 0 | BF19: 0 | BG19: 0 | BH19: 0 | BI19: 0 | BJ19: 0 | BK19: 5387.2565 | BL19: 27.021238 | BM19: 16199.495 | BN19: 259.66659 | BO19: 57.925023 | BP19: 0 | BQ19: 4092.7745 | BR19: 0 | BS19: 0 | BT19: 172602.79 | BU19: 34516.245 | BV19: 0 | BW19: 0 | BX19: 34516.245 | BY19: 0 | BZ19: 0 | CA19: 1606.2756 | CB19: 53154.074 | CC19: 89276.595 | CD19: 261879.39
B20: 12 | C20: C14 | D20: Manufacture of wearing apparel | E20: 1090.3983 | F20: 11949.941 | G20: 585.22507 | H20: 471.80565 | I20: 264.47573 | J20: 0 | K20: 0 | L20: 3225.0948 | M20: 0 | N20: 0 | O20: 105.17952 | P20: 2608.5418 | Q20: 0 | R20: 0 | S20: 0 | T20: 18.657772 | U20: 0 | V20: 0 | W20: 0 | X20: 0 | Y20: 0 | Z20: 0 | AA20: 0 | AB20: 0 | AC20: 0 | AD20: 0 | AE20: 0 | AF20: 0 | AG20: 0 | AH20: 0 | AI20: 0 | AJ20: 0 | AK20: 0 | AL20: 0 | AM20: 10723.787 | AN20: 748.53845 | AO20: 0 | AP20: 0 | AQ20: 3224.226 | AR20: 110.91647 | AS20: 22.944886 | AT20: 2054.0629 | AU20: 272.88824 | AV20: 36760.417 | AW20: 37.253359 | AX20: 7.4071629 | AY20: 16.480498 | AZ20: 10.534682 | BA20: 475.83981 | BB20: 20.325431 | BC20: 676.73379 | BD20: 0 | BE20: 0 | BF20: 0 | BG20: 18.466612 | BH20: 0 | BI20: 0 | BJ20: 0 | BK20: 16276.846 | BL20: 369.42016 | BM20: 6199.2385 | BN20: 285.0764 | BO20: 481.54843 | BP20: 0 | BQ20: 0 | BR20: 842.33592 | BS20: 0 | BT20: 99954.606 | BU20: 267681.87 | BV20: 0 | BW20: 0 | BX20: 267681.87 | BY20: 0 | BZ20: 0 | CA20: 2582.9261 | CB20: 12975.12 | CC20: 283239.91 | CD20: 383194.52
... B75: 67 | C75: T97 | D75: Domestic services | E75: 0 | F75: 0 | G75: 0 | H75: 0 | I75: 0 | J75: 0 | K75: 0 | L75: 0 | M75: 0 | N75: 0 | O75: 0 | P75: 0 | Q75: 0 | R75: 0 | S75: 0 | T75: 0 | U75: 0 | V75: 0 | W75: 0 | X75: 0 | Y75: 0 | Z75: 0 | AA75: 0 | AB75: 0 | AC75: 0 | AD75: 0 | AE75: 0 | AF75: 0 | AG75: 0 | AH75: 0 | AI75: 0 | AJ75: 0 | AK75: 0 | AL75: 0 | AM75: 0 | AN75: 0 | AO75: 0 | AP75: 0 | AQ75: 0 | AR75: 0 | AS75: 0 | AT75: 0 | AU75: 0 | AV75: 0 | AW75: 0 | AX75: 0 | AY75: 0 | AZ75: 0 | BA75: 0 | BB75: 0 | BC75: 0 | BD75: 0 | BE75: 0 | BF75: 0 | BG75: 0 | BH75: 0 | BI75: 0 | BJ75: 0 | BK75: 0 | BL75: 0 | BM75: 0 | BN75: 0 | BO75: 0 | BP75: 0 | BQ75: 0 | BR75: 0 | BS75: 0 | BT75: 0 | BU75: 0 | BV75: 0 | BW75: 0 | BX75: 0 | BY75: 0 | BZ75: 0 | CA75: 0 | CB75: 0 | CC75: 0 | CD75: 0
B76: 68 | D76: Total | E76: 1.1597123e-10 | F76: 1.2505552e-11 | G76: 8.6686214e-12 | H76: 0 | I76: -1.8189894e-12 | J76: 1.3613999e-11 | K76: -3.9790393e-13 | L76: -9.4057206e-11 | M76: 2.0975222e-11 | N76: -2.9842795e-12 | O76: 2.0154128e-11 | P76: -2.1223912e-11 | Q76: 8.0957463e-13 | R76: 3.6379788e-12 | S76: 2.8421709e-13 | T76: -8.8675733e-12 | U76: -4.0922821e-13 | V76: -1.3812951e-11 | W76: -5.0448534e-13 | X76: 7.1560535e-12 | Y76: 0 | Z76: 2.910383e-11 | AA76: 2.0786093e-11 | AB76: 7.6373803e-14 | AC76: -3.8563319e-12 | AD76: 0 | AE76: 4.5474735e-13 | AF76: -1.8189894e-12 | AG76: -2.1827873e-11 | AH76: 2.1898927e-11 | AI76: -7.2759576e-12 | AJ76: 0 | AK76: -4.4479975e-12 | AL76: -2.8421709e-14 | AM76: 3.8971848e-10 | AN76: -7.1622708e-12 | AO76: 1.9326762e-12 | AP76: -1.0345502e-11 | AQ76: 2.3515634e-10 | AR76: 7.2120088e-13 | AS76: -5.1709748e-12 | AT76: -1.9042545e-12 | AU76: -2.5579538e-13 | AV76: -3.1391778e-11 | AW76: 1.704592e-10 | AX76: 4.1655568e-13 | AY76: -1.6964208e-12 | AZ76: 2.1067592e-12 | BA76: 4.5474735e-12 | BB76: 3.2187586e-12 | BC76: 1.1652901e-12 | BD76: -1.2256862e-13 | BE76: -5.7553962e-13 | BF76: 2.9274361e-12 | BG76: 1.1652901e-12 | BH76: 1.3429258e-12 | BI76: 6.0254024e-12 | BJ76: 2.2737368e-12 | BK76: -2.4556357e-11 | BL76: 8.4297014e-12 | BM76: -2.2737368e-12 | BN76: 2.9558578e-12 | BO76: 2.5579538e-13 | BP76: -3.7658765e-13 | BQ76: 2.8421709e-13 | BR76: 2.7284841e-12 | BS76: 0 | BT76: 2.6357156e-09 | BU76: 1.7971615e-09 | BV76: 0 | BW76: -1.4210855e-14 | BX76: 1.7971615e-09 | BY76: 5.8207661e-11 | BZ76: 0 | CA76: 1.4551915e-11 | CB76: -9.7831609e-10 | CC76: -1.8590072e-09 | CD76: 5.4315024e-09

Sheet transmarg
A1: MENU
C3: Table 4: Transportation Margins, 2019
CD4: (Million Tsh)
E5: INPUT OF INDUSTRIES (ISIC REV.4) | BT5: Total intermediate consumption | BU5: FINAL USES | CD5: Total uses at basic prices
D6: INDUSTRIES (ISIC Rev.4) | E6: Crop and animal production, hunting and related service activities | F6: Forestry and logging | G6: Fishing and aquaculture | H6: Mining of coal and lignite | I6: Extraction of crude petroleum and natural gas | J6: Mining of metal ores | K6: Other mining and quarrying | L6: Manufacture of food products | M6: Manufacture of beverages | N6: Manufacture of tobacco products | O6: Manufacture of textiles | P6: Manufacture of wearing apparel | Q6: Manufacture of leather and related products | R6: Manufacture of wood and of products of wood and cork | S6: Manufacture of paper and paper products | T6: Printing and reproduction of recorded media | U6: Manufacture of coke and refined petroleum products | V6: Manufacture of chemicals and chemical products | W6: Manufacture of basic pharmaceutical products | X6: Manufacture of rubber and plastics products | Y6: Manufacture of other non-metallic mineral products | Z6: Manufacture of basic metals | AA6: Manufacture of fabricated metal products, except mach.&equip. | AB6: Manufacture of computer electronic and optical products | AC6: Manufacture of electrical equipment | AD6: Manufacture of machinery and equipment n.e.c. | AE6: Manufacture of motor vehicles, trailers and semi-trailers | AF6: Manufacture of other transport equipment | AG6: Manufacture of furniture | AH6: Other manufacturing n.e.c. | AI6: Repair and installation services of machinery and equipment | AJ6: Electricity, gas, steam and air conditioning | AK6: Natural water; water treatment and supply services | AL6: Sewerage services; waste collection, treatment and disposal services | AM6: Construction | AN6: Wholesale and retail trade, and repair services of motor vehicles and motorcycles | AO6: Wholesale trade services, except of motor vehicles and motorcycles | AP6: Retail trade services, except of motor vehicles and motorcycles | AQ6: Land transport and transport via pipelines | AR6: Water transport | AS6: Air transport | AT6: Warehousing and support activities for transportation | AU6: Postal and courier activities | AV6: Accommodation services | AW6: Food and beverage serving services | AX6: Publishing services | AY6: Motion picture, video and television programme production services, sound recording and music publishing | AZ6: Programming and broadcasting services | BA6: Telecommunications | BB6: Computer programming, data proccessing and information services | BC6: Financial services (including FISIM), except insurance and pension funding | BD6: Insurance, reinsurance and pension funding services, except compulsory social security | BE6: Services auxiliary to financial services and insurance services | BF6: Real estate services and imputed rents of owner-occupied dwellings | BG6: Professional, scientific, technical and veterinary services | BH6: Rental, leasing and employment services | BI6: Travel agency, tour operator and other reservation services and related services | BJ6: Other administartive and support services | BK6: Public administration and defence services; compulsory social security services | BL6: Education services | BM6: Human health services | BN6: Social work services | BO6: Arts, entertainment and recreation services | BP6: Services furnished by membership organisations | BQ6: Repair of computers and personal and household goods | BR6: Other personal services | BS6: Domestic services | BU6: Final consumption expenditure by households | BV6: Final consumption expenditure by non-profit organisations serving households (NPISH) | BW6: Final consumption expenditure by government | BX6: Final consumption expenditure | BY6: Gross Fixed Capital Formation | BZ6: Changes in valuables | CA6: Changes in inventories | CB6: Exports | CC6: Final uses
C7: Code | D7: PRODUCTS (CPA Rev.2) | E7: A01 | F7: A02 | G7: A03 | H7: B05 | I7: B06 | J7: B07 | K7: B08-B09 | L7: C10 | M7: C11 | N7: C12 | O7: C13 | P7: C14 | Q7: C15 | R7: C16 | S7: C17 | T7: C18 | U7: C19 | V7: C20 | W7: C21 | X7: C22 | Y7: C23 | Z7: C24 | AA7: C25 | AB7: C26 | AC7: C27 | AD7: C28 | AE7: C29 | AF7: C30 | AG7: C31 | AH7: C32 | AI7: C33 | AJ7: D35 | AK7: E36 | AL7: E37-E39 | AM7: F41-43 | AN7: G45 | AO7: G46 | AP7: G47 | AQ7: H49 | AR7: H50 | AS7: H51 | AT7: H52 | AU7: H53 | AV7: I55 | AW7: I56 | AX7: J58 | AY7: J59 | AZ7: J60 | BA7: J61 | BB7: J62 | BC7: K64 | BD7: K65 | BE7: K66 | BF7: L68 | BG7: M69-M75 | BH7: N77-N78 | BI7: N79 | BJ7: N80-N82 | BK7: O84 | BL7: P85 | BM7: Q86 | BN7: Q87-Q88 | BO7: R90-R93 | BP7: S94 | BQ7: S95 | BR7: S96 | BS7: T97 | BU7: Hhcons | BV7: NPIHS | BW7: Govcons | BY7: GFCF | BZ7: Chval | CA7: Chinv | CB7: Exp
B8: No | E8: 01 | F8: 02 | G8: 03 | H8: 04 | I8: 05 | J8: 06 | K8: 07 | L8: 08 | M8: 09 | N8: 10 | O8: 11 | P8: 12 | Q8: 13 | R8: 14 | S8: 15 | T8: 16 | U8: 17 | V8: 18 | W8: 19 | X8: 20 | Y8: 21 | Z8: 22 | AA8: 23 | AB8: 24 | AC8: 25 | AD8: 26 | AE8: 27 | AF8: 28 | AG8: 29 | AH8: 30 | AI8: 31 | AJ8: 32 | AK8: 33 | AL8: 34 | AM8: 35 | AN8: 36 | AO8: 37 | AP8: 38 | AQ8: 39 | AR8: 40 | AS8: 41 | AT8: 42 | AU8: 43 | AV8: 44 | AW8: 45 | AX8: 46 | AY8: 47 | AZ8: 48 | BA8: 49 | BB8: 50 | BC8: 51 | BD8: 52 | BE8: 53 | BF8: 54 | BG8: 55 | BH8: 56 | BI8: 57 | BJ8: 58 | BK8: 59 | BL8: 60 | BM8: 61 | BN8: 62 | BO8: 63 | BP8: 64 | BQ8: 65 | BR8: 66 | BS8: 67 | BT8: 68 | BU8: 69 | BV8: 70 | BW8: 71 | BX8: 72 | BY8: 73 | BZ8: 74 | CA8: 75 | CB8: 76 | CC8: 77 | CD8: 78
B9: 01 | C9: A01 | D9: Products of agriculture, hunting and related services | E9: 32893.875 | F9: 2.8414054 | G9: 0.3302526 | H9: 0.018636482 | I9: 0 | J9: 9.334418 | K9: 1.7353887 | L9: 89087.164 | M9: 8597.3064 | N9: 2357.2618 | O9: 6075.0414 | P9: 1156.6614 | Q9: 1238.0994 | R9: 0 | S9: 14.607637 | T9: 14.638468 | U9: 0 | V9: 2265.3763 | W9: 13.498227 | X9: 0 | Y9: 0 | Z9: 0 | AA9: 0 | AB9: 0 | AC9: 0 | AD9: 0 | AE9: 0 | AF9: 0 | AG9: 0 | AH9: 134.67037 | AI9: 0 | AJ9: 0 | AK9: 0 | AL9: 0 | AM9: 0.36010551 | AN9: 4.2511555 | AO9: 11.089854 | AP9: 18.264946 | AQ9: 8.6582788 | AR9: 0 | AS9: 0 | AT9: 0 | AU9: 0 | AV9: 7557.1717 | AW9: 13713.758 | AX9: 0 | AY9: 0 | AZ9: 0 | BA9: 4.4630635 | BB9: 0 | BC9: 2.2983731 | BD9: 0.12705459 | BE9: 0 | BF9: 108.2124 | BG9: 1.8910786 | BH9: 0.74219358 | BI9: 1.2470664 | BJ9: 7.4718733 | BK9: 13.570566 | BL9: 9.3881636 | BM9: 1.2658967 | BN9: 0 | BO9: 0 | BP9: 0 | BQ9: 0 | BR9: 1996.0963 | BS9: 0 | BT9: 167322.79 | BU9: 434581.56 | BV9: 0 | BW9: 0 | BX9: 434581.56 | BY9: 10056.871 | BZ9: 0 | CA9: 1152.0188 | CB9: 38314.785 | CC9: 484105.23 | CD9: 651428.02
B10: 02 | C10: A02 | D10: Products of forestry, logging and related services | E10: 525.07605 | F10: 2497.9116 | G10: 783.73012 | H10: 50.065228 | I10: 24.35448 | J10: 1448.5646 | K10: 456.24593 | L10: 845.59758 | M10: 36.837082 | N10: 6.353533 | O10: 0.2244678 | P10: 12.096618 | Q10: 1.1546758 | R10: 1342.3935 | S10: 76.922069 | T10: 0.30482854 | U10: 0 | V10: 87.188914 | W10: 0 | X10: 31.412124 | Y10: 0.092321112 | Z10: 0 | AA10: 0 | AB10: 0 | AC10: 0 | AD10: 0 | AE10: 0 | AF10: 0 | AG10: 1564.4538 | AH10: 0.1301359 | AI10: 0.065565145 | AJ10: 0 | AK10: 0 | AL10: 0 | AM10: 19766.894 | AN10: 34.749653 | AO10: 47.94291 | AP10: 78.956678 | AQ10: 0 | AR10: 0 | AS10: 0 | AT10: 0 | AU10: 7.0000561 | AV10: 2384.3623 | AW10: 8246.5832 | AX10: 0 | AY10: 0 | AZ10: 0 | BA10: 0 | BB10: 0 | BC10: 0 | BD10: 0 | BE10: 0 | BF10: 0 | BG10: 0 | BH10: 0 | BI10: 0 | BJ10: 433.21423 | BK10: 167.14372 | BL10: 494.81899 | BM10: 230.83768 | BN10: 15.683601 | BO10: 13.558101 | BP10: 9.8429226 | BQ10: 0 | BR10: 10.245274 | BS10: 0 | BT10: 41733.009 | BU10: 62047.655 | BV10: 0 | BW10: 0 | BX10: 62047.655 | BY10: 0 | BZ10: 0 | CA10: 0 | CB10: 248.87038 | CC10: 62296.526 | CD10: 104029.53
B11: 03 | C11: A03 | D11: Fish and other fishing products; aquaculture products; support services to fishing | E11: 0 | F11: 0 | G11: 0 | H11: 0 | I11: 0 | J11: 0 | K11: 0 | L11: 5449.4994 | M11: 0 | N11: 0 | O11: 0 | P11: 0 | Q11: 0 | R11: 0 | S11: 0 | T11: 0 | U11: 0 | V11: 0 | W11: 0 | X11: 0 | Y11: 0 | Z11: 0 | AA11: 0 | AB11: 0 | AC11: 0 | AD11: 0 | AE11: 0 | AF11: 0 | AG11: 0 | AH11: 0 | AI11: 0 | AJ11: 0 | AK11: 0 | AL11: 0 | AM11: 0 | AN11: 0 | AO11: 0 | AP11: 0 | AQ11: 0 | AR11: 0 | AS11: 0 | AT11: 0 | AU11: 0 | AV11: 1637.1833 | AW11: 1533.4119 | AX11: 0 | AY11: 0 | AZ11: 0 | BA11: 0 | BB11: 0 | BC11: 0 | BD11: 0 | BE11: 0 | BF11: 0 | BG11: 0 | BH11: 0 | BI11: 0 | BJ11: 0 | BK11: 0 | BL11: 0 | BM11: 0 | BN11: 0 | BO11: 0 | BP11: 0 | BQ11: 0 | BR11: 0 | BS11: 0 | BT11: 8620.0946 | BU11: 53595.246 | BV11: 0 | BW11: 0 | BX11: 53595.246 | BY11: 0 | BZ11: 0 | CA11: 0 | CB11: 98.102698 | CC11: 53693.349 | CD11: 62313.443
B12: 04 | C12: B05 | D12: Coal and lignite | E12: 0 | F12: 0 | G12: 0 | H12: 0 | I12: 0 | J12: 0 | K12: 0 | L12: 0.0089490613 | M12: 0.0086178527 | N12: 0 | O12: 0 | P12: 0 | Q12: 0 | R12: 0 | S12: 0 | T12: 0 | U12: 0 | V12: 0 | W12: 0 | X12: 0 | Y12: 3314.5783 | Z12: 175.31671 | AA12: 7.4827036e-07 | AB12: 0 | AC12: 0.00082459898 | AD12: 0.63539859 | AE12: 0 | AF12: 0 | AG12: 0 | AH12: 0 | AI12: 0 | AJ12: 0 | AK12: 0 | AL12: 0 | AM12: 0 | AN12: 0 | AO12: 0 | AP12: 0 | AQ12: 4.6151495 | AR12: 0 | AS12: 0 | AT12: 0 | AU12: 0 | AV12: 2.1844889 | AW12: 0 | AX12: 0 | AY12: 0 | AZ12: 0 | BA12: 0 | BB12: 0 | BC12: 0 | BD12: 0 | BE12: 0 | BF12: 0 | BG12: 0 | BH12: 0 | BI12: 0 | BJ12: 0 | BK12: 0 | BL12: 0 | BM12: 0 | BN12: 0 | BO12: 0 | BP12: 0 | BQ12: 0 | BR12: 0 | BS12: 0 | BT12: 3497.3484 | BU12: 12.167581 | BV12: 0 | BW12: 0 | BX12: 12.167581 | BY12: 0 | BZ12: 0 | CA12: 234.52642 | CB12: 328.6365 | CC12: 575.3305 | CD12: 4072.6789
B13: 05 | C13: B06 | D13: Crude petroleum and natural gas | E13: 0 | F13: 0 | G13: 0 | H13: 0 | I13: 0 | J13: 0 | K13: 0 | L13: 0 | M13: 0 | N13: 0 | O13: 0 | P13: 0 | Q13: 0 | R13: 0 | S13: 0 | T13: 0 | U13: 1451.5438 | V13: 0 | W13: 0 | X13: 0 | Y13: 735.55538 | Z13: 0 | AA13: 0 | AB13: 0 | AC13: 0 | AD13: 0 | AE13: 0 | AF13: 0 | AG13: 0 | AH13: 0 | AI13: 0 | AJ13: 6309.8381 | AK13: 0 | AL13: 0 | AM13: 0 | AN13: 0 | AO13: 0 | AP13: 0 | AQ13: 0 | AR13: 0 | AS13: 0 | AT13: 0 | AU13: 0 | AV13: 0 | AW13: 0 | AX13: 0 | AY13: 0 | AZ13: 0 | BA13: 0 | BB13: 0 | BC13: 0 | BD13: 0 | BE13: 0 | BF13: 0 | BG13: 0 | BH13: 0 | BI13: 0 | BJ13: 0 | BK13: 0 | BL13: 0 | BM13: 0 | BN13: 0 | BO13: 0 | BP13: 0 | BQ13: 0 | BR13: 0 | BS13: 0 | BT13: 8496.9372 | BU13: 0 | BV13: 0 | BW13: 0 | BX13: 0 | BY13: 0 | BZ13: 0 | CA13: 0 | CB13: 215.45047 | CC13: 215.45047 | CD13: 8712.3877
B14: 06 | C14: B07 | D14: Metal ores | E14: 0 | F14: 0 | G14: 0 | H14: 0 | I14: 0 | J14: 0 | K14: 0 | L14: 0 | M14: 0 | N14: 0 | O14: 0 | P14: 0 | Q14: 0 | R14: 0 | S14: 0 | T14: 0 | U14: 0 | V14: 94.922179 | W14: 0 | X14: 0 | Y14: 0 | Z14: 14402.616 | AA14: 10781.893 | AB14: 0 | AC14: 0 | AD14: 0 | AE14: 0 | AF14: 0 | AG14: 0 | AH14: 13154.847 | AI14: 0 | AJ14: 0 | AK14: 0 | AL14: 0 | AM14: 0 | AN14: 0 | AO14: 0 | AP14: 0 | AQ14: 0 | AR14: 0 | AS14: 0 | AT14: 0 | AU14: 0 | AV14: 0 | AW14: 0 | AX14: 0 | AY14: 0 | AZ14: 0 | BA14: 0 | BB14: 0 | BC14: 0 | BD14: 0 | BE14: 0 | BF14: 0 | BG14: 0 | BH14: 0 | BI14: 0 | BJ14: 0 | BK14: 0 | BL14: 0 | BM14: 0 | BN14: 0 | BO14: 0 | BP14: 0 | BQ14: 0 | BR14: 0 | BS14: 0 | BT14: 38434.278 | BU14: 0 | BV14: 0 | BW14: 0 | BX14: 0 | BY14: 0 | BZ14: 19.233848 | CA14: 38.186715 | CB14: 90365.985 | CC14: 90423.405 | CD14: 128857.68
B15: 07 | C15: B08-B09 | D15: Other mining and quarrying products | E15: 0 | F15: 0 | G15: 0 | H15: 0 | I15: 25.699712 | J15: 787.46256 | K15: 236.91805 | L15: 0.43999643 | M15: 1.4472167 | N15: 0 | O15: 0 | P15: 0 | Q15: 1.0103682 | R15: 0 | S15: 0 | T15: 0 | U15: 0 | V15: 75.177277 | W15: 0.093418097 | X15: 0.04567658 | Y15: 11157.009 | Z15: 0.94641429 | AA15: 0.2090241 | AB15: 0 | AC15: 0 | AD15: 0 | AE15: 0 | AF15: 0.87331396 | AG15: 64.766794 | AH15: 1.6762584 | AI15: 0 | AJ15: 0 | AK15: 63.938611 | AL15: 0 | AM15: 20053.912 | AN15: 0 | AO15: 0 | AP15: 0 | AQ15: 0 | AR15: 0 | AS15: 0 | AT15: 0 | AU15: 0 | AV15: 0 | AW15: 0 | AX15: 0 | AY15: 0 | AZ15: 0 | BA15: 0 | BB15: 0 | BC15: 0 | BD15: 0 | BE15: 0 | BF15: 0 | BG15: 0 | BH15: 0 | BI15: 0 | BJ15: 0 | BK15: 0 | BL15: 0 | BM15: 0 | BN15: 0 | BO15: 0 | BP15: 0 | BQ15: 0 | BR15: 0 | BS15: 0 | BT15: 32471.626 | BU15: 0 | BV15: 0 | BW15: 0 | BX15: 0 | BY15: 0 | BZ15: 0 | CA15: 1876.9653 | CB15: 10814.331 | CC15: 12691.297 | CD15: 45162.922
B16: 08 | C16: C10 | D16: Manufacture of food products | E16: 6244.7364 | F16: 0 | G16: 1829.028 | H16: 0 | I16: 0 | J16: 0 | K16: 0 | L16: 12623.423 | M16: 18309.201 | N16: 0 | O16: 34.81314 | P16: 914.55164 | Q16: 410.58702 | R16: 0 | S16: 0 | T16: 0 | U16: 0 | V16: 1835.2259 | W16: 18.941666 | X16: 0 | Y16: 0 | Z16: 0 | AA16: 0 | AB16: 0 | AC16: 0 | AD16: 0 | AE16: 0 | AF16: 0 | AG16: 0 | AH16: 79.328189 | AI16: 485.62165 | AJ16: 0 | AK16: 0 | AL16: 0 | AM16: 0 | AN16: 0 | AO16: 0 | AP16: 0 | AQ16: 0 | AR16: 0 | AS16: 0 | AT16: 0 | AU16: 0 | AV16: 13993.313 | AW16: 20127.362 | AX16: 4.2274039 | AY16: 0 | AZ16: 0 | BA16: 0 | BB16: 0 | BC16: 0 | BD16: 0 | BE16: 0 | BF16: 0 | BG16: 7.1061963 | BH16: 0 | BI16: 0 | BJ16: 0 | BK16: 2798.5825 | BL16: 2324.8518 | BM16: 2637.4016 | BN16: 282.28271 | BO16: 0 | BP16: 0 | BQ16: 0 | BR16: 0 | BS16: 0 | BT16: 84960.584 | BU16: 249917.21 | BV16: 0 | BW16: 0 | BX16: 249917.21 | BY16: 0 | BZ16: 0 | CA16: 968.56892 | CB16: 16506.875 | CC16: 267392.66 | CD16: 352353.24
B17: 09 | C17: C11 | D17: Manufacture of beverages | E17: 0 | F17: 0 | G17: 0 | H17: 0 | I17: 0 | J17: 0 | K17: 0 | L17: 0 | M17: 1183.3839 | N17: 0 | O17: 0 | P17: 0 | Q17: 0 | R17: 0 | S17: 0 | T17: 0 | U17: 0 | V17: 0 | W17: 0 | X17: 0 | Y17: 0 | Z17: 0 | AA17: 0 | AB17: 0 | AC17: 0 | AD17: 0 | AE17: 0 | AF17: 0 | AG17: 0 | AH17: 0 | AI17: 0 | AJ17: 0 | AK17: 0 | AL17: 0 | AM17: 0 | AN17: 74.372456 | AO17: 8.3719841 | AP17: 13.791128 | AQ17: 53.853584 | AR17: 96.929547 | AS17: 6.1941317 | AT17: 581.29585 | AU17: 3.6173856 | AV17: 5046.8304 | AW17: 6823.4694 | AX17: 9.323151 | AY17: 0 | AZ17: 0 | BA17: 18.665556 | BB17: 5.3475982 | BC17: 43.540915 | BD17: 4.1675414 | BE17: 10.626377 | BF17: 3.1052168 | BG17: 44.851717 | BH17: 13.572407 | BI17: 406.41515 | BJ17: 206.56307 | BK17: 341.20471 | BL17: 172.27892 | BM17: 173.54014 | BN17: 19.716655 | BO17: 24.552086 | BP17: 4.271729 | BQ17: 0 | BR17: 10.875696 | BS17: 0 | BT17: 15404.728 | BU17: 126802.88 | BV17: 0 | BW17: 0 | BX17: 126802.88 | BY17: 0 | BZ17: 0 | CA17: 369.25342 | CB17: 1650.6602 | CC17: 128822.79 | CD17: 144227.52
B18: 10 | C18: C12 | D18: Manufacture of tobacco products | E18: 0 | F18: 0 | G18: 0 | H18: 0 | I18: 0 | J18: 0 | K18: 0 | L18: 0 | M18: 0 | N18: 402.66576 | O18: 0 | P18: 0 | Q18: 0 | R18: 0 | S18: 0 | T18: 0 | U18: 0 | V18: 0 | W18: 0 | X18: 0 | Y18: 0 | Z18: 0 | AA18: 0 | AB18: 0 | AC18: 0 | AD18: 0 | AE18: 0 | AF18: 0 | AG18: 0 | AH18: 0 | AI18: 0 | AJ18: 0 | AK18: 0 | AL18: 0 | AM18: 0 | AN18: 0 | AO18: 0 | AP18: 0 | AQ18: 0 | AR18: 0 | AS18: 0 | AT18: 0 | AU18: 0 | AV18: 0 | AW18: 0 | AX18: 0 | AY18: 0 | AZ18: 0 | BA18: 0 | BB18: 0 | BC18: 0 | BD18: 0 | BE18: 0 | BF18: 0 | BG18: 0 | BH18: 0 | BI18: 0 | BJ18: 0 | BK18: 0 | BL18: 0 | BM18: 0 | BN18: 0 | BO18: 0 | BP18: 0 | BQ18: 0 | BR18: 0 | BS18: 0 | BT18: 402.66576 | BU18: 15900.417 | BV18: 0 | BW18: 0 | BX18: 15900.417 | BY18: 0 | BZ18: 0 | CA18: 0 | CB18: 8083.7804 | CC18: 23984.198 | CD18: 24386.864
B19: 11 | C19: C13 | D19: Manufacture of textiles | E19: 1516.3622 | F19: 0 | G19: 1383.773 | H19: 0 | I19: 0 | J19: 0 | K19: 0 | L19: 754.8825 | M19: 6.4775947 | N19: 0 | O19: 73.758729 | P19: 15518.33 | Q19: 472.19437 | R19: 390.35679 | S19: 134.38538 | T19: 84.210714 | U19: 0 | V19: 0 | W19: 459.24198 | X19: 1454.6423 | Y19: 0 | Z19: 0 | AA19: 0 | AB19: 0 | AC19: 0 | AD19: 0 | AE19: 265.88685 | AF19: 1609.5524 | AG19: 825.31569 | AH19: 362.62449 | AI19: 395.46631 | AJ19: 0 | AK19: 37.718912 | AL19: 0 | AM19: 0 | AN19: 0 | AO19: 0 | AP19: 0 | AQ19: 0 | AR19: 0 | AS19: 0 | AT19: 0 | AU19: 0 | AV19: 0 | AW19: 0 | AX19: 0 | AY19: 0 | AZ19: 0 | BA19: 0 | BB19: 0 | BC19: 0 | BD19: 0 | BE19: 0 | BF19: 0 | BG19: 0 | BH19: 0 | BI19: 0 | BJ19: 0 | BK19: 946.22164 | BL19: 4.7460298 | BM19: 2845.2911 | BN19: 45.608028 | BO19: 10.173993 | BP19: 0 | BQ19: 718.85787 | BR19: 0 | BS19: 0 | BT19: 30316.079 | BU19: 6062.4583 | BV19: 0 | BW19: 0 | BX19: 6062.4583 | BY19: 0 | BZ19: 0 | CA19: 282.12741 | CB19: 9336.02 | CC19: 15680.606 | CD19: 45996.685
B20: 12 | C20: C14 | D20: Manufacture of wearing apparel | E20: 206.76836 | F20: 2266.025 | G20: 110.97416 | H20: 89.466834 | I20: 50.151596 | J20: 0 | K20: 0 | L20: 611.56329 | M20: 0 | N20: 0 | O20: 19.944819 | P20: 494.64854 | Q20: 0 | R20: 0 | S20: 0 | T20: 3.5380072 | U20: 0 | V20: 0 | W20: 0 | X20: 0 | Y20: 0 | Z20: 0 | AA20: 0 | AB20: 0 | AC20: 0 | AD20: 0 | AE20: 0 | AF20: 0 | AG20: 0 | AH20: 0 | AI20: 0 | AJ20: 0 | AK20: 0 | AL20: 0 | AM20: 2033.5137 | AN20: 141.94269 | AO20: 0 | AP20: 0 | AQ20: 611.39856 | AR20: 21.032698 | AS20: 4.3509574 | AT20: 389.50467 | AU20: 51.74683 | AV20: 6970.7476 | AW20: 7.0642226 | AX20: 1.4045941 | AY20: 3.1251384 | AZ20: 1.9976545 | BA20: 90.231818 | BB20: 3.8542395 | BC20: 128.32663 | BD20: 0 | BE20: 0 | BF20: 0 | BG20: 3.5017582 | BH20: 0 | BI20: 0 | BJ20: 0 | BK20: 3086.5206 | BL20: 70.051837 | BM20: 1175.5396 | BN20: 54.058029 | BO20: 91.314322 | BP20: 0 | BQ20: 0 | BR20: 159.72918 | BS20: 0 | BT20: 18954.038 | BU20: 50759.564 | BV20: 0 | BW20: 0 | BX20: 50759.564 | BY20: 0 | BZ20: 0 | CA20: 489.79113 | CB20: 2460.426 | CC20: 53709.781 | CD20: 72663.819
... B75: 67 | C75: T97 | D75: Domestic services | E75: 0 | F75: 0 | G75: 0 | H75: 0 | I75: 0 | J75: 0 | K75: 0 | L75: 0 | M75: 0 | N75: 0 | O75: 0 | P75: 0 | Q75: 0 | R75: 0 | S75: 0 | T75: 0 | U75: 0 | V75: 0 | W75: 0 | X75: 0 | Y75: 0 | Z75: 0 | AA75: 0 | AB75: 0 | AC75: 0 | AD75: 0 | AE75: 0 | AF75: 0 | AG75: 0 | AH75: 0 | AI75: 0 | AJ75: 0 | AK75: 0 | AL75: 0 | AM75: 0 | AN75: 0 | AO75: 0 | AP75: 0 | AQ75: 0 | AR75: 0 | AS75: 0 | AT75: 0 | AU75: 0 | AV75: 0 | AW75: 0 | AX75: 0 | AY75: 0 | AZ75: 0 | BA75: 0 | BB75: 0 | BC75: 0 | BD75: 0 | BE75: 0 | BF75: 0 | BG75: 0 | BH75: 0 | BI75: 0 | BJ75: 0 | BK75: 0 | BL75: 0 | BM75: 0 | BN75: 0 | BO75: 0 | BP75: 0 | BQ75: 0 | BR75: 0 | BS75: 0 | BT75: 0 | BU75: 0 | BV75: 0 | BW75: 0 | BX75: 0 | BY75: 0 | BZ75: 0 | CA75: 0 | CB75: 0 | CC75: 0 | CD75: 0
B76: 68 | D76: Total | E76: -1.1303847e-11 | F76: 6.5369932e-13 | G76: -5.3113069e-13 | H76: -7.8159701e-14 | I76: 6.5281114e-13 | J76: -1.9930724e-12 | K76: -7.531753e-13 | L76: 5.9063865e-12 | M76: -9.8410169e-12 | N76: 1.3855583e-13 | O76: -1.5962908e-12 | P76: 1.414735e-11 | Q76: -4.1862347e-13 | R76: -1.4339641e-12 | S76: -2.593481e-13 | T76: -6.1817218e-13 | U76: 1.3403167e-13 | V76: -3.3280045e-12 | W76: 6.3238303e-13 | X76: -1.080247e-12 | Y76: -2.3758773e-12 | Z76: 1.9862688e-12 | AA76: 2.0755607e-12 | AB76: 5.6527266e-14 | AC76: 1.968252e-13 | AD76: -4.9737992e-13 | AE76: -1.3322676e-13 | AF76: 9.1304742e-13 | AG76: -2.4256153e-12 | AH76: -5.7598371e-12 | AI76: -6.4659389e-13 | AJ76: -2.5504043e-12 | AK76: -5.9424687e-13 | AL76: 2.5379004e-15 | AM76: 2.2197355e-11 | AN76: -8.7396756e-13 | AO76: 5.6132876e-13 | AP76: 2.8350655e-12 | AQ76: -2.3824331e-11 | AR76: 2.7284841e-12 | AS76: 2.1316282e-13 | AT76: -2.5117686e-12 | AU76: -1.2811974e-13 | AV76: -1.1905144e-11 | AW76: 1.1117329e-11 | AX76: -4.6102011e-14 | AY76: -1.2367884e-13 | AZ76: 3.907985e-14 | BA76: 2.3874236e-12 | BB76: 4.4408921e-16 | BC76: -3.8014036e-13 | BD76: 4.7961635e-14 | BE76: -1.0214052e-13 | BF76: 1.9184654e-13 | BG76: -1.0658141e-13 | BH76: 2.220446e-14 | BI76: 6.3771211e-13 | BJ76: 9.7344355e-13 | BK76: -4.6611603e-12 | BL76: 2.1432855e-12 | BM76: -5.8264504e-12 | BN76: -1.080025e-12 | BO76: 8.1712415e-14 | BP76: 1.070255e-13 | BQ76: -3.7925219e-13 | BR76: -1.2292389e-12 | BS76: 0 | BT76: 9.3143626e-10 | BU76: 7.6283868e-11 | BV76: 0 | BW76: 8.8817842e-16 | BX76: 1.2903456e-10 | BY76: 1.4210855e-12 | BZ76: 0 | CA76: 1.9326762e-12 | CB76: -4.2936682e-11 | CC76: -2.6625457e-10 | CD76: 2.0691004e-10

Sheet nettaxes
A1: MENU
C3: Table 5: Taxes less subsidies on products, 2019
CD4: (Million Tsh)
E5: INPUT OF INDUSTRIES (ISIC REV.4) | BT5: Total intermediate consumption | BU5: FINAL USES | CD5: Total uses at basic prices
D6: INDUSTRIES (ISIC Rev.4) | E6: Crop and animal production, hunting and related service activities | F6: Forestry and logging | G6: Fishing and aquaculture | H6: Mining of coal and lignite | I6: Extraction of crude petroleum and natural gas | J6: Mining of metal ores | K6: Other mining and quarrying | L6: Manufacture of food products | M6: Manufacture of beverages | N6: Manufacture of tobacco products | O6: Manufacture of textiles | P6: Manufacture of wearing apparel | Q6: Manufacture of leather and related products | R6: Manufacture of wood and of products of wood and cork | S6: Manufacture of paper and paper products | T6: Printing and reproduction of recorded media | U6: Manufacture of coke and refined petroleum products | V6: Manufacture of chemicals and chemical products | W6: Manufacture of basic pharmaceutical products | X6: Manufacture of rubber and plastics products | Y6: Manufacture of other non-metallic mineral products | Z6: Manufacture of basic metals | AA6: Manufacture of fabricated metal products, except mach.&equip. | AB6: Manufacture of computer electronic and optical products | AC6: Manufacture of electrical equipment | AD6: Manufacture of machinery and equipment n.e.c. | AE6: Manufacture of motor vehicles, trailers and semi-trailers | AF6: Manufacture of other transport equipment | AG6: Manufacture of furniture | AH6: Other manufacturing n.e.c. | AI6: Repair and installation services of machinery and equipment | AJ6: Electricity, gas, steam and air conditioning | AK6: Natural water; water treatment and supply services | AL6: Sewerage services; waste collection, treatment and disposal services | AM6: Construction | AN6: Wholesale and retail trade, and repair services of motor vehicles and motorcycles | AO6: Wholesale trade services, except of motor vehicles and motorcycles | AP6: Retail trade services, except of motor vehicles and motorcycles | AQ6: Land transport and transport via pipelines | AR6: Water transport | AS6: Air transport | AT6: Warehousing and support activities for transportation | AU6: Postal and courier activities | AV6: Accommodation services | AW6: Food and beverage serving services | AX6: Publishing services | AY6: Motion picture, video and television programme production services, sound recording and music publishing | AZ6: Programming and broadcasting services | BA6: Telecommunications | BB6: Computer programming, data proccessing and information services | BC6: Financial services (including FISIM), except insurance and pension funding | BD6: Insurance, reinsurance and pension funding services, except compulsory social security | BE6: Services auxiliary to financial services and insurance services | BF6: Real estate services and imputed rents of owner-occupied dwellings | BG6: Professional, scientific, technical and veterinary services | BH6: Rental, leasing and employment services | BI6: Travel agency, tour operator and other reservation services and related services | BJ6: Other administartive and support services | BK6: Public administration and defence services; compulsory social security services | BL6: Education services | BM6: Human health services | BN6: Social work services | BO6: Arts, entertainment and recreation services | BP6: Services furnished by membership organisations | BQ6: Repair of computers and personal and household goods | BR6: Other personal services | BS6: Domestic services | BU6: Final consumption expenditure by households | BV6: Final consumption expenditure by non-profit organisations serving households (NPISH) | BW6: Final consumption expenditure by government | BX6: Final consumption expenditure | BY6: Gross Fixed Capital Formation | BZ6: Changes in valuables | CA6: Changes in inventories | CB6: Exports | CC6: Final uses
C7: Code | D7: PRODUCTS (CPA Rev.2) | E7: A01 | F7: A02 | G7: A03 | H7: B05 | I7: B06 | J7: B07 | K7: B08-B09 | L7: C10 | M7: C11 | N7: C12 | O7: C13 | P7: C14 | Q7: C15 | R7: C16 | S7: C17 | T7: C18 | U7: C19 | V7: C20 | W7: C21 | X7: C22 | Y7: C23 | Z7: C24 | AA7: C25 | AB7: C26 | AC7: C27 | AD7: C28 | AE7: C29 | AF7: C30 | AG7: C31 | AH7: C32 | AI7: C33 | AJ7: D35 | AK7: E36 | AL7: E37-E39 | AM7: F41-43 | AN7: G45 | AO7: G46 | AP7: G47 | AQ7: H49 | AR7: H50 | AS7: H51 | AT7: H52 | AU7: H53 | AV7: I55 | AW7: I56 | AX7: J58 | AY7: J59 | AZ7: J60 | BA7: J61 | BB7: J62 | BC7: K64 | BD7: K65 | BE7: K66 | BF7: L68 | BG7: M69-M75 | BH7: N77-N78 | BI7: N79 | BJ7: N80-N82 | BK7: O84 | BL7: P85 | BM7: Q86 | BN7: Q87-Q88 | BO7: R90-R93 | BP7: S94 | BQ7: S95 | BR7: S96 | BS7: T97 | BU7: Hhcons | BV7: NPIHS | BW7: Govcons | BY7: GFCF | BZ7: Chval | CA7: Chinv | CB7: Exp
B8: No | E8: 01 | F8: 02 | G8: 03 | H8: 04 | I8: 05 | J8: 06 | K8: 07 | L8: 08 | M8: 09 | N8: 10 | O8: 11 | P8: 12 | Q8: 13 | R8: 14 | S8: 15 | T8: 16 | U8: 17 | V8: 18 | W8: 19 | X8: 20 | Y8: 21 | Z8: 22 | AA8: 23 | AB8: 24 | AC8: 25 | AD8: 26 | AE8: 27 | AF8: 28 | AG8: 29 | AH8: 30 | AI8: 31 | AJ8: 32 | AK8: 33 | AL8: 34 | AM8: 35 | AN8: 36 | AO8: 37 | AP8: 38 | AQ8: 39 | AR8: 40 | AS8: 41 | AT8: 42 | AU8: 43 | AV8: 44 | AW8: 45 | AX8: 46 | AY8: 47 | AZ8: 48 | BA8: 49 | BB8: 50 | BC8: 51 | BD8: 52 | BE8: 53 | BF8: 54 | BG8: 55 | BH8: 56 | BI8: 57 | BJ8: 58 | BK8: 59 | BL8: 60 | BM8: 61 | BN8: 62 | BO8: 63 | BP8: 64 | BQ8: 65 | BR8: 66 | BS8: 67 | BT8: 68 | BU8: 69 | BV8: 70 | BW8: 71 | BX8: 72 | BY8: 73 | BZ8: 74 | CA8: 75 | CB8: 76 | CC8: 77 | CD8: 78
B9: 01 | C9: A01 | D9: Products of agriculture, hunting and related services | E9: 7251.8324 | F9: 0.019252272 | G9: 0.0022376648 | H9: 0.00012627364 | I9: 0 | J9: 0.063246431 | K9: 0.011758327 | L9: 10440.789 | M9: 47251.411 | N9: 8825.0592 | O9: 2791.6271 | P9: 0.53238677 | Q9: 0.75927199 | R9: 0 | S9: 0.098975735 | T9: 0.099184633 | U9: 0 | V9: 47.395348 | W9: 0.019102814 | X9: 0 | Y9: 0 | Z9: 0 | AA9: 0 | AB9: 0 | AC9: 0 | AD9: 0 | AE9: 0 | AF9: 0 | AG9: 0 | AH9: 0.063598133 | AI9: 0 | AJ9: 0 | AK9: 0 | AL9: 0 | AM9: 0.0024399366 | AN9: 0.028804197 | AO9: 0.07514059 | AP9: 0.12375626 | AQ9: 0.058665172 | AR9: 0 | AS9: 0 | AT9: 0 | AU9: 0 | AV9: 44.876453 | AW9: 83.785433 | AX9: 0 | AY9: 0 | AZ9: 0 | BA9: 0.030240004 | BB9: 0 | BC9: 0.015572893 | BD9: 0.00086087309 | BE9: 0 | BF9: 0.73320568 | BG9: 0.012813222 | BH9: 0.0050288186 | BI9: 0.0084496429 | BJ9: 0.050626544 | BK9: 0.091948945 | BL9: 0.063610591 | BM9: 0.0085772295 | BN9: 0 | BO9: 0 | BP9: 0 | BQ9: 0 | BR9: 13.524782 | BS9: 0 | BT9: 76753.279 | BU9: 334680.78 | BV9: 0 | BW9: 0 | BX9: 334680.78 | BY9: 5.9793476 | BZ9: 0 | CA9: 0 | CB9: 0 | CC9: 334686.76 | CD9: 411440.04
B10: 02 | C10: A02 | D10: Products of forestry, logging and related services | E10: 4.2027891e-07 | F10: 1.382158 | G10: 0 | H10: 4.0168779e-07 | I10: 0 | J10: 0 | K10: 0 | L10: 0.038687574 | M10: 0 | N10: 0 | O10: 0 | P10: 0 | Q10: 0.0053197744 | R10: 3.0660214 | S10: 1.0148101e-05 | T10: 0 | U10: 0 | V10: 0.15120061 | W10: 0 | X10: 0.14088609 | Y10: 0 | Z10: 0 | AA10: 0 | AB10: 0 | AC10: 0 | AD10: 0 | AE10: 0 | AF10: 0 | AG10: 0.00020639376 | AH10: 0 | AI10: 0 | AJ10: 0 | AK10: 0 | AL10: 0 | AM10: 0.0011921656 | AN10: 0 | AO10: 0 | AP10: 0 | AQ10: 0 | AR10: 0 | AS10: 0 | AT10: 0 | AU10: 0 | AV10: 1.6988042 | AW10: 0.64432864 | AX10: 0 | AY10: 0 | AZ10: 0 | BA10: 0 | BB10: 0 | BC10: 0 | BD10: 0 | BE10: 0 | BF10: 0 | BG10: 0 | BH10: 0 | BI10: 0 | BJ10: 0 | BK10: 6.603837e-06 | BL10: 2.2500878e-07 | BM10: 0.50803328 | BN10: 0 | BO10: 0 | BP10: 0 | BQ10: 0 | BR10: 0 | BS10: 0 | BT10: 7.6368559 | BU10: 72243.745 | BV10: 0 | BW10: 0 | BX10: 72243.745 | BY10: 0 | BZ10: 0 | CA10: 0 | CB10: 0 | CC10: 72243.745 | CD10: 72251.382
B11: 03 | C11: A03 | D11: Fish and other fishing products; aquaculture products; support services to fishing | E11: 0 | F11: 0 | G11: 0 | H11: 0 | I11: 0 | J11: 0 | K11: 0 | L11: 15.796495 | M11: 0 | N11: 0 | O11: 0 | P11: 0 | Q11: 0 | R11: 0 | S11: 0 | T11: 0 | U11: 0 | V11: 0 | W11: 0 | X11: 0 | Y11: 0 | Z11: 0 | AA11: 0 | AB11: 0 | AC11: 0 | AD11: 0 | AE11: 0 | AF11: 0 | AG11: 0 | AH11: 0 | AI11: 0 | AJ11: 0 | AK11: 0 | AL11: 0 | AM11: 0 | AN11: 0 | AO11: 0 | AP11: 0 | AQ11: 0 | AR11: 0 | AS11: 0 | AT11: 0 | AU11: 0 | AV11: 4.7457126 | AW11: 4.4449099 | AX11: 0 | AY11: 0 | AZ11: 0 | BA11: 0 | BB11: 0 | BC11: 0 | BD11: 0 | BE11: 0 | BF11: 0 | BG11: 0 | BH11: 0 | BI11: 0 | BJ11: 0 | BK11: 0 | BL11: 0 | BM11: 0 | BN11: 0 | BO11: 0 | BP11: 0 | BQ11: 0 | BR11: 0 | BS11: 0 | BT11: 24.987118 | BU11: 139934.83 | BV11: 0 | BW11: 0 | BX11: 139934.83 | BY11: 0 | BZ11: 0 | CA11: 0 | CB11: 0 | CC11: 139934.83 | CD11: 139959.82
B12: 04 | C12: B05 | D12: Coal and lignite | E12: 0 | F12: 0 | G12: 0 | H12: 0 | I12: 0 | J12: 0 | K12: 0 | L12: 7.4150047e-06 | M12: 7.1405723e-06 | N12: 0 | O12: 0 | P12: 0 | Q12: 0 | R12: 0 | S12: 0 | T12: 0 | U12: 0 | V12: 0 | W12: 0 | X12: 0 | Y12: 2.7463902 | Z12: 0.14526375 | AA12: 6.2000115e-10 | AB12: 0 | AC12: 6.8324545e-07 | AD12: 0.00052647796 | AE12: 0 | AF12: 0 | AG12: 0 | AH12: 0 | AI12: 0 | AJ12: 0 | AK12: 0 | AL12: 0 | AM12: 0 | AN12: 0 | AO12: 0 | AP12: 0 | AQ12: 0.0038240162 | AR12: 0 | AS12: 0 | AT12: 0 | AU12: 0 | AV12: 0.0018100217 | AW12: 0 | AX12: 0 | AY12: 0 | AZ12: 0 | BA12: 0 | BB12: 0 | BC12: 0 | BD12: 0 | BE12: 0 | BF12: 0 | BG12: 0 | BH12: 0 | BI12: 0 | BJ12: 0 | BK12: 0 | BL12: 0 | BM12: 0 | BN12: 0 | BO12: 0 | BP12: 0 | BQ12: 0 | BR12: 0 | BS12: 0 | BT12: 2.8978297 | BU12: 17.015786 | BV12: 0 | BW12: 0 | BX12: 17.015786 | BY12: 0 | BZ12: 0 | CA12: 0 | CB12: 0 | CC12: 17.015786 | CD12: 19.913615
B13: 05 | C13: B06 | D13: Crude petroleum and natural gas | E13: 0 | F13: 0 | G13: 0 | H13: 0 | I13: 0 | J13: 0 | K13: 0 | L13: 0 | M13: 0 | N13: 0 | O13: 0 | P13: 0 | Q13: 0 | R13: 0 | S13: 0 | T13: 0 | U13: 2812.7122 | V13: 0 | W13: 0 | X13: 0 | Y13: 1003.456 | Z13: 0 | AA13: 0 | AB13: 0 | AC13: 0 | AD13: 0 | AE13: 0 | AF13: 0 | AG13: 0 | AH13: 0 | AI13: 0 | AJ13: 12226.816 | AK13: 0 | AL13: 0 | AM13: 0 | AN13: 0 | AO13: 0 | AP13: 0 | AQ13: 0 | AR13: 0 | AS13: 0 | AT13: 0 | AU13: 0 | AV13: 0 | AW13: 0 | AX13: 0 | AY13: 0 | AZ13: 0 | BA13: 0 | BB13: 0 | BC13: 0 | BD13: 0 | BE13: 0 | BF13: 0 | BG13: 0 | BH13: 0 | BI13: 0 | BJ13: 0 | BK13: 0 | BL13: 0 | BM13: 0 | BN13: 0 | BO13: 0 | BP13: 0 | BQ13: 0 | BR13: 0 | BS13: 0 | BT13: 16042.984 | BU13: 0 | BV13: 0 | BW13: 0 | BX13: 0 | BY13: 0 | BZ13: 0 | CA13: 0 | CB13: 0 | CC13: 0 | CD13: 16042.984
B14: 06 | C14: B07 | D14: Metal ores | E14: 0 | F14: 0 | G14: 0 | H14: 0 | I14: 0 | J14: 0 | K14: 0 | L14: 0 | M14: 0 | N14: 0 | O14: 0 | P14: 0 | Q14: 0 | R14: 0 | S14: 0 | T14: 0 | U14: 0 | V14: 0.00020677614 | W14: 0 | X14: 0 | Y14: 0 | Z14: 12.270677 | AA14: 9.4702791 | AB14: 0 | AC14: 0 | AD14: 0 | AE14: 0 | AF14: 0 | AG14: 0 | AH14: 11.594355 | AI14: 0 | AJ14: 0 | AK14: 0 | AL14: 0 | AM14: 0 | AN14: 0 | AO14: 0 | AP14: 0 | AQ14: 0 | AR14: 0 | AS14: 0 | AT14: 0 | AU14: 0 | AV14: 0 | AW14: 0 | AX14: 0 | AY14: 0 | AZ14: 0 | BA14: 0 | BB14: 0 | BC14: 0 | BD14: 0 | BE14: 0 | BF14: 0 | BG14: 0 | BH14: 0 | BI14: 0 | BJ14: 0 | BK14: 0 | BL14: 0 | BM14: 0 | BN14: 0 | BO14: 0 | BP14: 0 | BQ14: 0 | BR14: 0 | BS14: 0 | BT14: 33.335518 | BU14: 0 | BV14: 0 | BW14: 0 | BX14: 0 | BY14: 0 | BZ14: 3.7800113 | CA14: 0 | CB14: 0 | CC14: 3.7800113 | CD14: 37.11553
B15: 07 | C15: B08-B09 | D15: Other mining and quarrying products | E15: 0 | F15: 0 | G15: 0 | H15: 0 | I15: 0.17691198 | J15: 107.60529 | K15: 35.793035 | L15: 0.0047741153 | M15: 0.66614864 | N15: 0 | O15: 0 | P15: 0 | Q15: 0.0069551841 | R15: 0 | S15: 0 | T15: 0 | U15: 0 | V15: 33.225193 | W15: 0.00064307257 | X15: 0.021024765 | Y15: 4077.0698 | Z15: 0.077321944 | AA15: 0.096213042 | AB15: 0 | AC15: 0 | AD15: 0 | AE15: 0 | AF15: 0.0060117287 | AG15: 0.44584241 | AH15: 0.011539047 | AI15: 0 | AJ15: 0 | AK15: 29.044396 | AL15: 0 | AM15: 138.04735 | AN15: 0 | AO15: 0 | AP15: 0 | AQ15: 0 | AR15: 0 | AS15: 0 | AT15: 0 | AU15: 0 | AV15: 0 | AW15: 0 | AX15: 0 | AY15: 0 | AZ15: 0 | BA15: 0 | BB15: 0 | BC15: 0 | BD15: 0 | BE15: 0 | BF15: 0 | BG15: 0 | BH15: 0 | BI15: 0 | BJ15: 0 | BK15: 0 | BL15: 0 | BM15: 0 | BN15: 0 | BO15: 0 | BP15: 0 | BQ15: 0 | BR15: 0 | BS15: 0 | BT15: 4422.2985 | BU15: 0 | BV15: 0 | BW15: 0 | BX15: 0 | BY15: 0 | BZ15: 0 | CA15: 0 | CB15: 0 | CC15: 0 | CD15: 4422.2985
B16: 08 | C16: C10 | D16: Manufacture of food products | E16: 699.08635 | F16: 0 | G16: 908.95624 | H16: 0 | I16: 0 | J16: 0 | K16: 0 | L16: 8368.3663 | M16: 39512.361 | N16: 0 | O16: 1.6072226 | P16: 42.22222 | Q16: 35.27068 | R16: 0 | S16: 0 | T16: 0 | U16: 0 | V16: 3520.9841 | W16: 9.9379079 | X16: 0 | Y16: 0 | Z16: 0 | AA16: 0 | AB16: 0 | AC16: 0 | AD16: 0 | AE16: 0 | AF16: 0 | AG16: 0 | AH16: 69.016268 | AI16: 22.419755 | AJ16: 0 | AK16: 0 | AL16: 0 | AM16: 0 | AN16: 0 | AO16: 0 | AP16: 0 | AQ16: 0 | AR16: 0 | AS16: 0 | AT16: 0 | AU16: 0 | AV16: 6843.0011 | AW16: 11083.29 | AX16: 0.75531517 | AY16: 0 | AZ16: 0 | BA16: 0 | BB16: 0 | BC16: 0 | BD16: 0 | BE16: 0 | BF16: 0 | BG16: 1.2698355 | BH16: 0 | BI16: 0 | BJ16: 0 | BK16: 602.11863 | BL16: 348.57068 | BM16: 252.94978 | BN16: 97.011922 | BO16: 0 | BP16: 0 | BQ16: 0 | BR16: 0 | BS16: 0 | BT16: 72419.195 | BU16: 1438131.9 | BV16: 0 | BW16: 0 | BX16: 1438131.9 | BY16: 0 | BZ16: 0 | CA16: 0 | CB16: 0 | CC16: 1438131.9 | CD16: 1510551.1
B17: 09 | C17: C11 | D17: Manufacture of beverages | E17: 0 | F17: 0 | G17: 0 | H17: 0 | I17: 0 | J17: 0 | K17: 0 | L17: 0 | M17: 3284.5835 | N17: 0 | O17: 0 | P17: 0 | Q17: 0 | R17: 0 | S17: 0 | T17: 0 | U17: 0 | V17: 0 | W17: 0 | X17: 0 | Y17: 0 | Z17: 0 | AA17: 0 | AB17: 0 | AC17: 0 | AD17: 0 | AE17: 0 | AF17: 0 | AG17: 0 | AH17: 0 | AI17: 0 | AJ17: 0 | AK17: 0 | AL17: 0 | AM17: 0 | AN17: 206.42712 | AO17: 23.237159 | AP17: 38.278458 | AQ17: 149.47523 | AR17: 269.03626 | AS17: 17.192343 | AT17: 1613.4364 | AU17: 10.040363 | AV17: 21365.134 | AW17: 29538.754 | AX17: 25.877204 | AY17: 0 | AZ17: 0 | BA17: 51.807849 | BB17: 14.842717 | BC17: 120.85154 | BD17: 11.567368 | BE17: 29.494418 | BF17: 8.6187952 | BG17: 124.48978 | BH17: 37.671377 | BI17: 1128.04 | BJ17: 573.33348 | BK17: 947.04289 | BL17: 478.17491 | BM17: 481.67551 | BN17: 54.725264 | BO17: 68.146416 | BP17: 11.85655 | BQ17: 0 | BR17: 30.186426 | BS17: 0 | BT17: 60713.998 | BU17: 1040279.2 | BV17: 0 | BW17: 0 | BX17: 1040279.2 | BY17: 0 | BZ17: 0 | CA17: 0 | CB17: 0 | CC17: 1040279.2 | CD17: 1100993.2
B18: 10 | C18: C12 | D18: Manufacture of tobacco products | E18: 0 | F18: 0 | G18: 0 | H18: 0 | I18: 0 | J18: 0 | K18: 0 | L18: 0 | M18: 0 | N18: 4348.6336 | O18: 0 | P18: 0 | Q18: 0 | R18: 0 | S18: 0 | T18: 0 | U18: 0 | V18: 0 | W18: 0 | X18: 0 | Y18: 0 | Z18: 0 | AA18: 0 | AB18: 0 | AC18: 0 | AD18: 0 | AE18: 0 | AF18: 0 | AG18: 0 | AH18: 0 | AI18: 0 | AJ18: 0 | AK18: 0 | AL18: 0 | AM18: 0 | AN18: 0 | AO18: 0 | AP18: 0 | AQ18: 0 | AR18: 0 | AS18: 0 | AT18: 0 | AU18: 0 | AV18: 0 | AW18: 0 | AX18: 0 | AY18: 0 | AZ18: 0 | BA18: 0 | BB18: 0 | BC18: 0 | BD18: 0 | BE18: 0 | BF18: 0 | BG18: 0 | BH18: 0 | BI18: 0 | BJ18: 0 | BK18: 0 | BL18: 0 | BM18: 0 | BN18: 0 | BO18: 0 | BP18: 0 | BQ18: 0 | BR18: 0 | BS18: 0 | BT18: 4348.6336 | BU18: 259006.55 | BV18: 0 | BW18: 0 | BX18: 259006.55 | BY18: 0 | BZ18: 0 | CA18: 0 | CB18: 0 | CC18: 259006.55 | CD18: 263355.19
B19: 11 | C19: C13 | D19: Manufacture of textiles | E19: 3867.2185 | F19: 0 | G19: 3529.0727 | H19: 0 | I19: 0 | J19: 0 | K19: 0 | L19: 1925.1968 | M19: 16.519981 | N19: 0 | O19: 188.10883 | P19: 39576.808 | Q19: 1204.2498 | R19: 995.53724 | S19: 342.72659 | T19: 214.76481 | U19: 0 | V19: 0 | W19: 1171.2169 | X19: 3709.8126 | Y19: 0 | Z19: 0 | AA19: 0 | AB19: 0 | AC19: 0 | AD19: 0 | AE19: 678.09825 | AF19: 4104.884 | AG19: 2104.8244 | AH19: 924.81082 | AI19: 1008.5682 | AJ19: 0 | AK19: 96.195537 | AL19: 0 | AM19: 0 | AN19: 0 | AO19: 0 | AP19: 0 | AQ19: 0 | AR19: 0 | AS19: 0 | AT19: 0 | AU19: 0 | AV19: 0 | AW19: 0 | AX19: 0 | AY19: 0 | AZ19: 0 | BA19: 0 | BB19: 0 | BC19: 0 | BD19: 0 | BE19: 0 | BF19: 0 | BG19: 0 | BH19: 0 | BI19: 0 | BJ19: 0 | BK19: 2413.174 | BL19: 12.103925 | BM19: 7256.4209 | BN19: 116.31536 | BO19: 25.947003 | BP19: 0 | BQ19: 1833.3222 | BR19: 0 | BS19: 0 | BT19: 77315.898 | BU19: 30856.199 | BV19: 0 | BW19: 0 | BX19: 30856.199 | BY19: 0 | BZ19: 0 | CA19: 0 | CB19: 0 | CC19: 30856.199 | CD19: 108172.1
B20: 12 | C20: C14 | D20: Manufacture of wearing apparel | E20: 390.60837 | F20: 4280.7726 | G20: 209.6425 | H20: 169.01278 | I20: 94.741929 | J20: 0 | K20: 0 | L20: 1155.3109 | M20: 0 | N20: 0 | O20: 37.677977 | P20: 934.44598 | Q20: 0 | R20: 0 | S20: 0 | T20: 6.6836881 | U20: 0 | V20: 0 | W20: 0 | X20: 0 | Y20: 0 | Z20: 0 | AA20: 0 | AB20: 0 | AC20: 0 | AD20: 0 | AE20: 0 | AF20: 0 | AG20: 0 | AH20: 0 | AI20: 0 | AJ20: 0 | AK20: 0 | AL20: 0 | AM20: 3841.533 | AN20: 268.1455 | AO20: 0 | AP20: 0 | AQ20: 1154.9997 | AR20: 39.733099 | AS20: 8.2194412 | AT20: 735.81754 | AU20: 97.755504 | AV20: 13168.516 | AW20: 13.3451 | AX20: 2.653434 | AY20: 5.9037332 | AZ20: 3.773791 | BA20: 170.45792 | BB20: 7.2810861 | BC20: 242.42324 | BD20: 0 | BE20: 0 | BF20: 0 | BG20: 6.6152098 | BH20: 0 | BI20: 0 | BJ20: 0 | BK20: 5830.7798 | BL20: 132.33569 | BM20: 2220.7248 | BN20: 102.12161 | BO20: 172.50289 | BP20: 0 | BQ20: 0 | BR20: 301.74614 | BS20: 0 | BT20: 35806.281 | BU20: 212124.54 | BV20: 0 | BW20: 0 | BX20: 212124.54 | BY20: 0 | BZ20: 0 | CA20: 0 | CB20: 0 | CC20: 212124.54 | CD20: 247930.82
... B75: 67 | C75: T97 | D75: Domestic services | E75: 0 | F75: 0 | G75: 0 | H75: 0 | I75: 0 | J75: 0 | K75: 0 | L75: 0 | M75: 0 | N75: 0 | O75: 0 | P75: 0 | Q75: 0 | R75: 0 | S75: 0 | T75: 0 | U75: 0 | V75: 0 | W75: 0 | X75: 0 | Y75: 0 | Z75: 0 | AA75: 0 | AB75: 0 | AC75: 0 | AD75: 0 | AE75: 0 | AF75: 0 | AG75: 0 | AH75: 0 | AI75: 0 | AJ75: 0 | AK75: 0 | AL75: 0 | AM75: 0 | AN75: 0 | AO75: 0 | AP75: 0 | AQ75: 0 | AR75: 0 | AS75: 0 | AT75: 0 | AU75: 0 | AV75: 0 | AW75: 0 | AX75: 0 | AY75: 0 | AZ75: 0 | BA75: 0 | BB75: 0 | BC75: 0 | BD75: 0 | BE75: 0 | BF75: 0 | BG75: 0 | BH75: 0 | BI75: 0 | BJ75: 0 | BK75: 0 | BL75: 0 | BM75: 0 | BN75: 0 | BO75: 0 | BP75: 0 | BQ75: 0 | BR75: 0 | BS75: 0 | BT75: 0 | BU75: 0 | BV75: 0 | BW75: 0 | BX75: 0 | BY75: 0 | BZ75: 0 | CA75: 0 | CB75: 0 | CC75: 0 | CD75: 0
B76: 68 | D76: Total | E76: 265111.26 | F76: 34120.256 | G76: 16613.306 | H76: 4234.522 | I76: 12168.233 | J76: 81079.41 | K76: 39737.805 | L76: 42137.013 | M76: 135290.94 | N76: 18069.109 | O76: 3550.2603 | P76: 43121.361 | Q76: 2960.291 | R76: 3433.8776 | S76: 4758.6028 | T76: 12626.581 | U76: 4873.7141 | V76: 22296.729 | W76: 2074.0362 | X76: 7691.4191 | Y76: 29325.728 | Z76: 798.75825 | AA76: 2410.1701 | AB76: 871.56699 | AC76: 10914.306 | AD76: 4223.0694 | AE76: 9052.1783 | AF76: 7202.0129 | AG76: 28890.357 | AH76: 1712.5606 | AI76: 18226.091 | AJ76: 38058.045 | AK76: 5893.6659 | AL76: 398.94699 | AM76: 598841.97 | AN76: 46569.238 | AO76: 69754.508 | AP76: 107623.41 | AQ76: 1186451.2 | AR76: 68449.434 | AS76: 34444.755 | AT76: 41901.652 | AU76: 1731.9461 | AV76: 68705.314 | AW76: 41991.243 | AX76: 190.2721 | AY76: 1612.362 | AZ76: 1203.3271 | BA76: 61075.185 | BB76: 9383.0091 | BC76: 23561.721 | BD76: 4117.1347 | BE76: 11213.577 | BF76: 12826.18 | BG76: 9739.4428 | BH76: 11103.047 | BI76: 80083.181 | BJ76: 23498.492 | BK76: 70551.276 | BL76: 31539.72 | BM76: 24867.901 | BN76: 3479.247 | BO76: 2354.7018 | BP76: 2738.9512 | BQ76: 7647.7497 | BR76: 14949.103 | BS76: 0 | BT76: 3588126.5 | BU76: 6837954.7 | BV76: 1.2669948 | BW76: 25.390164 | BX76: 6837981.3 | BY76: 341314.9 | BZ76: 3.7800113 | CA76: 0 | CB76: 0 | CC76: 7179300 | CD76: 10767426

Sheet P2 Use basic
A1: MENU
C3: Table 6: Use table at basic prices, 2019
CD4: (Million Tsh)
E5: INPUT OF INDUSTRIES (ISIC REV.4) | BT5: Total intermediate consumption | BU5: FINAL USES | CD5: Total use at basic prices
D6: INDUSTRIES (ISIC Rev.4) | E6: Crop and animal production, hunting and related service activities | F6: Forestry and logging | G6: Fishing and aquaculture | H6: Mining of coal and lignite | I6: Extraction of crude petroleum and natural gas | J6: Mining of metal ores | K6: Other mining and quarrying | L6: Manufacture of food products | M6: Manufacture of beverages | N6: Manufacture of tobacco products | O6: Manufacture of textiles | P6: Manufacture of wearing apparel | Q6: Manufacture of leather and related products | R6: Manufacture of wood and of products of wood and cork | S6: Manufacture of paper and paper products | T6: Printing and reproduction of recorded media | U6: Manufacture of coke and refined petroleum products | V6: Manufacture of chemicals and chemical products | W6: Manufacture of basic pharmaceutical products | X6: Manufacture of rubber and plastics products | Y6: Manufacture of other non-metallic mineral products | Z6: Manufacture of basic metals | AA6: Manufacture of fabricated metal products, except mach.&equip. | AB6: Manufacture of computer electronic and optical products | AC6: Manufacture of electrical equipment | AD6: Manufacture of machinery and equipment n.e.c. | AE6: Manufacture of motor vehicles, trailers and semi-trailers | AF6: Manufacture of other transport equipment | AG6: Manufacture of furniture | AH6: Other manufacturing n.e.c. | AI6: Repair and installation services of machinery and equipment | AJ6: Electricity, gas, steam and air conditioning | AK6: Natural water; water treatment and supply services | AL6: Sewerage services; waste collection, treatment and disposal services | AM6: Construction | AN6: Wholesale and retail trade, and repair services of motor vehicles and motorcycles | AO6: Wholesale trade services, except of motor vehicles and motorcycles | AP6: Retail trade services, except of motor vehicles and motorcycles | AQ6: Land transport and transport via pipelines | AR6: Water transport | AS6: Air transport | AT6: Warehousing and support activities for transportation | AU6: Postal and courier activities | AV6: Accommodation services | AW6: Food and beverage serving services | AX6: Publishing services | AY6: Motion picture, video and television programme production services, sound recording and music publishing | AZ6: Programming and broadcasting services | BA6: Telecommunications | BB6: Computer programming, data proccessing and information services | BC6: Financial services (including FISIM), except insurance and pension funding | BD6: Insurance, reinsurance and pension funding services, except compulsory social security | BE6: Services auxiliary to financial services and insurance services | BF6: Real estate services and imputed rents of owner-occupied dwellings | BG6: Professional, scientific, technical and veterinary services | BH6: Rental, leasing and employment services | BI6: Travel agency, tour operator and other reservation services and related services | BJ6: Other administartive and support services | BK6: Public administration and defence services; compulsory social security services | BL6: Education services | BM6: Human health services | BN6: Social work services | BO6: Arts, entertainment and recreation services | BP6: Services furnished by membership organisations | BQ6: Repair of computers and personal and household goods | BR6: Other personal services | BS6: Domestic services | BU6: Final consumption expenditure by households | BV6: Final consumption expenditure by non-profit organisations serving households (NPISH) | BW6: Final consumption expenditure by government | BX6: Final consumption expenditure | BY6: Gross Fixed Capital Formation | BZ6: Changes in valuables | CA6: Changes in inventories | CB6: Exports | CC6: Final uses at basic prices
C7: Code | D7: PRODUCTS (CPA Rev.2) | E7: A01 | F7: A02 | G7: A03 | H7: B05 | I7: B06 | J7: B07 | K7: B08-B09 | L7: C10 | M7: C11 | N7: C12 | O7: C13 | P7: C14 | Q7: C15 | R7: C16 | S7: C17 | T7: C18 | U7: C19 | V7: C20 | W7: C21 | X7: C22 | Y7: C23 | Z7: C24 | AA7: C25 | AB7: C26 | AC7: C27 | AD7: C28 | AE7: C29 | AF7: C30 | AG7: C31 | AH7: C32 | AI7: C33 | AJ7: D35 | AK7: E36 | AL7: E37-E39 | AM7: F41-43 | AN7: G45 | AO7: G46 | AP7: G47 | AQ7: H49 | AR7: H50 | AS7: H51 | AT7: H52 | AU7: H53 | AV7: I55 | AW7: I56 | AX7: J58 | AY7: J59 | AZ7: J60 | BA7: J61 | BB7: J62 | BC7: K64 | BD7: K65 | BE7: K66 | BF7: L68 | BG7: M69-M75 | BH7: N77-N78 | BI7: N79 | BJ7: N80-N82 | BK7: O84 | BL7: P85 | BM7: Q86 | BN7: Q87-Q88 | BO7: R90-R93 | BP7: S94 | BQ7: S95 | BR7: S96 | BS7: T97 | BU7: Hhcons | BV7: NPIHS | BW7: Govcons | BY7: GFCF | BZ7: Chval | CA7: Chinv | CB7: Exp
B8: No | E8: 01 | F8: 02 | G8: 03 | H8: 04 | I8: 05 | J8: 06 | K8: 07 | L8: 08 | M8: 09 | N8: 10 | O8: 11 | P8: 12 | Q8: 13 | R8: 14 | S8: 15 | T8: 16 | U8: 17 | V8: 18 | W8: 19 | X8: 20 | Y8: 21 | Z8: 22 | AA8: 23 | AB8: 24 | AC8: 25 | AD8: 26 | AE8: 27 | AF8: 28 | AG8: 29 | AH8: 30 | AI8: 31 | AJ8: 32 | AK8: 33 | AL8: 34 | AM8: 35 | AN8: 36 | AO8: 37 | AP8: 38 | AQ8: 39 | AR8: 40 | AS8: 41 | AT8: 42 | AU8: 43 | AV8: 44 | AW8: 45 | AX8: 46 | AY8: 47 | AZ8: 48 | BA8: 49 | BB8: 50 | BC8: 51 | BD8: 52 | BE8: 53 | BF8: 54 | BG8: 55 | BH8: 56 | BI8: 57 | BJ8: 58 | BK8: 59 | BL8: 60 | BM8: 61 | BN8: 62 | BO8: 63 | BP8: 64 | BQ8: 65 | BR8: 66 | BS8: 67 | BT8: 68 | BU8: 69 | BV8: 70 | BW8: 71 | BX8: 72 | BY8: 73 | BZ8: 74 | CA8: 75 | CB8: 76 | CC8: 77 | CD8: 78
B9: 01 | C9: A01 | D9: Products of agriculture, hunting and related services | E9: 2751242.5 | F9: 157.03962 | G9: 18.252497 | H9: 1.0300065 | I9: 0 | J9: 515.89732 | K9: 95.911963 | L9: 4853015.7 | M9: 484801.03 | N9: 277420.79 | O9: 380991.67 | P9: 66369.231 | Q9: 67464.525 | R9: 0 | S9: 807.3391 | T9: 809.04307 | U9: 0 | V9: 127591.8 | W9: 897.56262 | X9: 0 | Y9: 0 | Z9: 0 | AA9: 0 | AB9: 0 | AC9: 0 | AD9: 0 | AE9: 0 | AF9: 0 | AG9: 0 | AH9: 7711.4956 | AI9: 0 | AJ9: 0 | AK9: 0 | AL9: 0 | AM9: 19.902416 | AN9: 234.95409 | AO9: 612.91726 | AP9: 1009.4723 | AQ9: 478.52826 | AR9: 0 | AS9: 0 | AT9: 0 | AU9: 0 | AV9: 412803.76 | AW9: 766976.68 | AX9: 0 | AY9: 0 | AZ9: 0 | BA9: 246.66589 | BB9: 0 | BC9: 127.02715 | BD9: 7.0220899 | BE9: 0 | BF9: 5980.7144 | BG9: 104.51668 | BH9: 41.01977 | BI9: 68.923227 | BJ9: 412.95766 | BK9: 750.022 | BL9: 518.86775 | BM9: 69.963943 | BN9: 0 | BO9: 0 | BP9: 0 | BQ9: 0 | BR9: 110320.83 | BS9: 0 | BT9: 10320696 | BU9: 21454684 | BV9: 0 | BW9: 0 | BX9: 21454684 | BY9: 602903.23 | BZ9: 0 | CA9: 94690.502 | CB9: 2423304.2 | CC9: 24575582 | CD9: 34896278
B10: 02 | C10: A02 | D10: Products of forestry, logging and related services | E10: 24371.858 | F10: 111719.2 | G10: 36353.939 | H10: 2337.4086 | I10: 1129.7018 | J10: 67192.81 | K10: 21163.327 | L10: 39107.593 | M10: 1708.7171 | N10: 294.71364 | O10: 10.412116 | P10: 561.11114 | Q10: 37.5938 | R10: 56393.301 | S10: 3949.4088 | T10: 14.139712 | U10: 0 | V10: 3590.5137 | W10: 0 | X10: 1034.2213 | Y10: 4.2823876 | Z10: 0 | AA10: 0 | AB10: 0 | AC10: 0 | AD10: 0 | AE10: 0 | AF10: 0 | AG10: 80323.732 | AH10: 6.0364561 | AI10: 3.0412909 | AJ10: 0 | AK10: 0 | AL10: 0 | AM10: 961698.95 | AN10: 1611.8901 | AO10: 2223.8696 | AP10: 3662.4677 | AQ10: 0 | AR10: 0 | AS10: 0 | AT10: 0 | AU10: 324.70312 | AV10: 105506.66 | AW10: 382217.48 | AX10: 0 | AY10: 0 | AZ10: 0 | BA10: 0 | BB10: 0 | BC10: 0 | BD10: 0 | BE10: 0 | BF10: 0 | BG10: 0 | BH10: 0 | BI10: 0 | BJ10: 20094.984 | BK10: 8001.2344 | BL10: 22961.024 | BM10: 9265.9514 | BN10: 727.49621 | BO10: 628.90319 | BP10: 456.57172 | BQ10: 0 | BR10: 475.2351 | BS10: 0 | BT10: 1971164.5 | BU10: 2602285.1 | BV10: 0 | BW10: 0 | BX10: 2602285.1 | BY10: 0 | BZ10: 0 | CA10: 0 | CB10: 11611.317 | CC10: 2613896.4 | CD10: 4585060.9
B11: 03 | C11: A03 | D11: Fish and other fishing products; aquaculture products; support services to fishing | E11: 0 | F11: 0 | G11: 0 | H11: 0 | I11: 0 | J11: 0 | K11: 0 | L11: 235202.46 | M11: 0 | N11: 0 | O11: 0 | P11: 0 | Q11: 0 | R11: 0 | S11: 0 | T11: 0 | U11: 0 | V11: 0 | W11: 0 | X11: 0 | Y11: 0 | Z11: 0 | AA11: 0 | AB11: 0 | AC11: 0 | AD11: 0 | AE11: 0 | AF11: 0 | AG11: 0 | AH11: 0 | AI11: 0 | AJ11: 0 | AK11: 0 | AL11: 0 | AM11: 0 | AN11: 0 | AO11: 0 | AP11: 0 | AQ11: 0 | AR11: 0 | AS11: 0 | AT11: 0 | AU11: 0 | AV11: 70661.453 | AW11: 66182.64 | AX11: 0 | AY11: 0 | AZ11: 0 | BA11: 0 | BB11: 0 | BC11: 0 | BD11: 0 | BE11: 0 | BF11: 0 | BG11: 0 | BH11: 0 | BI11: 0 | BJ11: 0 | BK11: 0 | BL11: 0 | BM11: 0 | BN11: 0 | BO11: 0 | BP11: 0 | BQ11: 0 | BR11: 0 | BS11: 0 | BT11: 372046.56 | BU11: 2033251.2 | BV11: 0 | BW11: 0 | BX11: 2033251.2 | BY11: 0 | BZ11: 0 | CA11: 0 | CB11: 4234.4341 | CC11: 2037485.6 | CD11: 2409532.1
B12: 04 | C12: B05 | D12: Coal and lignite | E12: 0 | F12: 0 | G12: 0 | H12: 0 | I12: 0 | J12: 0 | K12: 0 | L12: 0.34742101 | M12: 0.33456281 | N12: 0 | O12: 0 | P12: 0 | Q12: 0 | R12: 0 | S12: 0 | T12: 0 | U12: 0 | V12: 0 | W12: 0 | X12: 0 | Y12: 128678.76 | Z12: 6806.1561 | AA12: 2.9049398e-05 | AB12: 0 | AC12: 0.032012632 | AD12: 24.667483 | AE12: 0 | AF12: 0 | AG12: 0 | AH12: 0 | AI12: 0 | AJ12: 0 | AK12: 0 | AL12: 0 | AM12: 0 | AN12: 0 | AO12: 0 | AP12: 0 | AQ12: 179.16962 | AR12: 0 | AS12: 0 | AT12: 0 | AU12: 0 | AV12: 84.806361 | AW12: 0 | AX12: 0 | AY12: 0 | AZ12: 0 | BA12: 0 | BB12: 0 | BC12: 0 | BD12: 0 | BE12: 0 | BF12: 0 | BG12: 0 | BH12: 0 | BI12: 0 | BJ12: 0 | BK12: 0 | BL12: 0 | BM12: 0 | BN12: 0 | BO12: 0 | BP12: 0 | BQ12: 0 | BR12: 0 | BS12: 0 | BT12: 135774.28 | BU12: 455.36488 | BV12: 0 | BW12: 0 | BX12: 455.36488 | BY12: 0 | BZ12: 0 | CA12: 8577.2325 | CB12: 12758.619 | CC12: 21791.216 | CD12: 157565.49
B13: 05 | C13: B06 | D13: Crude petroleum and natural gas | E13: 0 | F13: 0 | G13: 0 | H13: 0 | I13: 0 | J13: 0 | K13: 0 | L13: 0 | M13: 0 | N13: 0 | O13: 0 | P13: 0 | Q13: 0 | R13: 0 | S13: 0 | T13: 0 | U13: 75820.492 | V13: 0 | W13: 0 | X13: 0 | Y13: 27049.524 | Z13: 0 | AA13: 0 | AB13: 0 | AC13: 0 | AD13: 0 | AE13: 0 | AF13: 0 | AG13: 0 | AH13: 0 | AI13: 0 | AJ13: 329590.49 | AK13: 0 | AL13: 0 | AM13: 0 | AN13: 0 | AO13: 0 | AP13: 0 | AQ13: 0 | AR13: 0 | AS13: 0 | AT13: 0 | AU13: 0 | AV13: 0 | AW13: 0 | AX13: 0 | AY13: 0 | AZ13: 0 | BA13: 0 | BB13: 0 | BC13: 0 | BD13: 0 | BE13: 0 | BF13: 0 | BG13: 0 | BH13: 0 | BI13: 0 | BJ13: 0 | BK13: 0 | BL13: 0 | BM13: 0 | BN13: 0 | BO13: 0 | BP13: 0 | BQ13: 0 | BR13: 0 | BS13: 0 | BT13: 432460.5 | BU13: 0 | BV13: 0 | BW13: 0 | BX13: 0 | BY13: 0 | BZ13: 0 | CA13: -1874.0955 | CB13: 11671.409 | CC13: 9797.3134 | CD13: 442257.82
B14: 06 | C14: B07 | D14: Metal ores | E14: 0 | F14: 0 | G14: 0 | H14: 0 | I14: 0 | J14: 0 | K14: 0 | L14: 0 | M14: 0 | N14: 0 | O14: 0 | P14: 0 | Q14: 0 | R14: 0 | S14: 0 | T14: 0 | U14: 0 | V14: 40906.639 | W14: 0 | X14: 0 | Y14: 0 | Z14: 966993.29 | AA14: 602155.08 | AB14: 0 | AC14: 0 | AD14: 0 | AE14: 0 | AF14: 0 | AG14: 0 | AH14: 717646.27 | AI14: 0 | AJ14: 0 | AK14: 0 | AL14: 0 | AM14: 0 | AN14: 0 | AO14: 0 | AP14: 0 | AQ14: 0 | AR14: 0 | AS14: 0 | AT14: 0 | AU14: 0 | AV14: 0 | AW14: 0 | AX14: 0 | AY14: 0 | AZ14: 0 | BA14: 0 | BB14: 0 | BC14: 0 | BD14: 0 | BE14: 0 | BF14: 0 | BG14: 0 | BH14: 0 | BI14: 0 | BJ14: 0 | BK14: 0 | BL14: 0 | BM14: 0 | BN14: 0 | BO14: 0 | BP14: 0 | BQ14: 0 | BR14: 0 | BS14: 0 | BT14: 2327701.3 | BU14: 0 | BV14: 0 | BW14: 0 | BX14: 0 | BY14: 0 | BZ14: 228855.79 | CA14: 16456.361 | CB14: 4835508.6 | CC14: 5080820.8 | CD14: 7408522
B15: 07 | C15: B08-B09 | D15: Other mining and quarrying products | E15: 0 | F15: 0 | G15: 0 | H15: 0 | I15: 1725.0095 | J15: 43244.256 | K15: 12689.02 | L15: 29.369167 | M15: 35.418016 | N15: 0 | O15: 0 | P15: 0 | Q15: 67.817674 | R15: 0 | S15: 0 | T15: 0 | U15: 0 | V15: 1969.5044 | W15: 6.2703856 | X15: 1.1178518 | Y15: 372607.83 | Z15: 56.864783 | AA15: 5.1154875 | AB15: 0 | AC15: 0 | AD15: 0 | AE15: 0 | AF15: 58.618356 | AG15: 4347.2602 | AH15: 112.51339 | AI15: 0 | AJ15: 0 | AK15: 1601.1194 | AL15: 0 | AM15: 1346053.5 | AN15: 0 | AO15: 0 | AP15: 0 | AQ15: 0 | AR15: 0 | AS15: 0 | AT15: 0 | AU15: 0 | AV15: 0 | AW15: 0 | AX15: 0 | AY15: 0 | AZ15: 0 | BA15: 0 | BB15: 0 | BC15: 0 | BD15: 0 | BE15: 0 | BF15: 0 | BG15: 0 | BH15: 0 | BI15: 0 | BJ15: 0 | BK15: 0 | BL15: 0 | BM15: 0 | BN15: 0 | BO15: 0 | BP15: 0 | BQ15: 0 | BR15: 0 | BS15: 0 | BT15: 1784610.6 | BU15: 0 | BV15: 0 | BW15: 0 | BX15: 0 | BY15: 0 | BZ15: 0 | CA15: 57723.59 | CB15: 269639.03 | CC15: 327362.62 | CD15: 2111973.3
B16: 08 | C16: C10 | D16: Manufacture of food products | E16: 206488.27 | F16: 0 | G16: 89605.71 | H16: 0 | I16: 0 | J16: 0 | K16: 0 | L16: 540444.78 | M16: 696651.96 | N16: 0 | O16: 1375.681 | P16: 36139.552 | Q16: 34063.283 | R16: 0 | S16: 0 | T16: 0 | U16: 0 | V16: 73335.886 | W16: 949.79798 | X16: 0 | Y16: 0 | Z16: 0 | AA16: 0 | AB16: 0 | AC16: 0 | AD16: 0 | AE16: 0 | AF16: 0 | AG16: 0 | AH16: 5316.8995 | AI16: 19189.893 | AJ16: 0 | AK16: 0 | AL16: 0 | AM16: 0 | AN16: 0 | AO16: 0 | AP16: 0 | AQ16: 0 | AR16: 0 | AS16: 0 | AT16: 0 | AU16: 0 | AV16: 592732.43 | AW16: 851572.69 | AX16: 204.12649 | AY16: 0 | AZ16: 0 | BA16: 0 | BB16: 0 | BC16: 0 | BD16: 0 | BE16: 0 | BF16: 0 | BG16: 343.12501 | BH16: 0 | BI16: 0 | BJ16: 0 | BK16: 126338.2 | BL16: 92604.109 | BM16: 110707.08 | BN16: 11272.584 | BO16: 0 | BP16: 0 | BQ16: 0 | BR16: 0 | BS16: 0 | BT16: 3489336.1 | BU16: 8343035.4 | BV16: 0 | BW16: 0 | BX16: 8343035.4 | BY16: 0 | BZ16: 0 | CA16: -15670.133 | CB16: 718794.09 | CC16: 9046159.3 | CD16: 12535495
B17: 09 | C17: C11 | D17: Manufacture of beverages | E17: 0 | F17: 0 | G17: 0 | H17: 0 | I17: 0 | J17: 0 | K17: 0 | L17: 0 | M17: 47066.095 | N17: 0 | O17: 0 | P17: 0 | Q17: 0 | R17: 0 | S17: 0 | T17: 0 | U17: 0 | V17: 0 | W17: 0 | X17: 0 | Y17: 0 | Z17: 0 | AA17: 0 | AB17: 0 | AC17: 0 | AD17: 0 | AE17: 0 | AF17: 0 | AG17: 0 | AH17: 0 | AI17: 0 | AJ17: 0 | AK17: 0 | AL17: 0 | AM17: 0 | AN17: 2957.9758 | AO17: 332.97444 | AP17: 548.50715 | AQ17: 2141.8897 | AR17: 3855.1269 | AS17: 246.35588 | AT17: 23119.568 | AU17: 143.87234 | AV17: 154642.26 | AW17: 201888.24 | AX17: 370.80469 | AY17: 0 | AZ17: 0 | BA17: 742.37515 | BB17: 212.68715 | BC17: 1731.7295 | BD17: 165.75339 | BE17: 422.63718 | BF17: 123.50212 | BG17: 1783.8633 | BH17: 539.80806 | BI17: 16164.132 | BJ17: 8215.522 | BK17: 13570.552 | BL17: 6851.9573 | BM17: 6902.1189 | BN17: 784.17995 | BO17: 976.49694 | BP17: 169.89719 | BQ17: 0 | BR17: 432.55323 | BS17: 0 | BT17: 497103.44 | BU17: 3229849.4 | BV17: 0 | BW17: 0 | BX17: 3229849.4 | BY17: 0 | BZ17: 0 | CA17: -63265.146 | CB17: 62831.843 | CC17: 3229416.1 | CD17: 3726519.5
B18: 10 | C18: C12 | D18: Manufacture of tobacco products | E18: 0 | F18: 0 | G18: 0 | H18: 0 | I18: 0 | J18: 0 | K18: 0 | L18: 0 | M18: 0 | N18: 13954.189 | O18: 0 | P18: 0 | Q18: 0 | R18: 0 | S18: 0 | T18: 0 | U18: 0 | V18: 0 | W18: 0 | X18: 0 | Y18: 0 | Z18: 0 | AA18: 0 | AB18: 0 | AC18: 0 | AD18: 0 | AE18: 0 | AF18: 0 | AG18: 0 | AH18: 0 | AI18: 0 | AJ18: 0 | AK18: 0 | AL18: 0 | AM18: 0 | AN18: 0 | AO18: 0 | AP18: 0 | AQ18: 0 | AR18: 0 | AS18: 0 | AT18: 0 | AU18: 0 | AV18: 0 | AW18: 0 | AX18: 0 | AY18: 0 | AZ18: 0 | BA18: 0 | BB18: 0 | BC18: 0 | BD18: 0 | BE18: 0 | BF18: 0 | BG18: 0 | BH18: 0 | BI18: 0 | BJ18: 0 | BK18: 0 | BL18: 0 | BM18: 0 | BN18: 0 | BO18: 0 | BP18: 0 | BQ18: 0 | BR18: 0 | BS18: 0 | BT18: 13954.189 | BU18: 420325.96 | BV18: 0 | BW18: 0 | BX18: 420325.96 | BY18: 0 | BZ18: 0 | CA18: -40457.672 | CB18: 367441.22 | CC18: 747309.51 | CD18: 761263.7
B19: 11 | C19: C13 | D19: Manufacture of textiles | E19: 43672.266 | F19: 0 | G19: 39853.606 | H19: 0 | I19: 0 | J19: 0 | K19: 0 | L19: 21741.131 | M19: 186.55915 | N19: 0 | O19: 2124.3017 | P19: 446938.51 | Q19: 13599.52 | R19: 11242.542 | S19: 3870.3907 | T19: 2425.3261 | U19: 0 | V19: 0 | W19: 13226.482 | X19: 41894.691 | Y19: 0 | Z19: 0 | AA19: 0 | AB19: 0 | AC19: 0 | AD19: 0 | AE19: 7657.7227 | AF19: 46356.208 | AG19: 23769.655 | AH19: 10443.833 | AI19: 11389.7 | AJ19: 0 | AK19: 1086.3304 | AL19: 0 | AM19: 0 | AN19: 0 | AO19: 0 | AP19: 0 | AQ19: 0 | AR19: 0 | AS19: 0 | AT19: 0 | AU19: 0 | AV19: 0 | AW19: 0 | AX19: 0 | AY19: 0 | AZ19: 0 | BA19: 0 | BB19: 0 | BC19: 0 | BD19: 0 | BE19: 0 | BF19: 0 | BG19: 0 | BH19: 0 | BI19: 0 | BJ19: 0 | BK19: 27251.829 | BL19: 136.6889 | BM19: 81946.325 | BN19: 1313.5423 | BO19: 293.01794 | BP19: 0 | BQ19: 20703.597 | BR19: 0 | BS19: 0 | BT19: 873123.77 | BU19: 147419.5 | BV19: 0 | BW19: 0 | BX19: 147419.5 | BY19: 0 | BZ19: 0 | CA19: 8844.9789 | CB19: 292693.65 | CC19: 448958.13 | CD19: 1322081.9
B20: 12 | C20: C14 | D20: Manufacture of wearing apparel | E20: 5276.3493 | F20: 57824.802 | G20: 2831.857 | H20: 2283.0295 | I20: 1279.7767 | J20: 0 | K20: 0 | L20: 15605.974 | M20: 0 | N20: 0 | O20: 508.95522 | P20: 12622.524 | Q20: 0 | R20: 0 | S20: 0 | T20: 90.283455 | U20: 0 | V20: 0 | W20: 0 | X20: 0 | Y20: 0 | Z20: 0 | AA20: 0 | AB20: 0 | AC20: 0 | AD20: 0 | AE20: 0 | AF20: 0 | AG20: 0 | AH20: 0 | AI20: 0 | AJ20: 0 | AK20: 0 | AL20: 0 | AM20: 51891.54 | AN20: 3622.1172 | AO20: 0 | AP20: 0 | AQ20: 15601.77 | AR20: 536.71587 | AS20: 111.02845 | AT20: 9939.4448 | AU20: 1320.4842 | AV20: 177880.69 | AW20: 180.26601 | AX20: 35.842664 | AY20: 79.747802 | AZ20: 50.976479 | BA20: 2302.5505 | BB20: 98.353125 | BC20: 3274.6603 | BD20: 0 | BE20: 0 | BF20: 0 | BG20: 89.358448 | BH20: 0 | BI20: 0 | BJ20: 0 | BK20: 78762.344 | BL20: 1787.5944 | BM20: 29997.616 | BN20: 1379.4618 | BO20: 2330.174 | BP20: 0 | BQ20: 0 | BR20: 4075.9957 | BS20: 0 | BT20: 483672.29 | BU20: 1125735.6 | BV20: 0 | BW20: 0 | BX20: 1125735.6 | BY20: 0 | BZ20: 0 | CA20: 13423.841 | CB20: 67433.577 | CC20: 1206593 | CD20: 1690265.3
... B75: 67 | C75: T97 | D75: Domestic services | E75: 0 | F75: 0 | G75: 0 | H75: 0 | I75: 0 | J75: 0 | K75: 0 | L75: 0 | M75: 0 | N75: 0 | O75: 0 | P75: 0 | Q75: 0 | R75: 0 | S75: 0 | T75: 0 | U75: 0 | V75: 0 | W75: 0 | X75: 0 | Y75: 0 | Z75: 0 | AA75: 0 | AB75: 0 | AC75: 0 | AD75: 0 | AE75: 0 | AF75: 0 | AG75: 0 | AH75: 0 | AI75: 0 | AJ75: 0 | AK75: 0 | AL75: 0 | AM75: 0 | AN75: 0 | AO75: 0 | AP75: 0 | AQ75: 0 | AR75: 0 | AS75: 0 | AT75: 0 | AU75: 0 | AV75: 0 | AW75: 0 | AX75: 0 | AY75: 0 | AZ75: 0 | BA75: 0 | BB75: 0 | BC75: 0 | BD75: 0 | BE75: 0 | BF75: 0 | BG75: 0 | BH75: 0 | BI75: 0 | BJ75: 0 | BK75: 0 | BL75: 0 | BM75: 0 | BN75: 0 | BO75: 0 | BP75: 0 | BQ75: 0 | BR75: 0 | BS75: 0 | BT75: 0 | BU75: 315779.91 | BV75: 0 | BW75: 0 | BX75: 315779.91 | BY75: 0 | BZ75: 0 | CA75: 0 | CB75: 0 | CC75: 315779.91 | CD75: 315779.91
B76: 68 | D76: Total | E76: 6655168.1 | F76: 569481.86 | G76: 320915.4 | H76: 33202.105 | I76: 106531.57 | J76: 1594273 | K76: 573589.81 | L76: 7588493.3 | M76: 2558624.6 | N76: 529734.41 | O76: 450337.37 | P76: 774602.07 | Q76: 230477.31 | R76: 208530.83 | S76: 171229.72 | T76: 350263.05 | U76: 152995.98 | V76: 1359165.2 | W76: 64205.494 | X76: 442782.11 | Y76: 1223297 | Z76: 1097112.3 | AA76: 727747.61 | AB76: 20203.832 | AC76: 233374.96 | AD76: 140013.84 | AE76: 76482.87 | AF76: 170289.29 | AG76: 1053878.4 | AH76: 861004.68 | AI76: 478413.5 | AJ76: 1444342.3 | AK76: 369375.45 | AL76: 23025.724 | AM76: 23756955 | AN76: 1180902 | AO76: 2114866.3 | AP76: 3084195.6 | AQ76: 6220624.3 | AR76: 245461.01 | AS76: 193102.29 | AT76: 1667290.1 | AU76: 105758.84 | AV76: 2189279.3 | AW76: 2694000 | AX76: 33590.811 | AY76: 72092.582 | AZ76: 60435.811 | BA76: 1198367.5 | BB76: 252476.64 | BC76: 911222.17 | BD76: 155801.92 | BE76: 350118.24 | BF76: 519937.71 | BG76: 403091.16 | BH76: 233797.63 | BI76: 695234.68 | BJ76: 1072645.9 | BK76: 3219286 | BL76: 1555822.7 | BM76: 1315914.2 | BN76: 246679.78 | BO76: 164622.93 | BP76: 182714.68 | BQ76: 197127.5 | BR76: 517271.47 | BS76: 0 | BT76: 89463851 | BU76: 74685936 | BV76: 226556.24 | BW76: 13229849 | BX76: 88142341 | BY76: 48832462 | BZ76: 228987.53 | CA76: 244393.7 | CB76: 16372110 | CC76: 1.538203e+08 | CD76: 2.4328415e+08
B77: 69 | D77: Taxes less subsidies on products | E77: 265111.26 | F77: 34120.256 | G77: 16613.306 | H77: 4234.522 | I77: 12168.233 | J77: 81079.41 | K77: 39737.805 | L77: 42137.013 | M77: 135290.94 | N77: 18069.109 | O77: 3550.2603 | P77: 43121.361 | Q77: 2960.291 | R77: 3433.8776 | S77: 4758.6028 | T77: 12626.581 | U77: 4873.7141 | V77: 22296.729 | W77: 2074.0362 | X77: 7691.4191 | Y77: 29325.728 | Z77: 798.75825 | AA77: 2410.1701 | AB77: 871.56699 | AC77: 10914.306 | AD77: 4223.0694 | AE77: 9052.1783 | AF77: 7202.0129 | AG77: 28890.357 | AH77: 1712.5606 | AI77: 18226.091 | AJ77: 38058.045 | AK77: 5893.6659 | AL77: 398.94699 | AM77: 598841.97 | AN77: 46569.238 | AO77: 69754.508 | AP77: 107623.41 | AQ77: 1186451.2 | AR77: 68449.434 | AS77: 34444.755 | AT77: 41901.652 | AU77: 1731.9461 | AV77: 68705.314 | AW77: 41991.243 | AX77: 190.2721 | AY77: 1612.362 | AZ77: 1203.3271 | BA77: 61075.185 | BB77: 9383.0091 | BC77: 23561.721 | BD77: 4117.1347 | BE77: 11213.577 | BF77: 12826.18 | BG77: 9739.4428 | BH77: 11103.047 | BI77: 80083.181 | BJ77: 23498.492 | BK77: 70551.276 | BL77: 31539.72 | BM77: 24867.901 | BN77: 3479.247 | BO77: 2354.7018 | BP77: 2738.9512 | BQ77: 7647.7497 | BR77: 14949.103 | BS77: 0 | BT77: 3588126.5 | BU77: 6837954.7 | BV77: 1.2669948 | BW77: 25.390164 | BX77: 6837981.3 | BY77: 341314.9 | BZ77: 3.7800113 | CA77: 0 | CB77: 0 | CC77: 7179300 | CD77: 10767426
B78: 70 | D78: Total | E78: 6920279.3 | F78: 603602.12 | G78: 337528.7 | H78: 37436.627 | I78: 118699.8 | J78: 1675352.4 | K78: 613327.61 | L78: 7630630.3 | M78: 2693915.5 | N78: 547803.52 | O78: 453887.63 | P78: 817723.43 | Q78: 233437.6 | R78: 211964.71 | S78: 175988.32 | T78: 362889.64 | U78: 157869.69 | V78: 1381461.9 | W78: 66279.53 | X78: 450473.53 | Y78: 1252622.8 | Z78: 1097911.1 | AA78: 730157.78 | AB78: 21075.399 | AC78: 244289.26 | AD78: 144236.9 | AE78: 85535.048 | AF78: 177491.3 | AG78: 1082768.7 | AH78: 862717.25 | AI78: 496639.59 | AJ78: 1482400.3 | AK78: 375269.11 | AL78: 23424.671 | AM78: 24355797 | AN78: 1227471.2 | AO78: 2184620.8 | AP78: 3191819 | AQ78: 7407075.5 | AR78: 313910.45 | AS78: 227547.05 | AT78: 1709191.8 | AU78: 107490.78 | AV78: 2257984.6 | AW78: 2735991.2 | AX78: 33781.083 | AY78: 73704.944 | AZ78: 61639.138 | BA78: 1259442.7 | BB78: 261859.65 | BC78: 934783.89 | BD78: 159919.05 | BE78: 361331.82 | BF78: 532763.89 | BG78: 412830.6 | BH78: 244900.68 | BI78: 775317.86 | BJ78: 1096144.3 | BK78: 3289837.3 | BL78: 1587362.4 | BM78: 1340782.1 | BN78: 250159.03 | BO78: 166977.64 | BP78: 185453.63 | BQ78: 204775.25 | BR78: 532220.57 | BS78: 0 | BT78: 93051978 | BU78: 81523891 | BV78: 226557.51 | BW78: 13229874 | BX78: 94980322 | BY78: 49173777 | BZ78: 228991.31 | CA78: 244393.7 | CB78: 16372110 | CC78: 1.609996e+08 | CD78: 2.5405157e+08
B79: 71 | D79: C.i.f./f.o.b. adjustments on imports | E79: 0 | F79: 0 | G79: 0 | H79: 0 | I79: 0 | J79: 0 | K79: 0 | L79: 0 | M79: 0 | N79: 0 | O79: 0 | P79: 0 | Q79: 0 | R79: 0 | S79: 0 | T79: 0 | U79: 0 | V79: 0 | W79: 0 | X79: 0 | Y79: 0 | Z79: 0 | AA79: 0 | AB79: 0 | AC79: 0 | AD79: 0 | AE79: 0 | AF79: 0 | AG79: 0 | AH79: 0 | AI79: 0 | AJ79: 0 | AK79: 0 | AL79: 0 | AM79: 0 | AN79: 0 | AO79: 0 | AP79: 0 | AQ79: 0 | AR79: 0 | AS79: 0 | AT79: 0 | AU79: 0 | AV79: 0 | AW79: 0 | AX79: 0 | AY79: 0 | AZ79: 0 | BA79: 0 | BB79: 0 | BC79: 0 | BD79: 0 | BE79: 0 | BF79: 0 | BG79: 0 | BH79: 0 | BI79: 0 | BJ79: 0 | BK79: 0 | BL79: 0 | BM79: 0 | BN79: 0 | BO79: 0 | BP79: 0 | BQ79: 0 | BR79: 0 | BS79: 0 | BT79: 0 | BU79: 0 | BV79: 0 | BW79: 0 | BX79: 0 | BY79: 0 | BZ79: 0 | CA79: 0 | CB79: 0 | CC79: 0 | CD79: 0
B80: 72 | D80: Direct purchases abroad by residents | E80: 0 | F80: 0 | G80: 0 | H80: 0 | I80: 0 | J80: 0 | K80: 0 | L80: 0 | M80: 0 | N80: 0 | O80: 0 | P80: 0 | Q80: 0 | R80: 0 | S80: 0 | T80: 0 | U80: 0 | V80: 0 | W80: 0 | X80: 0 | Y80: 0 | Z80: 0 | AA80: 0 | AB80: 0 | AC80: 0 | AD80: 0 | AE80: 0 | AF80: 0 | AG80: 0 | AH80: 0 | AI80: 0 | AJ80: 0 | AK80: 0 | AL80: 0 | AM80: 0 | AN80: 0 | AO80: 0 | AP80: 0 | AQ80: 0 | AR80: 0 | AS80: 0 | AT80: 0 | AU80: 0 | AV80: 0 | AW80: 0 | AX80: 0 | AY80: 0 | AZ80: 0 | BA80: 0 | BB80: 0 | BC80: 0 | BD80: 0 | BE80: 0 | BF80: 0 | BG80: 0 | BH80: 0 | BI80: 0 | BJ80: 0 | BK80: 0 | BL80: 0 | BM80: 0 | BN80: 0 | BO80: 0 | BP80: 0 | BQ80: 0 | BR80: 0 | BS80: 0 | BT80: 0 | BU80: 1392414.2 | BV80: 0 | BW80: 0 | BX80: 1392414.2 | BY80: 0 | BZ80: 0 | CA80: 0 | CB80: 0 | CC80: 1392414.2 | CD80: 1392414.2
B81: 73 | D81: Direct purchases in domestic markets by non-residents | E81: 0 | F81: 0 | G81: 0 | H81: 0 | I81: 0 | J81: 0 | K81: 0 | L81: 0 | M81: 0 | N81: 0 | O81: 0 | P81: 0 | Q81: 0 | R81: 0 | S81: 0 | T81: 0 | U81: 0 | V81: 0 | W81: 0 | X81: 0 | Y81: 0 | Z81: 0 | AA81: 0 | AB81: 0 | AC81: 0 | AD81: 0 | AE81: 0 | AF81: 0 | AG81: 0 | AH81: 0 | AI81: 0 | AJ81: 0 | AK81: 0 | AL81: 0 | AM81: 0 | AN81: 0 | AO81: 0 | AP81: 0 | AQ81: 0 | AR81: 0 | AS81: 0 | AT81: 0 | AU81: 0 | AV81: 0 | AW81: 0 | AX81: 0 | AY81: 0 | AZ81: 0 | BA81: 0 | BB81: 0 | BC81: 0 | BD81: 0 | BE81: 0 | BF81: 0 | BG81: 0 | BH81: 0 | BI81: 0 | BJ81: 0 | BK81: 0 | BL81: 0 | BM81: 0 | BN81: 0 | BO81: 0 | BP81: 0 | BQ81: 0 | BR81: 0 | BS81: 0 | BT81: 0 | BU81: -5660573.5 | BV81: 0 | BW81: 0 | BX81: -5660573.5 | BY81: 0 | BZ81: 0 | CA81: 0 | CB81: 5660573.5 | CC81: 0 | CD81: 0
B82: 74 | D82: Total intermediate consumption/final consumption at basic prices | E82: 6920279.3 | F82: 603602.12 | G82: 337528.7 | H82: 37436.627 | I82: 118699.8 | J82: 1675352.4 | K82: 613327.61 | L82: 7630630.3 | M82: 2693915.5 | N82: 547803.52 | O82: 453887.63 | P82: 817723.43 | Q82: 233437.6 | R82: 211964.71 | S82: 175988.32 | T82: 362889.64 | U82: 157869.69 | V82: 1381461.9 | W82: 66279.53 | X82: 450473.53 | Y82: 1252622.8 | Z82: 1097911.1 | AA82: 730157.78 | AB82: 21075.399 | AC82: 244289.26 | AD82: 144236.9 | AE82: 85535.048 | AF82: 177491.3 | AG82: 1082768.7 | AH82: 862717.25 | AI82: 496639.59 | AJ82: 1482400.3 | AK82: 375269.11 | AL82: 23424.671 | AM82: 24355797 | AN82: 1227471.2 | AO82: 2184620.8 | AP82: 3191819 | AQ82: 7407075.5 | AR82: 313910.45 | AS82: 227547.05 | AT82: 1709191.8 | AU82: 107490.78 | AV82: 2257984.6 | AW82: 2735991.2 | AX82: 33781.083 | AY82: 73704.944 | AZ82: 61639.138 | BA82: 1259442.7 | BB82: 261859.65 | BC82: 934783.89 | BD82: 159919.05 | BE82: 361331.82 | BF82: 532763.89 | BG82: 412830.6 | BH82: 244900.68 | BI82: 775317.86 | BJ82: 1096144.3 | BK82: 3289837.3 | BL82: 1587362.4 | BM82: 1340782.1 | BN82: 250159.03 | BO82: 166977.64 | BP82: 185453.63 | BQ82: 204775.25 | BR82: 532220.57 | BS82: 0 | BT82: 93051978 | BU82: 77255732 | BV82: 226557.51 | BW82: 13229874 | BX82: 90712163 | BY82: 49173777 | BZ82: 228991.31 | CA82: 244393.7 | CB82: 22032684 | CC82: 1.6239201e+08 | CD82: 2.5544399e+08
B83: 75 | D83: Compensation of employees | E83: 6689109.3 | F83: 1109722.4 | G83: 530764.77 | H83: 19118.489 | I83: 40476.045 | J83: 657989.14 | K83: 198868.93 | L83: 715533.2 | M83: 273085.96 | N83: 97261.925 | O83: 86673.6 | P83: 342113.52 | Q83: 37986.301 | R83: 55489.977 | S83: 16690.311 | T83: 66117.041 | U83: 5731.1722 | V83: 210935.46 | W83: 14419.92 | X83: 84295.194 | Y83: 233114.96 | Z83: 113011.62 | AA83: 70918.349 | AB83: 3300.1511 | AC83: 27788.551 | AD83: 43418.863 | AE83: 26774.455 | AF83: 20295.994 | AG83: 271442.51 | AH83: 132235.96 | AI83: 261328.95 | AJ83: 227409.72 | AK83: 191520.64 | AL83: 8564.0379 | AM83: 4303802.8 | AN83: 188826.37 | AO83: 805411.58 | AP83: 1508194.7 | AQ83: 2397659 | AR83: 39757.894 | AS83: 50293.607 | AT83: 268969.55 | AU83: 18546.269 | AV83: 232405.83 | AW83: 254092.08 | AX83: 8156.515 | AY83: 15260.014 | AZ83: 31037.432 | BA83: 209940.41 | BB83: 15619.327 | BC83: 1140022.1 | BD83: 142451.12 | BE83: 345924.61 | BF83: 457151.82 | BG83: 140290.66 | BH83: 20737.005 | BI83: 131295.28 | BJ83: 214063.11 | BK83: 4383354.1 | BL83: 2527097.9 | BM83: 1263957.9 | BN83: 68776.435 | BO83: 82429.804 | BP83: 97901.815 | BQ83: 187405.41 | BR83: 260536.39 | BS83: 315779.91 | BT83: 35010656 | BU83: 0 | BV83: 0 | BW83: 0 | BX83: 0 | BY83: 0 | BZ83: 0 | CA83: 0 | CB83: 0 | CC83: 0 | CD83: 0
B84: 76 | D84: Other taxes on production | E84: 1468.9562 | F84: 3686.6405 | G84: 4256.421 | H84: 7032.2095 | I84: 3979.903 | J84: 8839.6708 | K84: 9084.2891 | L84: 85132.133 | M84: 19556.556 | N84: 1956.7666 | O84: 3213.2918 | P84: 8648.7086 | Q84: 4482.1123 | R84: 15854.02 | S84: 4054.6887 | T84: 4354.2598 | U84: 3868.8991 | V84: 20616.393 | W84: 721.61466 | X84: 629.46597 | Y84: 3354.9201 | Z84: 4456.3498 | AA84: 5234.2628 | AB84: 213.01509 | AC84: 1191.767 | AD84: 838.94002 | AE84: 996.72455 | AF84: 1620.0515 | AG84: 22738.588 | AH84: 2495.5565 | AI84: 270.50828 | AJ84: 11848.316 | AK84: 3198.6499 | AL84: 318.80635 | AM84: 7278.5312 | AN84: 737.40094 | AO84: 1929.2439 | AP84: 4236.1286 | AQ84: 88028.969 | AR84: 3855.4486 | AS84: 3101.0182 | AT84: 11618.717 | AU84: 461.18627 | AV84: 4225.8713 | AW84: 2667.4454 | AX84: 2608.6874 | AY84: 672.4916 | AZ84: 723.42315 | BA84: 3242.9856 | BB84: 966.56086 | BC84: 19983.735 | BD84: 13607.021 | BE84: 588.22628 | BF84: 8250.2423 | BG84: 4753.1493 | BH84: 1075.8867 | BI84: 596.38287 | BJ84: 20621.292 | BK84: 53976.3 | BL84: 22629.003 | BM84: 19458.066 | BN84: 3301.6276 | BO84: 1750.2225 | BP84: 463.10022 | BQ84: 2047.3363 | BR84: 6222.4171 | BS84: 0 | BT84: 585891.57 | BU84: 0 | BV84: 0 | BW84: 0 | BX84: 0 | BY84: 0 | BZ84: 0 | CA84: 0 | CB84: 0 | CC84: 0 | CD84: 0
B85: 77 | D85: Other subsidies on production | E85: 0 | F85: 0 | G85: 0 | H85: 0 | I85: 0 | J85: 0 | K85: 0 | L85: 0 | M85: 0 | N85: 0 | O85: 0 | P85: 0 | Q85: 0 | R85: 0 | S85: 0 | T85: 0 | U85: 0 | V85: 0 | W85: 0 | X85: 0 | Y85: 0 | Z85: 0 | AA85: 0 | AB85: 0 | AC85: 0 | AD85: 0 | AE85: 0 | AF85: 0 | AG85: 0 | AH85: 0 | AI85: 0 | AJ85: -1020350.4 | AK85: 0 | AL85: 0 | AM85: 0 | AN85: 0 | AO85: 0 | AP85: 0 | AQ85: -23123.325 | AR85: -22874.221 | AS85: -3886.68 | AT85: 0 | AU85: 0 | AV85: 0 | AW85: 0 | AX85: 0 | AY85: 0 | AZ85: 0 | BA85: -16081.325 | BB85: 0 | BC85: -16276.94 | BD85: 0 | BE85: 0 | BF85: 0 | BG85: 0 | BH85: 0 | BI85: 0 | BJ85: 0 | BK85: 0 | BL85: 0 | BM85: -42203.624 | BN85: 0 | BO85: 0 | BP85: 0 | BQ85: 0 | BR85: 0 | BS85: 0 | BT85: -1144796.5 | BU85: 0 | BV85: 0 | BW85: 0 | BX85: 0 | BY85: 0 | BZ85: 0 | CA85: 0 | CB85: 0 | CC85: 0 | CD85: 0
B86: 78 | D86: Consumption of fixed capital | E86: 282277.64 | F86: 167449.97 | G86: 87450.997 | H86: 28048.329 | I86: 106548.03 | J86: 711568.93 | K86: 451720.25 | L86: 130264.11 | M86: 142809.75 | N86: 28529.152 | O86: 53207.197 | P86: 75875.765 | Q86: 16725.647 | R86: 28160.511 | S86: 3476.653 | T86: 21297.07 | U86: 494.46516 | V86: 74497.522 | W86: 11072.126 | X86: 15324.862 | Y86: 24488.805 | Z86: 25481.919 | AA86: 3521.955 | AB86: 678.1867 | AC86: 1558.1068 | AD86: 10274.914 | AE86: 1910.7403 | AF86: 2296.3975 | AG86: 79474.043 | AH86: 34364.047 | AI86: 13849.287 | AJ86: 11385.554 | AK86: 40335.794 | AL86: 0 | AM86: 1762359.7 | AN86: 19149.568 | AO86: 151829.73 | AP86: 125923.36 | AQ86: 1273167.5 | AR86: 6647.7529 | AS86: 17342.145 | AT86: 115948.88 | AU86: 2398.9533 | AV86: 2298.4372 | AW86: 50013.258 | AX86: 4771.9706 | AY86: 7449.7325 | AZ86: 14175.346 | BA86: 224270.03 | BB86: 8195.683 | BC86: 421300.97 | BD86: 80396.867 | BE86: 49818.672 | BF86: 21172.148 | BG86: 67079.299 | BH86: 22254.597 | BI86: 1684.9964 | BJ86: 93251.837 | BK86: 1749572.9 | BL86: 39442.45 | BM86: 223314.77 | BN86: 2175.9146 | BO86: 2139.4338 | BP86: 22328.651 | BQ86: 19670.571 | BR86: 27826.742 | BS86: 0 | BT86: 9315791.6 | BU86: 0 | BV86: 0 | BW86: 0 | BX86: 0 | BY86: 0 | BZ86: 0 | CA86: 0 | CB86: 0 | CC86: 0 | CD86: 0
B87: 79 | D87: Operating surplus, net | E87: 20990936 | F87: 2699230.8 | G87: 1965394.9 | H87: 65790.187 | I87: 172550.15 | J87: 4087318.9 | K87: 814037.66 | L87: 2316537.2 | M87: 463289.66 | N87: 77962.047 | O87: 58561.063 | P87: 409486.28 | Q87: 37595.339 | R87: 50734.389 | S87: 43580.546 | T87: 120108.86 | U87: 28647.349 | V87: 441651.88 | W87: 18280.228 | X87: 198998.47 | Y87: 424793.54 | Z87: 122568.42 | AA87: 87009.999 | AB87: 3315.1308 | AC87: 34902.408 | AD87: 40633.277 | AE87: 22040.485 | AF87: 79975.565 | AG87: 302872.59 | AH87: 110856.99 | AI87: 403143.2 | AJ87: 1311437.8 | AK87: 417660.37 | AL87: 19057.626 | AM87: 12819207 | AN87: 947288.82 | AO87: 3362076 | AP87: 5146224.4 | AQ87: 4745226.7 | AR87: 425343.81 | AS87: 254630.66 | AT87: 793794.87 | AU87: 102666.87 | AV87: 1365112.6 | AW87: 1697665.6 | AX87: 47766.099 | AY87: 108647.39 | AZ87: 106938.99 | BA87: 1274864.3 | BB87: 97237.267 | BC87: 1901590.8 | BD87: 233407.44 | BE87: 742367.66 | BF87: 3475600.9 | BG87: 364051.57 | BH87: 371074.87 | BI87: 1031068.3 | BJ87: 1325785.7 | BK87: -0.00070329662 | BL87: 1010105.4 | BM87: 564838.84 | BN87: 306365.49 | BO87: 411716.89 | BP87: 195924.3 | BQ87: 388016.52 | BR87: 542677.84 | BS87: 0 | BT87: 84600243 | BU87: 0 | BV87: 0 | BW87: 0 | BX87: 0 | BY87: 0 | BZ87: 0 | CA87: 0 | CB87: 0 | CC87: 0 | CD87: 0
B88: 80 | D88: Value added at basic prices | E88: 27963792 | F88: 3980089.9 | G88: 2587867.1 | H88: 119989.21 | I88: 323554.13 | J88: 5465716.6 | K88: 1473711.1 | L88: 3247466.7 | M88: 898741.92 | N88: 205709.89 | O88: 201655.15 | P88: 836124.28 | Q88: 96789.399 | R88: 150238.9 | S88: 67802.199 | T88: 211877.23 | U88: 38741.885 | V88: 747701.25 | W88: 44493.889 | X88: 299247.99 | Y88: 685752.23 | Z88: 265518.31 | AA88: 166684.57 | AB88: 7506.4837 | AC88: 65440.832 | AD88: 95165.993 | AE88: 51722.405 | AF88: 104188.01 | AG88: 676527.73 | AH88: 279952.55 | AI88: 678591.94 | AJ88: 541730.99 | AK88: 652715.45 | AL88: 27940.47 | AM88: 18892648 | AN88: 1156002.2 | AO88: 4321246.6 | AP88: 6784578.6 | AQ88: 8480958.9 | AR88: 452730.69 | AS88: 321480.75 | AT88: 1190332 | AU88: 124073.28 | AV88: 1604042.7 | AW88: 2004438.4 | AX88: 63303.272 | AY88: 132029.63 | AZ88: 152875.19 | BA88: 1696236.4 | BB88: 122018.84 | BC88: 3466620.6 | BD88: 469862.46 | BE88: 1138699.2 | BF88: 3962175.1 | BG88: 576174.68 | BH88: 415142.36 | BI88: 1164645 | BJ88: 1653722 | BK88: 6186903.3 | BL88: 3599274.7 | BM88: 2029366 | BN88: 380619.47 | BO88: 498036.35 | BP88: 316617.87 | BQ88: 597139.84 | BR88: 837263.39 | BS88: 315779.91 | BT88: 1.2836779e+08 | BU88: 0 | BV88: 0 | BW88: 0 | BX88: 0 | BY88: 0 | BZ88: 0 | CA88: 0 | CB88: 0 | CC88: 0 | CD88: 0
B89: 81 | D89: Output at basic prices | E89: 34884071 | F89: 4583692 | G89: 2925395.8 | H89: 157425.84 | I89: 442253.94 | J89: 7141069 | K89: 2087038.7 | L89: 10878097 | M89: 3592657.5 | N89: 753513.41 | O89: 655542.78 | P89: 1653847.7 | Q89: 330227 | R89: 362203.61 | S89: 243790.52 | T89: 574766.87 | U89: 196611.58 | V89: 2129163.2 | W89: 110773.42 | X89: 749721.52 | Y89: 1938375 | Z89: 1363429.4 | AA89: 896842.35 | AB89: 28581.883 | AC89: 309730.09 | AD89: 239402.9 | AE89: 137257.45 | AF89: 281679.31 | AG89: 1759296.5 | AH89: 1142669.8 | AI89: 1175231.5 | AJ89: 2024131.3 | AK89: 1027984.6 | AL89: 51365.141 | AM89: 43248444 | AN89: 2383473.4 | AO89: 6505867.4 | AP89: 9976397.6 | AQ89: 15888034 | AR89: 766641.13 | AS89: 549027.8 | AT89: 2899523.8 | AU89: 231564.06 | AV89: 3862027.4 | AW89: 4740429.6 | AX89: 97084.355 | AY89: 205734.57 | AZ89: 214514.33 | BA89: 2955679.1 | BB89: 383878.49 | BC89: 4401404.5 | BD89: 629781.51 | BE89: 1500031 | BF89: 4494939 | BG89: 989005.28 | BH89: 660043.04 | BI89: 1939962.9 | BJ89: 2749866.3 | BK89: 9476740.6 | BL89: 5186637.1 | BM89: 3370148.1 | BN89: 630778.5 | BO89: 665013.99 | BP89: 502071.5 | BQ89: 801915.09 | BR89: 1369484 | BS89: 315779.91 | BT89: 2.2141976e+08 | BU89: 0 | BV89: 0 | BW89: 0 | BX89: 0 | BY89: 0 | BZ89: 0 | CA89: 0 | CB89: 0 | CC89: 0 | CD89: 0

Sheet use import
A1: MENU
C3: Table 7: Use table for Imports, 2019 (at c.i.f values)
CD4: (Million Tsh)
E5: INPUT OF INDUSTRIES (ISIC REV.4) | BT5: Total intermediate consumption | BU5: FINAL USES | CD5: Total uses at c.i.f. values
D6: INDUSTRIES (ISIC Rev.4) | E6: Crop and animal production, hunting and related service activities | F6: Forestry and logging | G6: Fishing and aquaculture | H6: Mining of coal and lignite | I6: Extraction of crude petroleum and natural gas | J6: Mining of metal ores | K6: Other mining and quarrying | L6: Manufacture of food products | M6: Manufacture of beverages | N6: Manufacture of tobacco products | O6: Manufacture of textiles | P6: Manufacture of wearing apparel | Q6: Manufacture of leather and related products | R6: Manufacture of wood and of products of wood and cork | S6: Manufacture of paper and paper products | T6: Printing and reproduction of recorded media | U6: Manufacture of coke and refined petroleum products | V6: Manufacture of chemicals and chemical products | W6: Manufacture of basic pharmaceutical products | X6: Manufacture of rubber and plastics products | Y6: Manufacture of other non-metallic mineral products | Z6: Manufacture of basic metals | AA6: Manufacture of fabricated metal products, except mach.&equip. | AB6: Manufacture of computer electronic and optical products | AC6: Manufacture of electrical equipment | AD6: Manufacture of machinery and equipment n.e.c. | AE6: Manufacture of motor vehicles, trailers and semi-trailers | AF6: Manufacture of other transport equipment | AG6: Manufacture of furniture | AH6: Other manufacturing n.e.c. | AI6: Repair and installation services of machinery and equipment | AJ6: Electricity, gas, steam and air conditioning | AK6: Natural water; water treatment and supply services | AL6: Sewerage services; waste collection, treatment and disposal services | AM6: Construction | AN6: Wholesale and retail trade, and repair services of motor vehicles and motorcycles | AO6: Wholesale trade services, except of motor vehicles and motorcycles | AP6: Retail trade services, except of motor vehicles and motorcycles | AQ6: Land transport and transport via pipelines | AR6: Water transport | AS6: Air transport | AT6: Warehousing and support activities for transportation | AU6: Postal and courier activities | AV6: Accommodation services | AW6: Food and beverage serving services | AX6: Publishing services | AY6: Motion picture, video and television programme production services, sound recording and music publishing | AZ6: Programming and broadcasting services | BA6: Telecommunications | BB6: Computer programming, data proccessing and information services | BC6: Financial services (including FISIM), except insurance and pension funding | BD6: Insurance, reinsurance and pension funding services, except compulsory social security | BE6: Services auxiliary to financial services and insurance services | BF6: Real estate services and imputed rents of owner-occupied dwellings | BG6: Professional, scientific, technical and veterinary services | BH6: Rental, leasing and employment services | BI6: Travel agency, tour operator and other reservation services and related services | BJ6: Other administartive and support services | BK6: Public administration and defence services; compulsory social security services | BL6: Education services | BM6: Human health services | BN6: Social work services | BO6: Arts, entertainment and recreation services | BP6: Services furnished by membership organisations | BQ6: Repair of computers and personal and household goods | BR6: Other personal services | BS6: Domestic services | BU6: Final consumption expenditure by households | BV6: Final consumption expenditure by non-profit organisations serving households (NPISH) | BW6: Final consumption expenditure by government | BX6: Final consumption expenditure | BY6: Gross Fixed Capital Formation | BZ6: Changes in valuables | CA6: Changes in inventories | CB6: Exports | CC6: Final uses at basic prices
C7: Code | D7: PRODUCTS (CPA Rev.2) | E7: A01 | F7: A02 | G7: A03 | H7: B05 | I7: B06 | J7: B07 | K7: B08-B09 | L7: C10 | M7: C11 | N7: C12 | O7: C13 | P7: C14 | Q7: C15 | R7: C16 | S7: C17 | T7: C18 | U7: C19 | V7: C20 | W7: C21 | X7: C22 | Y7: C23 | Z7: C24 | AA7: C25 | AB7: C26 | AC7: C27 | AD7: C28 | AE7: C29 | AF7: C30 | AG7: C31 | AH7: C32 | AI7: C33 | AJ7: D35 | AK7: E36 | AL7: E37-E39 | AM7: F41-43 | AN7: G45 | AO7: G46 | AP7: G47 | AQ7: H49 | AR7: H50 | AS7: H51 | AT7: H52 | AU7: H53 | AV7: I55 | AW7: I56 | AX7: J58 | AY7: J59 | AZ7: J60 | BA7: J61 | BB7: J62 | BC7: K64 | BD7: K65 | BE7: K66 | BF7: L68 | BG7: M69-M75 | BH7: N77-N78 | BI7: N79 | BJ7: N80-N82 | BK7: O84 | BL7: P85 | BM7: Q86 | BN7: Q87-Q88 | BO7: R90-R93 | BP7: S94 | BQ7: S95 | BR7: S96 | BS7: T97 | BU7: Hhcons | BV7: NPIHS | BW7: Govcons | BY7: GFCF | BZ7: Chval | CA7: Chinv | CB7: Exp
B8: No | E8: 01 | F8: 02 | G8: 03 | H8: 04 | I8: 05 | J8: 06 | K8: 07 | L8: 08 | M8: 09 | N8: 10 | O8: 11 | P8: 12 | Q8: 13 | R8: 14 | S8: 15 | T8: 16 | U8: 17 | V8: 18 | W8: 19 | X8: 20 | Y8: 21 | Z8: 22 | AA8: 23 | AB8: 24 | AC8: 25 | AD8: 26 | AE8: 27 | AF8: 28 | AG8: 29 | AH8: 30 | AI8: 31 | AJ8: 32 | AK8: 33 | AL8: 34 | AM8: 35 | AN8: 36 | AO8: 37 | AP8: 38 | AQ8: 39 | AR8: 40 | AS8: 41 | AT8: 42 | AU8: 43 | AV8: 44 | AW8: 45 | AX8: 46 | AY8: 47 | AZ8: 48 | BA8: 49 | BB8: 50 | BC8: 51 | BD8: 52 | BE8: 53 | BF8: 54 | BG8: 55 | BH8: 56 | BI8: 57 | BJ8: 58 | BK8: 59 | BL8: 60 | BM8: 61 | BN8: 62 | BO8: 63 | BP8: 64 | BQ8: 65 | BR8: 66 | BS8: 67 | BT8: 68 | BU8: 69 | BV8: 70 | BW8: 71 | BX8: 72 | BY8: 73 | BZ8: 74 | CA8: 75 | CB8: 76 | CC8: 77 | CD8: 78
B9: 01 | C9: A01 | D9: Products of agriculture, hunting and related services | E9: 83238.997 | F9: 0.84864474 | G9: 0.098636798 | H9: 0.0055661724 | I9: 0 | J9: 2.7879178 | K9: 0.51830986 | L9: 394634.4 | M9: 206.0516 | N9: 3265.8003 | O9: 854.80183 | P9: 20.083659 | Q9: 3.7154021 | R9: 0 | S9: 4.362874 | T9: 4.3720823 | U9: 0 | V9: 1223.4048 | W9: 415.78478 | X9: 0 | Y9: 0 | Z9: 0 | AA9: 0 | AB9: 0 | AC9: 0 | AD9: 0 | AE9: 0 | AF9: 0 | AG9: 0 | AH9: 1.948219 | AI9: 0 | AJ9: 0 | AK9: 0 | AL9: 0 | AM9: 0.10755299 | AN9: 1.2696959 | AO9: 3.3122151 | AP9: 5.4552054 | AQ9: 2.5859748 | AR9: 0 | AS9: 0 | AT9: 0 | AU9: 0 | AV9: 797.94523 | AW9: 1518.2795 | AX9: 0 | AY9: 0 | AZ9: 0 | BA9: 1.3329866 | BB9: 0 | BC9: 0.68645686 | BD9: 0.037947492 | BE9: 0 | BF9: 32.319881 | BG9: 0.56480989 | BH9: 0.22167153 | BI9: 0.37246228 | BJ9: 2.2316301 | BK9: 4.0531315 | BL9: 2.80397 | BM9: 0.37808633 | BN9: 0 | BO9: 0 | BP9: 0 | BQ9: 0 | BR9: 596.1756 | BS9: 0 | BT9: 486848.12 | BU9: 165874.1 | BV9: 0 | BW9: 0 | BX9: 165874.1 | BY9: 108.51668 | BZ9: 0 | CA9: 0 | CB9: 0 | CC9: 165982.61 | CD9: 652830.73 | CE9: 0
B10: 02 | C10: A02 | D10: Products of forestry, logging and related services | E10: 2.5980737e-05 | F10: 95.440801 | G10: 0 | H10: 2.4831474e-05 | I10: 0 | J10: 0 | K10: 0 | L10: 2.6714551 | M10: 0 | N10: 0 | O10: 0 | P10: 0 | Q10: 0.36734117 | R10: 211.71434 | S10: 0.00062733374 | T10: 0 | U10: 0 | V10: 10.440707 | W10: 0 | X10: 9.7284692 | Y10: 0 | Z10: 0 | AA10: 0 | AB10: 0 | AC10: 0 | AD10: 0 | AE10: 0 | AF10: 0 | AG10: 0.012758818 | AH10: 0 | AI10: 0 | AJ10: 0 | AK10: 0 | AL10: 0 | AM10: 0.073697112 | AN10: 0 | AO10: 0 | AP10: 0 | AQ10: 0 | AR10: 0 | AS10: 0 | AT10: 0 | AU10: 0 | AV10: 117.30586 | AW10: 44.492195 | AX10: 0 | AY10: 0 | AZ10: 0 | BA10: 0 | BB10: 0 | BC10: 0 | BD10: 0 | BE10: 0 | BF10: 0 | BG10: 0 | BH10: 0 | BI10: 0 | BJ10: 0 | BK10: 0.00040823498 | BL10: 1.3909558e-05 | BM10: 35.080709 | BN10: 0 | BO10: 0 | BP10: 0 | BQ10: 0 | BR10: 0 | BS10: 0 | BT10: 527.32943 | BU10: 841.60155 | BV10: 0 | BW10: 0 | BX10: 841.60155 | BY10: 0 | BZ10: 0 | CA10: 0 | CB10: 0 | CC10: 841.60155 | CD10: 1368.931 | CE10: 0
B11: 03 | C11: A03 | D11: Fish and other fishing products; aquaculture products; support services to fishing | E11: 0 | F11: 0 | G11: 0 | H11: 0 | I11: 0 | J11: 0 | K11: 0 | L11: 7.6998031 | M11: 0 | N11: 0 | O11: 0 | P11: 0 | Q11: 0 | R11: 0 | S11: 0 | T11: 0 | U11: 0 | V11: 0 | W11: 0 | X11: 0 | Y11: 0 | Z11: 0 | AA11: 0 | AB11: 0 | AC11: 0 | AD11: 0 | AE11: 0 | AF11: 0 | AG11: 0 | AH11: 0 | AI11: 0 | AJ11: 0 | AK11: 0 | AL11: 0 | AM11: 0 | AN11: 0 | AO11: 0 | AP11: 0 | AQ11: 0 | AR11: 0 | AS11: 0 | AT11: 0 | AU11: 0 | AV11: 2.313238 | AW11: 2.1666155 | AX11: 0 | AY11: 0 | AZ11: 0 | BA11: 0 | BB11: 0 | BC11: 0 | BD11: 0 | BE11: 0 | BF11: 0 | BG11: 0 | BH11: 0 | BI11: 0 | BJ11: 0 | BK11: 0 | BL11: 0 | BM11: 0 | BN11: 0 | BO11: 0 | BP11: 0 | BQ11: 0 | BR11: 0 | BS11: 0 | BT11: 12.179657 | BU11: 66.562371 | BV11: 0 | BW11: 0 | BX11: 66.562371 | BY11: 0 | BZ11: 0 | CA11: 0 | CB11: 0 | CC11: 66.562371 | CD11: 78.742028 | CE11: 0
B12: 04 | C12: B05 | D12: Coal and lignite | E12: 0 | F12: 0 | G12: 0 | H12: 0 | I12: 0 | J12: 0 | K12: 0 | L12: 0.00035614454 | M12: 0.00034296348 | N12: 0 | O12: 0 | P12: 0 | Q12: 0 | R12: 0 | S12: 0 | T12: 0 | U12: 0 | V12: 0 | W12: 0 | X12: 0 | Y12: 131.90981 | Z12: 6.9770545 | AA12: 2.977881e-08 | AB12: 0 | AC12: 3.281645e-05 | AD12: 0.025286868 | AE12: 0 | AF12: 0 | AG12: 0 | AH12: 0 | AI12: 0 | AJ12: 0 | AK12: 0 | AL12: 0 | AM12: 0 | AN12: 0 | AO12: 0 | AP12: 0 | AQ12: 0.18366846 | AR12: 0 | AS12: 0 | AT12: 0 | AU12: 0 | AV12: 0.086935797 | AW12: 0 | AX12: 0 | AY12: 0 | AZ12: 0 | BA12: 0 | BB12: 0 | BC12: 0 | BD12: 0 | BE12: 0 | BF12: 0 | BG12: 0 | BH12: 0 | BI12: 0 | BJ12: 0 | BK12: 0 | BL12: 0 | BM12: 0 | BN12: 0 | BO12: 0 | BP12: 0 | BQ12: 0 | BR12: 0 | BS12: 0 | BT12: 139.18349 | BU12: 0.46679881 | BV12: 0 | BW12: 0 | BX12: 0.46679881 | BY12: 0 | BZ12: 0 | CA12: 0 | CB12: 0 | CC12: 0.46679881 | CD12: 139.65028 | CE12: 0
B13: 05 | C13: B06 | D13: Crude petroleum and natural gas | E13: 0 | F13: 0 | G13: 0 | H13: 0 | I13: 0 | J13: 0 | K13: 0 | L13: 0 | M13: 0 | N13: 0 | O13: 0 | P13: 0 | Q13: 0 | R13: 0 | S13: 0 | T13: 0 | U13: 0.68026039 | V13: 0 | W13: 0 | X13: 0 | Y13: 0.24268795 | Z13: 0 | AA13: 0 | AB13: 0 | AC13: 0 | AD13: 0 | AE13: 0 | AF13: 0 | AG13: 0 | AH13: 0 | AI13: 0 | AJ13: 2.9570812 | AK13: 0 | AL13: 0 | AM13: 0 | AN13: 0 | AO13: 0 | AP13: 0 | AQ13: 0 | AR13: 0 | AS13: 0 | AT13: 0 | AU13: 0 | AV13: 0 | AW13: 0 | AX13: 0 | AY13: 0 | AZ13: 0 | BA13: 0 | BB13: 0 | BC13: 0 | BD13: 0 | BE13: 0 | BF13: 0 | BG13: 0 | BH13: 0 | BI13: 0 | BJ13: 0 | BK13: 0 | BL13: 0 | BM13: 0 | BN13: 0 | BO13: 0 | BP13: 0 | BQ13: 0 | BR13: 0 | BS13: 0 | BT13: 3.8800296 | BU13: 0 | BV13: 0 | BW13: 0 | BX13: 0 | BY13: 0 | BZ13: 0 | CA13: 0 | CB13: 0 | CC13: 0 | CD13: 3.8800296 | CE13: 0
B14: 06 | C14: B07 | D14: Metal ores | E14: 0 | F14: 0 | G14: 0 | H14: 0 | I14: 0 | J14: 0 | K14: 0 | L14: 0 | M14: 0 | N14: 0 | O14: 0 | P14: 0 | Q14: 0 | R14: 0 | S14: 0 | T14: 0 | U14: 0 | V14: 0.012668094 | W14: 0 | X14: 0 | Y14: 0 | Z14: 649.27253 | AA14: 501.0903 | AB14: 0 | AC14: 0 | AD14: 0 | AE14: 0 | AF14: 0 | AG14: 0 | AH14: 613.47835 | AI14: 0 | AJ14: 0 | AK14: 0 | AL14: 0 | AM14: 0 | AN14: 0 | AO14: 0 | AP14: 0 | AQ14: 0 | AR14: 0 | AS14: 0 | AT14: 0 | AU14: 0 | AV14: 0 | AW14: 0 | AX14: 0 | AY14: 0 | AZ14: 0 | BA14: 0 | BB14: 0 | BC14: 0 | BD14: 0 | BE14: 0 | BF14: 0 | BG14: 0 | BH14: 0 | BI14: 0 | BJ14: 0 | BK14: 0 | BL14: 0 | BM14: 0 | BN14: 0 | BO14: 0 | BP14: 0 | BQ14: 0 | BR14: 0 | BS14: 0 | BT14: 1763.8539 | BU14: 0 | BV14: 0 | BW14: 0 | BX14: 0 | BY14: 0 | BZ14: 200.00703 | CA14: 0 | CB14: 0 | CC14: 200.00703 | CD14: 1963.8609 | CE14: 0
B15: 07 | C15: B08-B09 | D15: Other mining and quarrying products | E15: 0 | F15: 0 | G15: 0 | H15: 0 | I15: 0 | J15: 1167.4595 | K15: 390.30277 | L15: 0.019939645 | M15: 7.4969351 | N15: 0 | O15: 0 | P15: 0 | Q15: 0 | R15: 0 | S15: 0 | T15: 0 | U15: 0 | V15: 373.68566 | W15: 0 | X15: 0.23661581 | Y15: 45703.094 | Z15: 0.8089708 | AA15: 1.0827958 | AB15: 0 | AC15: 0 | AD15: 0 | AE15: 0 | AF15: 0 | AG15: 0 | AH15: 0 | AI15: 0 | AJ15: 0 | AK15: 326.80391 | AL15: 0 | AM15: 0 | AN15: 0 | AO15: 0 | AP15: 0 | AQ15: 0 | AR15: 0 | AS15: 0 | AT15: 0 | AU15: 0 | AV15: 0 | AW15: 0 | AX15: 0 | AY15: 0 | AZ15: 0 | BA15: 0 | BB15: 0 | BC15: 0 | BD15: 0 | BE15: 0 | BF15: 0 | BG15: 0 | BH15: 0 | BI15: 0 | BJ15: 0 | BK15: 0 | BL15: 0 | BM15: 0 | BN15: 0 | BO15: 0 | BP15: 0 | BQ15: 0 | BR15: 0 | BS15: 0 | BT15: 47970.991 | BU15: 0 | BV15: 0 | BW15: 0 | BX15: 0 | BY15: 0 | BZ15: 0 | CA15: 0 | CB15: 0 | CC15: 0 | CD15: 47970.991 | CE15: 0
B16: 08 | C16: C10 | D16: Manufacture of food products | E16: 19805.509 | F16: 0 | G16: 5539.2789 | H16: 0 | I16: 0 | J16: 0 | K16: 0 | L16: 41541.938 | M16: 117444.96 | N16: 0 | O16: 29.424844 | P16: 772.99948 | Q16: 283.00204 | R16: 0 | S16: 0 | T16: 0 | U16: 0 | V16: 11991.227 | W16: 57.204797 | X16: 0 | Y16: 0 | Z16: 0 | AA16: 0 | AB16: 0 | AC16: 0 | AD16: 0 | AE16: 0 | AF16: 0 | AG16: 0 | AH16: 226.36092 | AI16: 410.45827 | AJ16: 0 | AK16: 0 | AL16: 0 | AM16: 0 | AN16: 0 | AO16: 0 | AP16: 0 | AQ16: 0 | AR16: 0 | AS16: 0 | AT16: 0 | AU16: 0 | AV16: 31684.281 | AW16: 46645.672 | AX16: 8.8206815 | AY16: 0 | AZ16: 0 | BA16: 0 | BB16: 0 | BC16: 0 | BD16: 0 | BE16: 0 | BF16: 0 | BG16: 14.826768 | BH16: 0 | BI16: 0 | BJ16: 0 | BK16: 4902.3176 | BL16: 1331.404 | BM16: 1823.8392 | BN16: 402.79449 | BO16: 0 | BP16: 0 | BQ16: 0 | BR16: 0 | BS16: 0 | BT16: 284916.32 | BU16: 560962.7 | BV16: 0 | BW16: 0 | BX16: 560962.7 | BY16: 0 | BZ16: 0 | CA16: 0 | CB16: 0 | CC16: 560962.7 | CD16: 845879.01 | CE16: 0
B17: 09 | C17: C11 | D17: Manufacture of beverages | E17: 0 | F17: 0 | G17: 0 | H17: 0 | I17: 0 | J17: 0 | K17: 0 | L17: 0 | M17: 724.67223 | N17: 0 | O17: 0 | P17: 0 | Q17: 0 | R17: 0 | S17: 0 | T17: 0 | U17: 0 | V17: 0 | W17: 0 | X17: 0 | Y17: 0 | Z17: 0 | AA17: 0 | AB17: 0 | AC17: 0 | AD17: 0 | AE17: 0 | AF17: 0 | AG17: 0 | AH17: 0 | AI17: 0 | AJ17: 0 | AK17: 0 | AL17: 0 | AM17: 0 | AN17: 45.543674 | AO17: 5.126776 | AP17: 8.4453129 | AQ17: 32.978474 | AR17: 59.357025 | AS17: 3.7931182 | AT17: 355.96981 | AU17: 2.2151888 | AV17: 5865.411 | AW17: 8155.4052 | AX17: 5.7092447 | AY17: 0 | AZ17: 0 | BA17: 11.43028 | BB17: 3.274724 | BC17: 26.663275 | BD17: 2.5520893 | BE17: 6.5073048 | BF17: 1.9015506 | BG17: 27.465975 | BH17: 8.3113737 | BI17: 248.87761 | BJ17: 126.49362 | BK17: 208.94451 | BL17: 105.49894 | BM17: 106.27127 | BN17: 12.073945 | BO17: 15.035031 | BP17: 2.615891 | BQ17: 0 | BR17: 6.6599813 | BS17: 0 | BT17: 16185.204 | BU17: 117676.87 | BV17: 0 | BW17: 0 | BX17: 117676.87 | BY17: 0 | BZ17: 0 | CA17: 0 | CB17: 0 | CC17: 117676.87 | CD17: 133862.08 | CE17: 0
B18: 10 | C18: C12 | D18: Manufacture of tobacco products | E18: 0 | F18: 0 | G18: 0 | H18: 0 | I18: 0 | J18: 0 | K18: 0 | L18: 0 | M18: 0 | N18: 249.03058 | O18: 0 | P18: 0 | Q18: 0 | R18: 0 | S18: 0 | T18: 0 | U18: 0 | V18: 0 | W18: 0 | X18: 0 | Y18: 0 | Z18: 0 | AA18: 0 | AB18: 0 | AC18: 0 | AD18: 0 | AE18: 0 | AF18: 0 | AG18: 0 | AH18: 0 | AI18: 0 | AJ18: 0 | AK18: 0 | AL18: 0 | AM18: 0 | AN18: 0 | AO18: 0 | AP18: 0 | AQ18: 0 | AR18: 0 | AS18: 0 | AT18: 0 | AU18: 0 | AV18: 0 | AW18: 0 | AX18: 0 | AY18: 0 | AZ18: 0 | BA18: 0 | BB18: 0 | BC18: 0 | BD18: 0 | BE18: 0 | BF18: 0 | BG18: 0 | BH18: 0 | BI18: 0 | BJ18: 0 | BK18: 0 | BL18: 0 | BM18: 0 | BN18: 0 | BO18: 0 | BP18: 0 | BQ18: 0 | BR18: 0 | BS18: 0 | BT18: 249.03058 | BU18: 7501.2611 | BV18: 0 | BW18: 0 | BX18: 7501.2611 | BY18: 0 | BZ18: 0 | CA18: 0 | CB18: 0 | CC18: 7501.2611 | CD18: 7750.2917 | CE18: 0
B19: 11 | C19: C13 | D19: Manufacture of textiles | E19: 14225.033 | F19: 0 | G19: 12981.21 | H19: 0 | I19: 0 | J19: 0 | K19: 0 | L19: 7081.5726 | M19: 60.766486 | N19: 0 | O19: 691.93257 | P19: 145577.87 | Q19: 4429.6678 | R19: 3661.9473 | S19: 1260.6728 | T19: 789.98292 | U19: 0 | V19: 0 | W19: 4308.1611 | X19: 13646.037 | Y19: 0 | Z19: 0 | AA19: 0 | AB19: 0 | AC19: 0 | AD19: 0 | AE19: 2494.2915 | AF19: 15099.253 | AG19: 7742.3081 | AH19: 3401.7899 | AI19: 3709.8799 | AJ19: 0 | AK19: 353.8421 | AL19: 0 | AM19: 0 | AN19: 0 | AO19: 0 | AP19: 0 | AQ19: 0 | AR19: 0 | AS19: 0 | AT19: 0 | AU19: 0 | AV19: 0 | AW19: 0 | AX19: 0 | AY19: 0 | AZ19: 0 | BA19: 0 | BB19: 0 | BC19: 0 | BD19: 0 | BE19: 0 | BF19: 0 | BG19: 0 | BH19: 0 | BI19: 0 | BJ19: 0 | BK19: 8876.5301 | BL19: 44.52263 | BM19: 26691.75 | BN19: 427.85011 | BO19: 95.442495 | BP19: 0 | BQ19: 6743.6246 | BR19: 0 | BS19: 0 | BT19: 284395.93 | BU19: 48017.829 | BV19: 0 | BW19: 0 | BX19: 48017.829 | BY19: 0 | BZ19: 0 | CA19: 0 | CB19: 0 | CC19: 48017.829 | CD19: 332413.76 | CE19: 0
B20: 12 | C20: C14 | D20: Manufacture of wearing apparel | E20: 1214.8034 | F20: 13313.327 | G20: 651.99426 | H20: 525.63465 | I20: 294.65015 | J20: 0 | K20: 0 | L20: 3593.0506 | M20: 0 | N20: 0 | O20: 117.1796 | P20: 2906.1542 | Q20: 0 | R20: 0 | S20: 0 | T20: 20.786464 | U20: 0 | V20: 0 | W20: 0 | X20: 0 | Y20: 0 | Z20: 0 | AA20: 0 | AB20: 0 | AC20: 0 | AD20: 0 | AE20: 0 | AF20: 0 | AG20: 0 | AH20: 0 | AI20: 0 | AJ20: 0 | AK20: 0 | AL20: 0 | AM20: 11947.279 | AN20: 833.9403 | AO20: 0 | AP20: 0 | AQ20: 3592.0827 | AR20: 123.57109 | AS20: 25.562701 | AT20: 2288.4139 | AU20: 304.02246 | AV20: 40954.467 | AW20: 41.50365 | AX20: 8.252257 | AY20: 18.360782 | AZ20: 11.7366 | BA20: 530.12908 | BB20: 22.64439 | BC20: 753.94334 | BD20: 0 | BE20: 0 | BF20: 0 | BG20: 20.573495 | BH20: 0 | BI20: 0 | BJ20: 0 | BK20: 18133.895 | BL20: 411.56785 | BM20: 6906.5187 | BN20: 317.60119 | BO20: 536.48899 | BP20: 0 | BQ20: 0 | BR20: 938.43927 | BS20: 0 | BT20: 111358.57 | BU20: 259184.41 | BV20: 0 | BW20: 0 | BX20: 259184.41 | BY20: 0 | BZ20: 0 | CA20: 0 | CB20: 0 | CC20: 259184.41 | CD20: 370542.98 | CE20: 0
... B75: 67 | C75: T97 | D75: Domestic services | E75: 0 | F75: 0 | G75: 0 | H75: 0 | I75: 0 | J75: 0 | K75: 0 | L75: 0 | M75: 0 | N75: 0 | O75: 0 | P75: 0 | Q75: 0 | R75: 0 | S75: 0 | T75: 0 | U75: 0 | V75: 0 | W75: 0 | X75: 0 | Y75: 0 | Z75: 0 | AA75: 0 | AB75: 0 | AC75: 0 | AD75: 0 | AE75: 0 | AF75: 0 | AG75: 0 | AH75: 0 | AI75: 0 | AJ75: 0 | AK75: 0 | AL75: 0 | AM75: 0 | AN75: 0 | AO75: 0 | AP75: 0 | AQ75: 0 | AR75: 0 | AS75: 0 | AT75: 0 | AU75: 0 | AV75: 0 | AW75: 0 | AX75: 0 | AY75: 0 | AZ75: 0 | BA75: 0 | BB75: 0 | BC75: 0 | BD75: 0 | BE75: 0 | BF75: 0 | BG75: 0 | BH75: 0 | BI75: 0 | BJ75: 0 | BK75: 0 | BL75: 0 | BM75: 0 | BN75: 0 | BO75: 0 | BP75: 0 | BQ75: 0 | BR75: 0 | BS75: 0 | BT75: 0 | BU75: 0 | BV75: 0 | BW75: 0 | BX75: 0 | BY75: 0 | BZ75: 0 | CA75: 0 | CB75: 0 | CC75: 0 | CD75: 0 | CE75: 0
B76: 68 | D76: Total | E76: 1119396.2 | F76: 110452.36 | G76: 46466.578 | H76: 8636.4318 | I76: 40635.658 | J76: 324027.39 | K76: 140524.46 | L76: 643823.28 | M76: 445937.66 | N76: 42071.59 | O76: 2237.6302 | P76: 173259.48 | Q76: 42991.707 | R76: 19262.123 | S76: 62045.242 | T76: 123240.31 | U76: 28544.818 | V76: 509556.59 | W76: 22186.662 | X76: 170795.35 | Y76: 181103.79 | Z76: 6421.7602 | AA76: 10780.202 | AB76: 10416.435 | AC76: 124093.55 | AD76: 47567.161 | AE76: 48493.474 | AF76: 55210.349 | AG76: 136370.81 | AH76: 9551.7399 | AI76: 164188.55 | AJ76: 62909.104 | AK76: 85349.972 | AL76: 1181.552 | AM76: 3093476.9 | AN76: 208409.18 | AO76: 142082.27 | AP76: 217430.51 | AQ76: 2169825.3 | AR76: 118939.84 | AS76: 59217.651 | AT76: 128318.39 | AU76: 7917.4898 | AV76: 139587.1 | AW76: 61661.34 | AX76: 3053.2991 | AY76: 12902.047 | AZ76: 12025.337 | BA76: 235939.06 | BB76: 96038.703 | BC76: 48768.705 | BD76: 4322.3583 | BE76: 9616.3966 | BF76: 61137.388 | BG76: 36495.564 | BH76: 25244.013 | BI76: 142951.12 | BJ76: 60027.256 | BK76: 323532.35 | BL76: 136978.14 | BM76: 529898.93 | BN76: 101677.11 | BO76: 11491.742 | BP76: 19941.216 | BQ76: 48624.023 | BR76: 83460.367 | BS76: 0 | BT76: 13370721 | BU76: 4698740.7 | BV76: 36.011636 | BW76: 172490.51 | BX76: 4871267.3 | BY76: 2888417.5 | BZ76: 200.02701 | CA76: 73388.017 | CB76: 660388.88 | CC76: 8493661.7 | CD76: 21864383

Sheet use domestic
A1: MENU
C3: Table 8: Use table for domestic production, 2019 (at basic prices)
CD4: (Million Tsh)
E5: INPUT OF INDUSTRIES (ISIC REV.4) | BT5: Total intermediate consumption | BU5: FINAL USES | CD5: Total use at basic prices
D6: INDUSTRIES (ISIC Rev.4) | E6: Crop and animal production, hunting and related service activities | F6: Forestry and logging | G6: Fishing and aquaculture | H6: Mining of coal and lignite | I6: Extraction of crude petroleum and natural gas | J6: Mining of metal ores | K6: Other mining and quarrying | L6: Manufacture of food products | M6: Manufacture of beverages | N6: Manufacture of tobacco products | O6: Manufacture of textiles | P6: Manufacture of wearing apparel | Q6: Manufacture of leather and related products | R6: Manufacture of wood and of products of wood and cork | S6: Manufacture of paper and paper products | T6: Printing and reproduction of recorded media | U6: Manufacture of coke and refined petroleum products | V6: Manufacture of chemicals and chemical products | W6: Manufacture of basic pharmaceutical products | X6: Manufacture of rubber and plastics products | Y6: Manufacture of other non-metallic mineral products | Z6: Manufacture of basic metals | AA6: Manufacture of fabricated metal products, except mach.&equip. | AB6: Manufacture of computer electronic and optical products | AC6: Manufacture of electrical equipment | AD6: Manufacture of machinery and equipment n.e.c. | AE6: Manufacture of motor vehicles, trailers and semi-trailers | AF6: Manufacture of other transport equipment | AG6: Manufacture of furniture | AH6: Other manufacturing n.e.c. | AI6: Repair and installation services of machinery and equipment | AJ6: Electricity, gas, steam and air conditioning | AK6: Natural water; water treatment and supply services | AL6: Sewerage services; waste collection, treatment and disposal services | AM6: Construction | AN6: Wholesale and retail trade, and repair services of motor vehicles and motorcycles | AO6: Wholesale trade services, except of motor vehicles and motorcycles | AP6: Retail trade services, except of motor vehicles and motorcycles | AQ6: Land transport and transport via pipelines | AR6: Water transport | AS6: Air transport | AT6: Warehousing and support activities for transportation | AU6: Postal and courier activities | AV6: Accommodation services | AW6: Food and beverage serving services | AX6: Publishing services | AY6: Motion picture, video and television programme production services, sound recording and music publishing | AZ6: Programming and broadcasting services | BA6: Telecommunications | BB6: Computer programming, data proccessing and information services | BC6: Financial services (including FISIM), except insurance and pension funding | BD6: Insurance, reinsurance and pension funding services, except compulsory social security | BE6: Services auxiliary to financial services and insurance services | BF6: Real estate services and imputed rents of owner-occupied dwellings | BG6: Professional, scientific, technical and veterinary services | BH6: Rental, leasing and employment services | BI6: Travel agency, tour operator and other reservation services and related services | BJ6: Other administartive and support services | BK6: Public administration and defence services; compulsory social security services | BL6: Education services | BM6: Human health services | BN6: Social work services | BO6: Arts, entertainment and recreation services | BP6: Services furnished by membership organisations | BQ6: Repair of computers and personal and household goods | BR6: Other personal services | BS6: Domestic services | BU6: Final consumption expenditure by households | BV6: Final consumption expenditure by non-profit organisations serving households (NPISH) | BW6: Final consumption expenditure by government | BX6: Final consumption expenditure | BY6: Gross Fixed Capital Formation | BZ6: Changes in valuables | CA6: Changes in inventories | CB6: Exports | CC6: Final uses at basic prices
C7: Code | D7: PRODUCTS (CPA Rev.2) | E7: A01 | F7: A02 | G7: A03 | H7: B05 | I7: B06 | J7: B07 | K7: B08-B09 | L7: C10 | M7: C11 | N7: C12 | O7: C13 | P7: C14 | Q7: C15 | R7: C16 | S7: C17 | T7: C18 | U7: C19 | V7: C20 | W7: C21 | X7: C22 | Y7: C23 | Z7: C24 | AA7: C25 | AB7: C26 | AC7: C27 | AD7: C28 | AE7: C29 | AF7: C30 | AG7: C31 | AH7: C32 | AI7: C33 | AJ7: D35 | AK7: E36 | AL7: E37-E39 | AM7: F41-43 | AN7: G45 | AO7: G46 | AP7: G47 | AQ7: H49 | AR7: H50 | AS7: H51 | AT7: H52 | AU7: H53 | AV7: I55 | AW7: I56 | AX7: J58 | AY7: J59 | AZ7: J60 | BA7: J61 | BB7: J62 | BC7: K64 | BD7: K65 | BE7: K66 | BF7: L68 | BG7: M69-M75 | BH7: N77-N78 | BI7: N79 | BJ7: N80-N82 | BK7: O84 | BL7: P85 | BM7: Q86 | BN7: Q87-Q88 | BO7: R90-R93 | BP7: S94 | BQ7: S95 | BR7: S96 | BS7: T97 | BU7: Hhcons | BV7: NPIHS | BW7: Govcons | BY7: GFCF | BZ7: Chval | CA7: Chinv | CB7: Exp
B8: No | E8: 01 | F8: 02 | G8: 03 | H8: 04 | I8: 05 | J8: 06 | K8: 07 | L8: 08 | M8: 09 | N8: 10 | O8: 11 | P8: 12 | Q8: 13 | R8: 14 | S8: 15 | T8: 16 | U8: 17 | V8: 18 | W8: 19 | X8: 20 | Y8: 21 | Z8: 22 | AA8: 23 | AB8: 24 | AC8: 25 | AD8: 26 | AE8: 27 | AF8: 28 | AG8: 29 | AH8: 30 | AI8: 31 | AJ8: 32 | AK8: 33 | AL8: 34 | AM8: 35 | AN8: 36 | AO8: 37 | AP8: 38 | AQ8: 39 | AR8: 40 | AS8: 41 | AT8: 42 | AU8: 43 | AV8: 44 | AW8: 45 | AX8: 46 | AY8: 47 | AZ8: 48 | BA8: 49 | BB8: 50 | BC8: 51 | BD8: 52 | BE8: 53 | BF8: 54 | BG8: 55 | BH8: 56 | BI8: 57 | BJ8: 58 | BK8: 59 | BL8: 60 | BM8: 61 | BN8: 62 | BO8: 63 | BP8: 64 | BQ8: 65 | BR8: 66 | BS8: 67 | BT8: 68 | BU8: 69 | BV8: 70 | BW8: 71 | BX8: 72 | BY8: 73 | BZ8: 74 | CA8: 75 | CB8: 76 | CC8: 77 | CD8: 78
B9: 01 | C9: A01 | D9: Products of agriculture, hunting and related services | E9: 2668003.5 | F9: 156.19097 | G9: 18.15386 | H9: 1.0244403 | I9: 0 | J9: 513.1094 | K9: 95.393653 | L9: 4458381.3 | M9: 484594.98 | N9: 274154.99 | O9: 380136.87 | P9: 66349.147 | Q9: 67460.809 | R9: 0 | S9: 802.97622 | T9: 804.67099 | U9: 0 | V9: 126368.4 | W9: 481.77784 | X9: 0 | Y9: 0 | Z9: 0 | AA9: 0 | AB9: 0 | AC9: 0 | AD9: 0 | AE9: 0 | AF9: 0 | AG9: 0 | AH9: 7709.5474 | AI9: 0 | AJ9: 0 | AK9: 0 | AL9: 0 | AM9: 19.794863 | AN9: 233.6844 | AO9: 609.60504 | AP9: 1004.0171 | AQ9: 475.94229 | AR9: 0 | AS9: 0 | AT9: 0 | AU9: 0 | AV9: 412005.81 | AW9: 765458.41 | AX9: 0 | AY9: 0 | AZ9: 0 | BA9: 245.3329 | BB9: 0 | BC9: 126.34069 | BD9: 6.9841424 | BE9: 0 | BF9: 5948.3946 | BG9: 103.95187 | BH9: 40.798098 | BI9: 68.550765 | BJ9: 410.72603 | BK9: 745.96887 | BL9: 516.06378 | BM9: 69.585857 | BN9: 0 | BO9: 0 | BP9: 0 | BQ9: 0 | BR9: 109724.65 | BS9: 0 | BT9: 9833847.5 | BU9: 21288810 | BV9: 0 | BW9: 0 | BX9: 21288810 | BY9: 602794.71 | BZ9: 0 | CA9: 94690.502 | CB9: 2423304.2 | CC9: 24409600 | CD9: 34243447
B10: 02 | C10: A02 | D10: Products of forestry, logging and related services | E10: 24371.858 | F10: 111623.76 | G10: 36353.939 | H10: 2337.4086 | I10: 1129.7018 | J10: 67192.81 | K10: 21163.327 | L10: 39104.922 | M10: 1708.7171 | N10: 294.71364 | O10: 10.412116 | P10: 561.11114 | Q10: 37.226459 | R10: 56181.586 | S10: 3949.4082 | T10: 14.139712 | U10: 0 | V10: 3580.073 | W10: 0 | X10: 1024.4928 | Y10: 4.2823876 | Z10: 0 | AA10: 0 | AB10: 0 | AC10: 0 | AD10: 0 | AE10: 0 | AF10: 0 | AG10: 80323.719 | AH10: 6.0364561 | AI10: 3.0412909 | AJ10: 0 | AK10: 0 | AL10: 0 | AM10: 961698.88 | AN10: 1611.8901 | AO10: 2223.8696 | AP10: 3662.4677 | AQ10: 0 | AR10: 0 | AS10: 0 | AT10: 0 | AU10: 324.70312 | AV10: 105389.35 | AW10: 382172.99 | AX10: 0 | AY10: 0 | AZ10: 0 | BA10: 0 | BB10: 0 | BC10: 0 | BD10: 0 | BE10: 0 | BF10: 0 | BG10: 0 | BH10: 0 | BI10: 0 | BJ10: 20094.984 | BK10: 8001.2339 | BL10: 22961.024 | BM10: 9230.8707 | BN10: 727.49621 | BO10: 628.90319 | BP10: 456.57172 | BQ10: 0 | BR10: 475.2351 | BS10: 0 | BT10: 1970637.2 | BU10: 2601443.5 | BV10: 0 | BW10: 0 | BX10: 2601443.5 | BY10: 0 | BZ10: 0 | CA10: 0 | CB10: 11611.317 | CC10: 2613054.8 | CD10: 4583692
B11: 03 | C11: A03 | D11: Fish and other fishing products; aquaculture products; support services to fishing | E11: 0 | F11: 0 | G11: 0 | H11: 0 | I11: 0 | J11: 0 | K11: 0 | L11: 235194.76 | M11: 0 | N11: 0 | O11: 0 | P11: 0 | Q11: 0 | R11: 0 | S11: 0 | T11: 0 | U11: 0 | V11: 0 | W11: 0 | X11: 0 | Y11: 0 | Z11: 0 | AA11: 0 | AB11: 0 | AC11: 0 | AD11: 0 | AE11: 0 | AF11: 0 | AG11: 0 | AH11: 0 | AI11: 0 | AJ11: 0 | AK11: 0 | AL11: 0 | AM11: 0 | AN11: 0 | AO11: 0 | AP11: 0 | AQ11: 0 | AR11: 0 | AS11: 0 | AT11: 0 | AU11: 0 | AV11: 70659.14 | AW11: 66180.474 | AX11: 0 | AY11: 0 | AZ11: 0 | BA11: 0 | BB11: 0 | BC11: 0 | BD11: 0 | BE11: 0 | BF11: 0 | BG11: 0 | BH11: 0 | BI11: 0 | BJ11: 0 | BK11: 0 | BL11: 0 | BM11: 0 | BN11: 0 | BO11: 0 | BP11: 0 | BQ11: 0 | BR11: 0 | BS11: 0 | BT11: 372034.38 | BU11: 2033184.6 | BV11: 0 | BW11: 0 | BX11: 2033184.6 | BY11: 0 | BZ11: 0 | CA11: 0 | CB11: 4234.4341 | CC11: 2037419 | CD11: 2409453.4
B12: 04 | C12: B05 | D12: Coal and lignite | E12: 0 | F12: 0 | G12: 0 | H12: 0 | I12: 0 | J12: 0 | K12: 0 | L12: 0.34706486 | M12: 0.33421984 | N12: 0 | O12: 0 | P12: 0 | Q12: 0 | R12: 0 | S12: 0 | T12: 0 | U12: 0 | V12: 0 | W12: 0 | X12: 0 | Y12: 128546.85 | Z12: 6799.179 | AA12: 2.9019619e-05 | AB12: 0 | AC12: 0.031979816 | AD12: 24.642196 | AE12: 0 | AF12: 0 | AG12: 0 | AH12: 0 | AI12: 0 | AJ12: 0 | AK12: 0 | AL12: 0 | AM12: 0 | AN12: 0 | AO12: 0 | AP12: 0 | AQ12: 178.98595 | AR12: 0 | AS12: 0 | AT12: 0 | AU12: 0 | AV12: 84.719426 | AW12: 0 | AX12: 0 | AY12: 0 | AZ12: 0 | BA12: 0 | BB12: 0 | BC12: 0 | BD12: 0 | BE12: 0 | BF12: 0 | BG12: 0 | BH12: 0 | BI12: 0 | BJ12: 0 | BK12: 0 | BL12: 0 | BM12: 0 | BN12: 0 | BO12: 0 | BP12: 0 | BQ12: 0 | BR12: 0 | BS12: 0 | BT12: 135635.09 | BU12: 454.89808 | BV12: 0 | BW12: 0 | BX12: 454.89808 | BY12: 0 | BZ12: 0 | CA12: 8577.2325 | CB12: 12758.619 | CC12: 21790.749 | CD12: 157425.84
B13: 05 | C13: B06 | D13: Crude petroleum and natural gas | E13: 0 | F13: 0 | G13: 0 | H13: 0 | I13: 0 | J13: 0 | K13: 0 | L13: 0 | M13: 0 | N13: 0 | O13: 0 | P13: 0 | Q13: 0 | R13: 0 | S13: 0 | T13: 0 | U13: 75819.811 | V13: 0 | W13: 0 | X13: 0 | Y13: 27049.281 | Z13: 0 | AA13: 0 | AB13: 0 | AC13: 0 | AD13: 0 | AE13: 0 | AF13: 0 | AG13: 0 | AH13: 0 | AI13: 0 | AJ13: 329587.53 | AK13: 0 | AL13: 0 | AM13: 0 | AN13: 0 | AO13: 0 | AP13: 0 | AQ13: 0 | AR13: 0 | AS13: 0 | AT13: 0 | AU13: 0 | AV13: 0 | AW13: 0 | AX13: 0 | AY13: 0 | AZ13: 0 | BA13: 0 | BB13: 0 | BC13: 0 | BD13: 0 | BE13: 0 | BF13: 0 | BG13: 0 | BH13: 0 | BI13: 0 | BJ13: 0 | BK13: 0 | BL13: 0 | BM13: 0 | BN13: 0 | BO13: 0 | BP13: 0 | BQ13: 0 | BR13: 0 | BS13: 0 | BT13: 432456.62 | BU13: 0 | BV13: 0 | BW13: 0 | BX13: 0 | BY13: 0 | BZ13: 0 | CA13: -1874.0955 | CB13: 11671.409 | CC13: 9797.3134 | CD13: 442253.94
B14: 06 | C14: B07 | D14: Metal ores | E14: 0 | F14: 0 | G14: 0 | H14: 0 | I14: 0 | J14: 0 | K14: 0 | L14: 0 | M14: 0 | N14: 0 | O14: 0 | P14: 0 | Q14: 0 | R14: 0 | S14: 0 | T14: 0 | U14: 0 | V14: 40906.626 | W14: 0 | X14: 0 | Y14: 0 | Z14: 966344.02 | AA14: 601653.99 | AB14: 0 | AC14: 0 | AD14: 0 | AE14: 0 | AF14: 0 | AG14: 0 | AH14: 717032.79 | AI14: 0 | AJ14: 0 | AK14: 0 | AL14: 0 | AM14: 0 | AN14: 0 | AO14: 0 | AP14: 0 | AQ14: 0 | AR14: 0 | AS14: 0 | AT14: 0 | AU14: 0 | AV14: 0 | AW14: 0 | AX14: 0 | AY14: 0 | AZ14: 0 | BA14: 0 | BB14: 0 | BC14: 0 | BD14: 0 | BE14: 0 | BF14: 0 | BG14: 0 | BH14: 0 | BI14: 0 | BJ14: 0 | BK14: 0 | BL14: 0 | BM14: 0 | BN14: 0 | BO14: 0 | BP14: 0 | BQ14: 0 | BR14: 0 | BS14: 0 | BT14: 2325937.4 | BU14: 0 | BV14: 0 | BW14: 0 | BX14: 0 | BY14: 0 | BZ14: 228655.79 | CA14: 16456.361 | CB14: 4835508.6 | CC14: 5080620.7 | CD14: 7406558.2
B15: 07 | C15: B08-B09 | D15: Other mining and quarrying products | E15: 0 | F15: 0 | G15: 0 | H15: 0 | I15: 1725.0095 | J15: 42076.797 | K15: 12298.717 | L15: 29.349227 | M15: 27.92108 | N15: 0 | O15: 0 | P15: 0 | Q15: 67.817674 | R15: 0 | S15: 0 | T15: 0 | U15: 0 | V15: 1595.8188 | W15: 6.2703856 | X15: 0.881236 | Y15: 326904.74 | Z15: 56.055813 | AA15: 4.0326917 | AB15: 0 | AC15: 0 | AD15: 0 | AE15: 0 | AF15: 58.618356 | AG15: 4347.2602 | AH15: 112.51339 | AI15: 0 | AJ15: 0 | AK15: 1274.3155 | AL15: 0 | AM15: 1346053.5 | AN15: 0 | AO15: 0 | AP15: 0 | AQ15: 0 | AR15: 0 | AS15: 0 | AT15: 0 | AU15: 0 | AV15: 0 | AW15: 0 | AX15: 0 | AY15: 0 | AZ15: 0 | BA15: 0 | BB15: 0 | BC15: 0 | BD15: 0 | BE15: 0 | BF15: 0 | BG15: 0 | BH15: 0 | BI15: 0 | BJ15: 0 | BK15: 0 | BL15: 0 | BM15: 0 | BN15: 0 | BO15: 0 | BP15: 0 | BQ15: 0 | BR15: 0 | BS15: 0 | BT15: 1736639.7 | BU15: 0 | BV15: 0 | BW15: 0 | BX15: 0 | BY15: 0 | BZ15: 0 | CA15: 57723.59 | CB15: 269639.03 | CC15: 327362.62 | CD15: 2064002.3
B16: 08 | C16: C10 | D16: Manufacture of food products | E16: 186682.76 | F16: 0 | G16: 84066.431 | H16: 0 | I16: 0 | J16: 0 | K16: 0 | L16: 498902.84 | M16: 579207.01 | N16: 0 | O16: 1346.2561 | P16: 35366.552 | Q16: 33780.281 | R16: 0 | S16: 0 | T16: 0 | U16: 0 | V16: 61344.659 | W16: 892.59318 | X16: 0 | Y16: 0 | Z16: 0 | AA16: 0 | AB16: 0 | AC16: 0 | AD16: 0 | AE16: 0 | AF16: 0 | AG16: 0 | AH16: 5090.5385 | AI16: 18779.435 | AJ16: 0 | AK16: 0 | AL16: 0 | AM16: 0 | AN16: 0 | AO16: 0 | AP16: 0 | AQ16: 0 | AR16: 0 | AS16: 0 | AT16: 0 | AU16: 0 | AV16: 561048.15 | AW16: 804927.01 | AX16: 195.30581 | AY16: 0 | AZ16: 0 | BA16: 0 | BB16: 0 | BC16: 0 | BD16: 0 | BE16: 0 | BF16: 0 | BG16: 328.29824 | BH16: 0 | BI16: 0 | BJ16: 0 | BK16: 121435.88 | BL16: 91272.705 | BM16: 108883.24 | BN16: 10869.79 | BO16: 0 | BP16: 0 | BQ16: 0 | BR16: 0 | BS16: 0 | BT16: 3204419.7 | BU16: 7782072.7 | BV16: 0 | BW16: 0 | BX16: 7782072.7 | BY16: 0 | BZ16: 0 | CA16: -15670.133 | CB16: 718794.09 | CC16: 8485196.6 | CD16: 11689616
B17: 09 | C17: C11 | D17: Manufacture of beverages | E17: 0 | F17: 0 | G17: 0 | H17: 0 | I17: 0 | J17: 0 | K17: 0 | L17: 0 | M17: 46341.423 | N17: 0 | O17: 0 | P17: 0 | Q17: 0 | R17: 0 | S17: 0 | T17: 0 | U17: 0 | V17: 0 | W17: 0 | X17: 0 | Y17: 0 | Z17: 0 | AA17: 0 | AB17: 0 | AC17: 0 | AD17: 0 | AE17: 0 | AF17: 0 | AG17: 0 | AH17: 0 | AI17: 0 | AJ17: 0 | AK17: 0 | AL17: 0 | AM17: 0 | AN17: 2912.4321 | AO17: 327.84766 | AP17: 540.06184 | AQ17: 2108.9113 | AR17: 3795.7699 | AS17: 242.56276 | AT17: 22763.598 | AU17: 141.65715 | AV17: 148776.85 | AW17: 193732.84 | AX17: 365.09544 | AY17: 0 | AZ17: 0 | BA17: 730.94487 | BB17: 209.41243 | BC17: 1705.0662 | BD17: 163.2013 | BE17: 416.12987 | BF17: 121.60057 | BG17: 1756.3973 | BH17: 531.49668 | BI17: 15915.254 | BJ17: 8089.0284 | BK17: 13361.607 | BL17: 6746.4584 | BM17: 6795.8476 | BN17: 772.106 | BO17: 961.46191 | BP17: 167.2813 | BQ17: 0 | BR17: 425.89325 | BS17: 0 | BT17: 480918.23 | BU17: 3112172.5 | BV17: 0 | BW17: 0 | BX17: 3112172.5 | BY17: 0 | BZ17: 0 | CA17: -63265.146 | CB17: 62831.843 | CC17: 3111739.2 | CD17: 3592657.5
B18: 10 | C18: C12 | D18: Manufacture of tobacco products | E18: 0 | F18: 0 | G18: 0 | H18: 0 | I18: 0 | J18: 0 | K18: 0 | L18: 0 | M18: 0 | N18: 13705.159 | O18: 0 | P18: 0 | Q18: 0 | R18: 0 | S18: 0 | T18: 0 | U18: 0 | V18: 0 | W18: 0 | X18: 0 | Y18: 0 | Z18: 0 | AA18: 0 | AB18: 0 | AC18: 0 | AD18: 0 | AE18: 0 | AF18: 0 | AG18: 0 | AH18: 0 | AI18: 0 | AJ18: 0 | AK18: 0 | AL18: 0 | AM18: 0 | AN18: 0 | AO18: 0 | AP18: 0 | AQ18: 0 | AR18: 0 | AS18: 0 | AT18: 0 | AU18: 0 | AV18: 0 | AW18: 0 | AX18: 0 | AY18: 0 | AZ18: 0 | BA18: 0 | BB18: 0 | BC18: 0 | BD18: 0 | BE18: 0 | BF18: 0 | BG18: 0 | BH18: 0 | BI18: 0 | BJ18: 0 | BK18: 0 | BL18: 0 | BM18: 0 | BN18: 0 | BO18: 0 | BP18: 0 | BQ18: 0 | BR18: 0 | BS18: 0 | BT18: 13705.159 | BU18: 412824.7 | BV18: 0 | BW18: 0 | BX18: 412824.7 | BY18: 0 | BZ18: 0 | CA18: -40457.672 | CB18: 367441.22 | CC18: 739808.25 | CD18: 753513.41
B19: 11 | C19: C13 | D19: Manufacture of textiles | E19: 29447.232 | F19: 0 | G19: 26872.395 | H19: 0 | I19: 0 | J19: 0 | K19: 0 | L19: 14659.559 | M19: 125.79266 | N19: 0 | O19: 1432.3692 | P19: 301360.64 | Q19: 9169.8524 | R19: 7580.5947 | S19: 2609.7179 | T19: 1635.3431 | U19: 0 | V19: 0 | W19: 8918.3214 | X19: 28248.653 | Y19: 0 | Z19: 0 | AA19: 0 | AB19: 0 | AC19: 0 | AD19: 0 | AE19: 5163.4312 | AF19: 31256.955 | AG19: 16027.347 | AH19: 7042.043 | AI19: 7679.8199 | AJ19: 0 | AK19: 732.4883 | AL19: 0 | AM19: 0 | AN19: 0 | AO19: 0 | AP19: 0 | AQ19: 0 | AR19: 0 | AS19: 0 | AT19: 0 | AU19: 0 | AV19: 0 | AW19: 0 | AX19: 0 | AY19: 0 | AZ19: 0 | BA19: 0 | BB19: 0 | BC19: 0 | BD19: 0 | BE19: 0 | BF19: 0 | BG19: 0 | BH19: 0 | BI19: 0 | BJ19: 0 | BK19: 18375.299 | BL19: 92.166267 | BM19: 55254.575 | BN19: 885.69224 | BO19: 197.57545 | BP19: 0 | BQ19: 13959.973 | BR19: 0 | BS19: 0 | BT19: 588727.84 | BU19: 99401.676 | BV19: 0 | BW19: 0 | BX19: 99401.676 | BY19: 0 | BZ19: 0 | CA19: 8844.9789 | CB19: 292693.65 | CC19: 400940.3 | CD19: 989668.14
B20: 12 | C20: C14 | D20: Manufacture of wearing apparel | E20: 4061.5459 | F20: 44511.474 | G20: 2179.8627 | H20: 1757.3949 | I20: 985.12659 | J20: 0 | K20: 0 | L20: 12012.923 | M20: 0 | N20: 0 | O20: 391.77561 | P20: 9716.3695 | Q20: 0 | R20: 0 | S20: 0 | T20: 69.49699 | U20: 0 | V20: 0 | W20: 0 | X20: 0 | Y20: 0 | Z20: 0 | AA20: 0 | AB20: 0 | AC20: 0 | AD20: 0 | AE20: 0 | AF20: 0 | AG20: 0 | AH20: 0 | AI20: 0 | AJ20: 0 | AK20: 0 | AL20: 0 | AM20: 39944.261 | AN20: 2788.1769 | AO20: 0 | AP20: 0 | AQ20: 12009.687 | AR20: 413.14478 | AS20: 85.465751 | AT20: 7651.0309 | AU20: 1016.4618 | AV20: 136926.23 | AW20: 138.76236 | AX20: 27.590407 | AY20: 61.387019 | AZ20: 39.23988 | BA20: 1772.4214 | BB20: 75.708735 | BC20: 2520.7169 | BD20: 0 | BE20: 0 | BF20: 0 | BG20: 68.784953 | BH20: 0 | BI20: 0 | BJ20: 0 | BK20: 60628.449 | BL20: 1376.0266 | BM20: 23091.097 | BN20: 1061.8606 | BO20: 1793.685 | BP20: 0 | BQ20: 0 | BR20: 3137.5564 | BS20: 0 | BT20: 372313.71 | BU20: 866551.22 | BV20: 0 | BW20: 0 | BX20: 866551.22 | BY20: 0 | BZ20: 0 | CA20: 13423.841 | CB20: 67433.577 | CC20: 947408.64 | CD20: 1319722.4
... B75: 67 | C75: T97 | D75: Domestic services | E75: 0 | F75: 0 | G75: 0 | H75: 0 | I75: 0 | J75: 0 | K75: 0 | L75: 0 | M75: 0 | N75: 0 | O75: 0 | P75: 0 | Q75: 0 | R75: 0 | S75: 0 | T75: 0 | U75: 0 | V75: 0 | W75: 0 | X75: 0 | Y75: 0 | Z75: 0 | AA75: 0 | AB75: 0 | AC75: 0 | AD75: 0 | AE75: 0 | AF75: 0 | AG75: 0 | AH75: 0 | AI75: 0 | AJ75: 0 | AK75: 0 | AL75: 0 | AM75: 0 | AN75: 0 | AO75: 0 | AP75: 0 | AQ75: 0 | AR75: 0 | AS75: 0 | AT75: 0 | AU75: 0 | AV75: 0 | AW75: 0 | AX75: 0 | AY75: 0 | AZ75: 0 | BA75: 0 | BB75: 0 | BC75: 0 | BD75: 0 | BE75: 0 | BF75: 0 | BG75: 0 | BH75: 0 | BI75: 0 | BJ75: 0 | BK75: 0 | BL75: 0 | BM75: 0 | BN75: 0 | BO75: 0 | BP75: 0 | BQ75: 0 | BR75: 0 | BS75: 0 | BT75: 0 | BU75: 315779.91 | BV75: 0 | BW75: 0 | BX75: 315779.91 | BY75: 0 | BZ75: 0 | CA75: 0 | CB75: 0 | CC75: 315779.91 | CD75: 315779.91
B76: 68 | D76: Total | E76: 5535771.8 | F76: 459029.5 | G76: 274448.82 | H76: 24565.673 | I76: 65895.913 | J76: 1270245.6 | K76: 433065.35 | L76: 6944670 | M76: 2112686.9 | N76: 487662.82 | O76: 448099.74 | P76: 601342.6 | Q76: 187485.6 | R76: 189268.71 | S76: 109184.48 | T76: 227022.75 | U76: 124451.16 | V76: 849608.59 | W76: 42018.832 | X76: 271986.76 | Y76: 1042193.3 | Z76: 1090690.5 | AA76: 716967.41 | AB76: 9787.3967 | AC76: 109281.41 | AD76: 92446.674 | AE76: 27989.396 | AF76: 115078.94 | AG76: 917507.56 | AH76: 851452.94 | AI76: 314224.95 | AJ76: 1381433.2 | AK76: 284025.48 | AL76: 21844.172 | AM76: 20663478 | AN76: 972492.82 | AO76: 1972784.1 | AP76: 2866765.1 | AQ76: 4050798.9 | AR76: 126521.17 | AS76: 133884.64 | AT76: 1538971.7 | AU76: 97841.348 | AV76: 2049692.2 | AW76: 2632338.6 | AX76: 30537.511 | AY76: 59190.535 | AZ76: 48410.474 | BA76: 962428.41 | BB76: 156437.94 | BC76: 862453.46 | BD76: 151479.56 | BE76: 340501.84 | BF76: 458800.32 | BG76: 366595.59 | BH76: 208553.62 | BI76: 552283.56 | BJ76: 1012618.6 | BK76: 2895753.6 | BL76: 1418844.5 | BM76: 786015.26 | BN76: 145002.68 | BO76: 153131.19 | BP76: 162773.46 | BQ76: 148503.48 | BR76: 433811.1 | BS76: 0 | BT76: 76093130 | BU76: 69987195 | BV76: 226520.23 | BW76: 13057358 | BX76: 83271074 | BY76: 45944045 | BZ76: 228787.51 | CA76: 171005.69 | CB76: 15711722 | CC76: 1.4532663e+08 | CD76: 2.2141976e+08
B77: 69 | D77: Use of imported products, cif | E77: 1119396.2 | F77: 110452.36 | G77: 46466.578 | H77: 8636.4318 | I77: 40635.658 | J77: 324027.39 | K77: 140524.46 | L77: 643823.28 | M77: 445937.66 | N77: 42071.59 | O77: 2237.6302 | P77: 173259.48 | Q77: 42991.707 | R77: 19262.123 | S77: 62045.242 | T77: 123240.31 | U77: 28544.818 | V77: 509556.59 | W77: 22186.662 | X77: 170795.35 | Y77: 181103.79 | Z77: 6421.7602 | AA77: 10780.202 | AB77: 10416.435 | AC77: 124093.55 | AD77: 47567.161 | AE77: 48493.474 | AF77: 55210.349 | AG77: 136370.81 | AH77: 9551.7399 | AI77: 164188.55 | AJ77: 62909.104 | AK77: 85349.972 | AL77: 1181.552 | AM77: 3093476.9 | AN77: 208409.18 | AO77: 142082.27 | AP77: 217430.51 | AQ77: 2169825.3 | AR77: 118939.84 | AS77: 59217.651 | AT77: 128318.39 | AU77: 7917.4898 | AV77: 139587.1 | AW77: 61661.34 | AX77: 3053.2991 | AY77: 12902.047 | AZ77: 12025.337 | BA77: 235939.06 | BB77: 96038.703 | BC77: 48768.705 | BD77: 4322.3583 | BE77: 9616.3966 | BF77: 61137.388 | BG77: 36495.564 | BH77: 25244.013 | BI77: 142951.12 | BJ77: 60027.256 | BK77: 323532.35 | BL77: 136978.14 | BM77: 529898.93 | BN77: 101677.11 | BO77: 11491.742 | BP77: 19941.216 | BQ77: 48624.023 | BR77: 83460.367 | BS77: 0 | BT77: 13370721 | BU77: 4698740.7 | BV77: 36.011636 | BW77: 172490.51 | BX77: 4871267.3 | BY77: 2888417.5 | BZ77: 200.02701 | CA77: 73388.017 | CB77: 660388.88 | CC77: 8493661.7 | CD77: 21864383
B78: 70 | D78: Taxes less subsidies on products | E78: 265111.26 | F78: 34120.256 | G78: 16613.306 | H78: 4234.522 | I78: 12168.233 | J78: 81079.41 | K78: 39737.805 | L78: 42137.013 | M78: 135290.94 | N78: 18069.109 | O78: 3550.2603 | P78: 43121.361 | Q78: 2960.291 | R78: 3433.8776 | S78: 4758.6028 | T78: 12626.581 | U78: 4873.7141 | V78: 22296.729 | W78: 2074.0362 | X78: 7691.4191 | Y78: 29325.728 | Z78: 798.75825 | AA78: 2410.1701 | AB78: 871.56699 | AC78: 10914.306 | AD78: 4223.0694 | AE78: 9052.1783 | AF78: 7202.0129 | AG78: 28890.357 | AH78: 1712.5606 | AI78: 18226.091 | AJ78: 38058.045 | AK78: 5893.6659 | AL78: 398.94699 | AM78: 598841.97 | AN78: 46569.238 | AO78: 69754.508 | AP78: 107623.41 | AQ78: 1186451.2 | AR78: 68449.434 | AS78: 34444.755 | AT78: 41901.652 | AU78: 1731.9461 | AV78: 68705.314 | AW78: 41991.243 | AX78: 190.2721 | AY78: 1612.362 | AZ78: 1203.3271 | BA78: 61075.185 | BB78: 9383.0091 | BC78: 23561.721 | BD78: 4117.1347 | BE78: 11213.577 | BF78: 12826.18 | BG78: 9739.4428 | BH78: 11103.047 | BI78: 80083.181 | BJ78: 23498.492 | BK78: 70551.276 | BL78: 31539.72 | BM78: 24867.901 | BN78: 3479.247 | BO78: 2354.7018 | BP78: 2738.9512 | BQ78: 7647.7497 | BR78: 14949.103 | BS78: 0 | BT78: 3588126.5 | BU78: 6837954.7 | BV78: 1.2669948 | BW78: 25.390164 | BX78: 6837981.3 | BY78: 341314.9 | BZ78: 3.7800113 | CA78: 0 | CB78: 0 | CC78: 7179300 | CD78: 10767426
B79: 71 | D79: Total | E79: 6920279.3 | F79: 603602.12 | G79: 337528.7 | H79: 37436.627 | I79: 118699.8 | J79: 1675352.4 | K79: 613327.61 | L79: 7630630.3 | M79: 2693915.5 | N79: 547803.52 | O79: 453887.63 | P79: 817723.43 | Q79: 233437.6 | R79: 211964.71 | S79: 175988.32 | T79: 362889.64 | U79: 157869.69 | V79: 1381461.9 | W79: 66279.53 | X79: 450473.53 | Y79: 1252622.8 | Z79: 1097911.1 | AA79: 730157.78 | AB79: 21075.399 | AC79: 244289.26 | AD79: 144236.9 | AE79: 85535.048 | AF79: 177491.3 | AG79: 1082768.7 | AH79: 862717.25 | AI79: 496639.59 | AJ79: 1482400.3 | AK79: 375269.11 | AL79: 23424.671 | AM79: 24355797 | AN79: 1227471.2 | AO79: 2184620.8 | AP79: 3191819 | AQ79: 7407075.5 | AR79: 313910.45 | AS79: 227547.05 | AT79: 1709191.8 | AU79: 107490.78 | AV79: 2257984.6 | AW79: 2735991.2 | AX79: 33781.083 | AY79: 73704.944 | AZ79: 61639.138 | BA79: 1259442.7 | BB79: 261859.65 | BC79: 934783.89 | BD79: 159919.05 | BE79: 361331.82 | BF79: 532763.89 | BG79: 412830.6 | BH79: 244900.68 | BI79: 775317.86 | BJ79: 1096144.3 | BK79: 3289837.3 | BL79: 1587362.4 | BM79: 1340782.1 | BN79: 250159.03 | BO79: 166977.64 | BP79: 185453.63 | BQ79: 204775.25 | BR79: 532220.57 | BS79: 0 | BT79: 93051978 | BU79: 81523891 | BV79: 226557.51 | BW79: 13229874 | BX79: 94980322 | BY79: 49173777 | BZ79: 228991.31 | CA79: 244393.7 | CB79: 16372110 | CC79: 1.609996e+08 | CD79: 2.5405157e+08
B80: 72 | D80: C.i.f./f.o.b. adjustments on imports | E80: 0 | F80: 0 | G80: 0 | H80: 0 | I80: 0 | J80: 0 | K80: 0 | L80: 0 | M80: 0 | N80: 0 | O80: 0 | P80: 0 | Q80: 0 | R80: 0 | S80: 0 | T80: 0 | U80: 0 | V80: 0 | W80: 0 | X80: 0 | Y80: 0 | Z80: 0 | AA80: 0 | AB80: 0 | AC80: 0 | AD80: 0 | AE80: 0 | AF80: 0 | AG80: 0 | AH80: 0 | AI80: 0 | AJ80: 0 | AK80: 0 | AL80: 0 | AM80: 0 | AN80: 0 | AO80: 0 | AP80: 0 | AQ80: 0 | AR80: 0 | AS80: 0 | AT80: 0 | AU80: 0 | AV80: 0 | AW80: 0 | AX80: 0 | AY80: 0 | AZ80: 0 | BA80: 0 | BB80: 0 | BC80: 0 | BD80: 0 | BE80: 0 | BF80: 0 | BG80: 0 | BH80: 0 | BI80: 0 | BJ80: 0 | BK80: 0 | BL80: 0 | BM80: 0 | BN80: 0 | BO80: 0 | BP80: 0 | BQ80: 0 | BR80: 0 | BS80: 0 | BT80: 0 | BU80: 0 | BV80: 0 | BW80: 0 | BX80: 0 | BY80: 0 | BZ80: 0 | CA80: 0 | CB80: 0 | CC80: 0 | CD80: 0
B81: 73 | D81: Direct purchases abroad by residents | E81: 0 | F81: 0 | G81: 0 | H81: 0 | I81: 0 | J81: 0 | K81: 0 | L81: 0 | M81: 0 | N81: 0 | O81: 0 | P81: 0 | Q81: 0 | R81: 0 | S81: 0 | T81: 0 | U81: 0 | V81: 0 | W81: 0 | X81: 0 | Y81: 0 | Z81: 0 | AA81: 0 | AB81: 0 | AC81: 0 | AD81: 0 | AE81: 0 | AF81: 0 | AG81: 0 | AH81: 0 | AI81: 0 | AJ81: 0 | AK81: 0 | AL81: 0 | AM81: 0 | AN81: 0 | AO81: 0 | AP81: 0 | AQ81: 0 | AR81: 0 | AS81: 0 | AT81: 0 | AU81: 0 | AV81: 0 | AW81: 0 | AX81: 0 | AY81: 0 | AZ81: 0 | BA81: 0 | BB81: 0 | BC81: 0 | BD81: 0 | BE81: 0 | BF81: 0 | BG81: 0 | BH81: 0 | BI81: 0 | BJ81: 0 | BK81: 0 | BL81: 0 | BM81: 0 | BN81: 0 | BO81: 0 | BP81: 0 | BQ81: 0 | BR81: 0 | BS81: 0 | BT81: 0 | BU81: 1392414.2 | BV81: 0 | BW81: 0 | BX81: 1392414.2 | BY81: 0 | BZ81: 0 | CA81: 0 | CB81: 0 | CC81: 1392414.2 | CD81: 1392414.2
B82: 74 | D82: Direct purchases in domestic markets by non-residents | E82: 0 | F82: 0 | G82: 0 | H82: 0 | I82: 0 | J82: 0 | K82: 0 | L82: 0 | M82: 0 | N82: 0 | O82: 0 | P82: 0 | Q82: 0 | R82: 0 | S82: 0 | T82: 0 | U82: 0 | V82: 0 | W82: 0 | X82: 0 | Y82: 0 | Z82: 0 | AA82: 0 | AB82: 0 | AC82: 0 | AD82: 0 | AE82: 0 | AF82: 0 | AG82: 0 | AH82: 0 | AI82: 0 | AJ82: 0 | AK82: 0 | AL82: 0 | AM82: 0 | AN82: 0 | AO82: 0 | AP82: 0 | AQ82: 0 | AR82: 0 | AS82: 0 | AT82: 0 | AU82: 0 | AV82: 0 | AW82: 0 | AX82: 0 | AY82: 0 | AZ82: 0 | BA82: 0 | BB82: 0 | BC82: 0 | BD82: 0 | BE82: 0 | BF82: 0 | BG82: 0 | BH82: 0 | BI82: 0 | BJ82: 0 | BK82: 0 | BL82: 0 | BM82: 0 | BN82: 0 | BO82: 0 | BP82: 0 | BQ82: 0 | BR82: 0 | BS82: 0 | BT82: 0 | BU82: -5660573.5 | BV82: 0 | BW82: 0 | BX82: -5660573.5 | BY82: 0 | BZ82: 0 | CA82: 0 | CB82: 5660573.5 | CC82: 0 | CD82: 0
B83: 75 | D83: Total intermediate consumption/final consumption at basic prices | E83: 6920279.3 | F83: 603602.12 | G83: 337528.7 | H83: 37436.627 | I83: 118699.8 | J83: 1675352.4 | K83: 613327.61 | L83: 7630630.3 | M83: 2693915.5 | N83: 547803.52 | O83: 453887.63 | P83: 817723.43 | Q83: 233437.6 | R83: 211964.71 | S83: 175988.32 | T83: 362889.64 | U83: 157869.69 | V83: 1381461.9 | W83: 66279.53 | X83: 450473.53 | Y83: 1252622.8 | Z83: 1097911.1 | AA83: 730157.78 | AB83: 21075.399 | AC83: 244289.26 | AD83: 144236.9 | AE83: 85535.048 | AF83: 177491.3 | AG83: 1082768.7 | AH83: 862717.25 | AI83: 496639.59 | AJ83: 1482400.3 | AK83: 375269.11 | AL83: 23424.671 | AM83: 24355797 | AN83: 1227471.2 | AO83: 2184620.8 | AP83: 3191819 | AQ83: 7407075.5 | AR83: 313910.45 | AS83: 227547.05 | AT83: 1709191.8 | AU83: 107490.78 | AV83: 2257984.6 | AW83: 2735991.2 | AX83: 33781.083 | AY83: 73704.944 | AZ83: 61639.138 | BA83: 1259442.7 | BB83: 261859.65 | BC83: 934783.89 | BD83: 159919.05 | BE83: 361331.82 | BF83: 532763.89 | BG83: 412830.6 | BH83: 244900.68 | BI83: 775317.86 | BJ83: 1096144.3 | BK83: 3289837.3 | BL83: 1587362.4 | BM83: 1340782.1 | BN83: 250159.03 | BO83: 166977.64 | BP83: 185453.63 | BQ83: 204775.25 | BR83: 532220.57 | BS83: 0 | BT83: 93051978 | BU83: 77255732 | BV83: 226557.51 | BW83: 13229874 | BX83: 90712163 | BY83: 49173777 | BZ83: 228991.31 | CA83: 244393.7 | CB83: 22032684 | CC83: 1.6239201e+08 | CD83: 2.5544399e+08
B84: 76 | D84: Compensation of employees | E84: 6689109.3 | F84: 1109722.4 | G84: 530764.77 | H84: 19118.489 | I84: 40476.045 | J84: 657989.14 | K84: 198868.93 | L84: 715533.2 | M84: 273085.96 | N84: 97261.925 | O84: 86673.6 | P84: 342113.52 | Q84: 37986.301 | R84: 55489.977 | S84: 16690.311 | T84: 66117.041 | U84: 5731.1722 | V84: 210935.46 | W84: 14419.92 | X84: 84295.194 | Y84: 233114.96 | Z84: 113011.62 | AA84: 70918.349 | AB84: 3300.1511 | AC84: 27788.551 | AD84: 43418.863 | AE84: 26774.455 | AF84: 20295.994 | AG84: 271442.51 | AH84: 132235.96 | AI84: 261328.95 | AJ84: 227409.72 | AK84: 191520.64 | AL84: 8564.0379 | AM84: 4303802.8 | AN84: 188826.37 | AO84: 805411.58 | AP84: 1508194.7 | AQ84: 2397659 | AR84: 39757.894 | AS84: 50293.607 | AT84: 268969.55 | AU84: 18546.269 | AV84: 232405.83 | AW84: 254092.08 | AX84: 8156.515 | AY84: 15260.014 | AZ84: 31037.432 | BA84: 209940.41 | BB84: 15619.327 | BC84: 1140022.1 | BD84: 142451.12 | BE84: 345924.61 | BF84: 457151.82 | BG84: 140290.66 | BH84: 20737.005 | BI84: 131295.28 | BJ84: 214063.11 | BK84: 4383354.1 | BL84: 2527097.9 | BM84: 1263957.9 | BN84: 68776.435 | BO84: 82429.804 | BP84: 97901.815 | BQ84: 187405.41 | BR84: 260536.39 | BS84: 315779.91 | BT84: 35010656 | BU84: 0 | BV84: 0 | BW84: 0 | BX84: 0 | BY84: 0 | BZ84: 0 | CA84: 0 | CB84: 0 | CC84: 0 | CD84: 0
